Workbook
Name CDP: [1]!Tabla3[CDP]
Name CDPPROYECTO: [1]!Tabla3[PROYECTO]
Name CODIGO: [1]!Tabla2[CÓDIGO DE PROYECTO BPIN]
Name estado: [1]!Tabla7[Estado]
Name Frecuencia: [1]!Tabla6[Frecuencia]
Name PROYECTO: [1]!Tabla2[PROYECTO DE INVERSIÓN]
Name PROYECTOS: [1]!Tabla2[PROYECTO DE INVERSIÓN]
Name RP: [1]!Tabla5[RP]

Sheet INSTRUCTIVO
B1: INSTRUCTIVO PARA EL DILIGENCIAMIENTO DEL PLAN DE ACCIÓN INSTITUCIONAL VIGENCIA 2024
B2: PLANTEAMIENTO ESTRATÉGICO PLAN DE ACCIÓN INSTITUCIONAL (Hoja 1)
B3: OBJETIVO DE DESARROLLO SOSTENIBLE | C3: Ingrese en esta casilla el ODS con el que se articula el programa de su competencia según el Acuerdo 139 que adopta el Plan de Desarrollo Distrital 2024-2027 'Cartagena, Ciudad de Derechos'.
B4: OBJETIVO ESTRATÉGICO | C4: Ingrese en esta casilla el objetivo estratégico definido en la plataforma estratégica, relacionado con su proceso y con la línea estratégica en la cual el Acuerdo 139 del 2024 le asignó su responsabilidad.
B5: LINEA ESTRATÉGICA | C5: Ingrese en esta casilla la línea estratégica correspondiente al programa de su competencia según el Acuerdo 139 que adopta el Plan de Desarrollo Distrital 2024-2027 'Cartagena, Ciudad de Derechos'.
B6: IMPULSOR DE AVANCE | C6: Ingrese en esta casilla el impulsor de avance que facilita el logro del objetivo del programa de su competencia según el Acuerdo 139 que adopta el Plan de Desarrollo Distrital 2024-2027 'Cartagena, Ciudad de Derechos'.
B7: META DE RESULTADO | C7: Ingrese en esta casilla la meta de resultado esperada del programa de su competencia según el Acuerdo 139 que adopta el Plan de Desarrollo Distrital 2024-2027 'Cartagena, Ciudad de Derechos'.
B8: PROGRAMA | C8: Ingrese en esta casilla el nombre de los programas de su competencia según el Acuerdo 139 que adopta el Plan de Desarrollo Distrital 2024-2027 'Cartagena, Ciudad de Derechos' (revise e incorpore los programas del Capítulo de los Pueblos y Comunidades Étnicas donde tienen compromisos, así como sus metas compartidas con otras dependencias).
B9: CÓDIGO DE PROGRAMA | C9: Ingrese en esta casilla el código del programa establecido en el Plan Operativo Anual de Inversiones.
B10: INDICADOR DE PRODUCTO SEGÚN PDD | C10: Ingrese en este casilla el indicador definido para cumplir la meta de producto en el Plan de Desarrollo según el Acuerdo 139 que adopta el Plan de Desarrollo Distrital 2024-2027 'Cartagena, Ciudad de Derechos'
B11: UNIDAD DE MEDIDA DEL INDICADOR DE PRODUCTO | C11: Ingrese en esta casilla la expresion fisica con la que se mostrará el resultado de la meta propuesta. (Ejemplo: número, porcentaje, kilometro).
B12: LINEA BASE SEGUN PDD | C12: Ingrese en esta casilla el valor que se encuentra en el Acuerdo 139 que adopta el Plan de Desarrollo Distrital 2024-2027 'Cartagena, Ciudad de Derechos', como el punto de partida para definir el alcance de la meta producto.
B13: DESCRIPCION DE LA META PRODUCTO 2024-2027 | C13: Ingrese en esta casilla lo que persigue el indicador en el cuatrenio, se encuentra plasmado en el Acuerdo 139 que adopta el Plan de Desarrollo Distrital 2024-2027 'Cartagena, Ciudad de Derechos'
B14: PONDERACION DE LA META PRODUCTO | C14: Ingrese en esta casilla el valor porcentual asignado a la meta producto
... B18: PROGRAMACIÓN META PRODUCTO A 2024 | C18: Ingrese en esta casilla, la cantidad de la meta propuesta para la actual vigencia, relacionada con el Plan Indicativo.
B20: GESTIÓN ADMINISTRATIVA MIPG (Hoja 2)
B21: El objetivo principal del Modelo Integrado de Planeación y Gestión - MIPG es dinamizar la gestión de las organizaciones públicas para generar bienes y servicios que resuelvan efectivamente las necesidades de la ciudadanía en el marco de la integralidad y la legalidad y la promoción de acciones que contribuyan a la lucha contra la corrupcion. Por lo que el principal beneficio del actual Modelo Integrado de Planeación y Gestión - MIPG es su contribución al fortalecimiento de las capacidades de las organizaciones, ya que se focaliza en las prácticas y procesos clave que ellas adelantan para convertir insumos en resultados, apuntando a transformar el Estado Colombiano, de un Estado legislativo a un Estado prestador de servicios. En relacion a lo anterior pretendemos que se identifique desde su dependencia como se relaciona el trabajo que se efectua para lograr lo propuesto.
B22: META DE RESULTADO | C22: Ingrese en esta casilla la meta de resultado esperada del programa de su competencia según el Acuerdo 139 que adopta el Plan de Desarrollo Distrital 2024-2027 'Cartagena, Ciudad de Derechos'.
B23: DIMENSIONES DE MIPG | C23: Ingrese en esta casilla la dimensión identificada: Definir desde la competencia de la dependencia y sus procesos con que dimensión se identifican de las 7 que componen el modelo. Como son: 1. Talento Humano 2. Direccionamiento Estrategico 3. Gestion con Valores por Resultados 4. Evaluacion de Resultados 5. Informacion y Comunicación 6. Gestion del Conocimiento 7. Control Interno
B24: POLÍTICAS DE GESTIÓN Y DESEMPEÑO INSTITUCIONAL | C24: Relacione en esta casilla la política de gestión y desempeño institucional alineada a su proceso (Éstas se ubican en una de las siete dimensiones de MIPG y las 19 políticas)
B25: PROCESO ASOCIADO A PROGRAMA Y PRODUCTO | C25: Relacione en esta casilla el proceso de gestión asociado al programa y al producto (Identifique el proceso de su competencia en el mapa de interrelacion de procesos alineado con su dependencia).
B26: SUBPROCESO ASOCIADO | C26: Relacione en esta casilla el subproceso de su competencia (Identifique esto en el mapa de interrelación de procesos).
B27: OBJETIVO DEL SUBPROCESO | C27: Descripcion del objetivo del subproceso al cual pertenece
B28: NOMBRE DEL INDICADOR | C28: Ingrese en esta casilla el nombre del indicador asociado a los objetivos estratégicos de la entidad, de acuerdo al proceso o subproceso de su competencia.
B29: PROPÓSITO | C29: Describa en esta casilla la meta que espera lograr a partir del indicador mencionado en la casilla anterior.
B30: FRECUENCIA | C30: Describa en esta casilla la frecuencia con la que se hará el reporte.
B31: TIPO DE INDICADOR | C31: Describa en esta casilla el tipo de indicador relacionado, según su naturaleza (eficiencia, eficaz, efectividad, etc).
B32: GRUPOS DE VALOR | C32: Defina en esta casilla con una X a qué grupo de valor pertenece, ya sea entidades, ciudadanía, servidores-interno.
B33: PLANES DECRETO 612 DE 2018 | C33: Indique a cuál Plan Institucional, de los establecidos en el Decreto 612 del 2018, le aporta este producto.
B34: POLÍTICA DE ADMINISTRACION DE RIESGOS
B35: “Establece los lineamientos y parámetros en la Alcaldía Mayor de Cartagena de Indias para la identificación, análisis, evaluación, tratamiento, monitoreo, revisión, valoración, comunicación, consulta y seguimiento de los riesgos a los que se expone y pueden afectar el cumplimiento de los objetivos institucionales en el marco de los procesos, planes y proyectos de la entidad debido a eventos potenciales y que pueden llevar a la posibilidad de incurrir en pérdidas o afectaciones a nivel económico o reputaciones por deficiencias, fallas o inadecuaciones, en el recurso humano, procesos, tecnología, infraestructura o por la ocurrencia de acontecimientos externos.”
B36: RIESGOS ASOCIADOS AL PROCESO | C36: Ingrese en esta casilla cada uno de los riesgos identificados en el proceso definido, y desarrollado en la caracterización de la gestión por proceso
B37: CONTROLES ESTABLECIDOS PARA LOS RIESGOS | C37: Ingrese en esta casilla cada uno de los controles formulados para cada riesgo identificado en el proceso definido
B39: PLAN DE ACCION - INVERSIÓN (Hoja 3)
B40: PROYECTO DE INVERSIÓN | C40: Ingrese en esta casilla el nombre del proyecto a partir del cual se desarrollará el programa con el que se articula.
B41: CÓDIGO DE PROYECTO BPIN | C41: Ingrese en esta casilla el número BPIN del proyecto a partir del cual se desarrollará el programa con el que se articula.
B42: OBJETIVO GENERAL DEL PROYECTO | C42: Ingrese en esta casilla el fin general del proyecto a partir del cual se desarrollará el programa con el que se articula.
B43: OBJETIVO ESPECÍFICO DEL PROYECTO | C43: Ingrese en esta casilla el objetivo específico asociado al objetivo general diligenciado en la casilla anterior.
B44: PRODUCTO DEL PROYECTO | C44: Ingrese en esta casilla el producto que materializa el objetivo específico relacionado en la casilla anterior.
B45: PONDERACIÓN DE PRODUCTO | C45: Ingrese en esta casilla la ponderacion asignada al producto en cuestión.
B46: ACTIVIDADES DE PROYECTO DE INVERSIÓN ( HITOS ) | C46: Ingrese en esta casilla el listado de actividades del proyecto a partir de las cuales se desarrollará el programa con el que se articula (Incluir actividades misionales que se desarrollan conforme al propósito de la entidad y su proceso). Es importante que este listado de actividades coincida totalmente con las viabilizadas en el SUIFP.
B47: TRAZADOR PRESUPUESTAL | C47: Ingrese en esta casilla el trazador presupuestal asociado a la actividad de proyecto.
B48: ENTREGABLE | C48: Ingrese en esta casilla el producto resultante de cada actividad de proyecto a realizar.
B49: PROGRAMACIÓN NUMÉRICA DE LA ACTIVIDAD PROYECTO 2024 | C49: Ingrese en esta casilla el número o pocentaje que se pretende alcanzar con cada actividad del proyecto durante la vigencia.
B50: FECHA DE INICIO DE LA ACTIVIDAD O ENTREGABLE | C50: Indique en esta casilla la fecha de inicio de la actividad en la vigencia 2024
B51: FECHA DE TERMINACIÓN DEL ENTREGABLE | C51: Indique en esta casilla la fecha de terminación de la actividad en la vigencia 2024
... B57: ACCIONES DE CONTROL DE LOS RIESGOS DE LOS PROYECTOS | C57: Ingrese en esta casilla las acciones para controlar los riesgos identificados al proyecto
B59: PLAN ANUAL DE ADQUISICIONES (Hoja 3)
B60: ¿REQUIERE CONTRATACIÓN? | C60: En esta casilla ingrese si es necesaria la contratación
B61: DESCRIPCION DE LA ADQUISICION ASOCIADA AL PROYECTO | C61: Relacione la descripcion que se encuentra en el Plan Anual de Adquisiciones asociada al proyecto de inversión
B62: CUANTÍA ASIGNADA A LA CONTRATACIÓN | C62: Ingrese en esta casilla el valor de la contratación relacionada
B63: MODALIDAD DE SELECCIÓN | C63: Indique la modalidad de contratación selecionada (Licitación Pública, concurso de méritos, selección abreviada, mínima cuantía, contratación directa)
B64: FUENTE DE RECURSOS | C64: Indique la fuente de recursos asignada por el acuerdo de presupuesto
B65: FECHA DE INICIO DE CONTRATACIÓN | C65: Indique la fecha tentativa de inicio del proceso de contratación
B67: PROGRAMACIÓN PRESUPUESTAL (Hoja 3)
B68: APROPIACIÓN INICIAL (en pesos) | C68: Ingrese el valor numérico en pesos del Plan Operativo Anual de Inversión asignado al rubro presupuestal
B69: APROPACION DEFINITIVA POR PROYECTO | C69: Ingrese el valor numérico en pesos del Plan Operativo Anual de Inversion asignado al rubro presupuestal luego de adiciones y deducciones
B70: FUENTE DE FINANCIACIÓN | C70: Ingrese el nombre de la fuente de recursos con lo que financiará la actividad
B71: RUBRO PRESUPUESTAL | C71: Indique el rubro del presupuesto que abarca el sector de su competencia.
B72: CODIGO RUBRO PRESUPUESTAL | C72: Ingrese el código numérico que identifica el concepto del gasto (Funcionamiento, Deuda, Inversión) y el cual es definido en el Decreto de Liquidación.

Sheet Matriz Gestores de Metas
A1: GESTOR DE LA META | B1: OBJETIVO ESTRATÉGICO | C1: META | D1: LÍNEA ESTRATÉGICA | E1: IMPULSOR DE AVANCE | F1: META RESULTADO | G1: PROGRAMA | H1: CÓDIGO DE PROGRAMA | I1: INDICADOR DE PRODUCTO SEGÚN PDD | J1: UNIDAD DE MEDIDA DEL INDICADOR DE PRODUCTO | K1: LÍNEA BASE SEGUN PDD | L1: DESCRIPCIÓN DE LA META PRODUCTO 2024-2027 | O1: PONDERACIÓN DE LA META PRODUCTO | P1: DENOMINACIÓN DEL PRODUCTO | Q1: ENTREGABLE INDICADOR DE PRODUCTO SEGÚN CATALOGO DE PRODUCTO | R1: VALOR DE LA META PRODUCTO 2024-2027 | S1: AVANCE A MARZO 31 DE 2024 | T1: AVANCE A JUNIO 30 DE 2024 | U1: AVANCE A SEPTIEMBRE 30 DE 2024 | V1: AVANCE A DICIEMBRE 31 DE 2024 | W1: AVANCE A MARZO 31 DE 2025 | X1: AVANCE A JUNIO 30 DE 2025 | Y1: AVANCE A SEPTIEMBRE 15 DE 2025 | Z1: AVANCE A DICIEMBRE 31 DE 2025 | AA1: AVANCE A MARZO 31 DE 2026 | AB1: AVANCE A JUNIO 30 DE 2026 | AC1: AVANCE A SEPTIEMBRE 30 DE 2026 | AD1: AVANCE A DICIEMBRE 31 DE 2026 | AE1: AVANCE A MARZO 31 DE 2027 | AF1: AVANCE A JUNIO 30 DE 2027 | AG1: AVANCE A SEPTIEMBRE 30 DE 2027 | AH1: AVANCE A DICIEMBRE 31 DE 2027 | AI1: ACUMULADO 2024-2027 | AJ1: CUMPLIMIENTO % 2024 | AK1: CUMPLIMIENTO % 2025 | AL1: CUMPLIMIENTO % 2026 | AM1: CUMPLIMIENTO % 2027 | AN1: CUMPLIMIENTO % 2024-2027
A2: Frank Ricaurte Sossa | I2: GASTOS DE FUNCIONAMIENTO JUNTA ADMINISTRADORA LOCAL
A3: Frank Ricaurte Sossa | I3: Honorarios Ediles
A4: Frank Ricaurte Sossa | I4: Aportes a Seguridad Social Ediles (Salud, Pensión y ARL)
I5: LÍNEAS ESTRATÉGICAS: | O5: ='[2]Plan Indicativo'!CP15 -> 1
C6: Vida Digna e Inclusión Social y Cultural | D6: Vida Digna e Inclusión Social y Cultural | E6: Educación | I6: 1. LÍNEA ESTRATÉGICA: VIDA DIGNA E INCLUSIÓN SOCIAL Y CULTURAL | O6: ='[2]Plan Indicativo'!CP16 -> 0.42366932
C7: Vida Digna e Inclusión Social y Cultural | D7: Vida Digna e Inclusión Social y Cultural | E7: Educación | I7: 1.1 Componente Impulsor del Avance: Educación | O7: ='[2]Plan Indicativo'!CP17 -> 0.11644255
C8: Vida Digna e Inclusión Social y Cultural | D8: Vida Digna e Inclusión Social y Cultural | E8: Educación | G8: Tecnología y Educación en la Localidad Histórica y del Caribe Norte | I8: Programa: Tecnología y Educación en la Localidad Histórica y del Caribe Norte | O8: ='[2]Plan Indicativo'!CP18 -> 1
A9: Frank Ricaurte Sossa | B9: 1 | C9: 1 | D9: Vida Digna e Inclusión Social y Cultural | E9: Educación | G9: Tecnología y Educación en la Localidad Histórica y del Caribe Norte | I9: Número de computadores dotados a aulas educativas de IEO | J9: Número | K9: ND | L9: 500 computadores | M9: 300 computadores | N9: 800 computadores | O9: ='[2]Plan Indicativo'!CP19 -> 0.4 | P9: Bien | R9: 800 | S9: 0 | T9: 0 | U9: 0 | V9: 0 | W9: 0 | X9: 0 | Y9: 0 | AI9: =SUM(S9:AH9) -> 0 | AN9: =AI9/R9 -> 0
A10: ELIMINAR META | B10: 1 | C10: 2 | D10: Vida Digna e Inclusión Social y Cultural | E10: Educación | G10: Tecnología y Educación en la Localidad Histórica y del Caribe Norte | I10: Número de IEO de la localidad beneficiadas con actividades pedagógicas encaminadas al fortalecimiento de la comunidad estudiantil en los ejes de lecto - escritura | J10: Número | K10: ND | L10: 5 IEO de la localidad en los grados de 10 y 11 beneficiadas con actividades pedagógicas encaminadas en el fortalecimiento de la comunidad estudiantil | M10: 10 IEO de la localidad en los grados de 10 y 11 beneficiadas con actividades pedagógicas encaminadas en el fortalecimiento de la comunidad estudiantil en valores históricos, culturales y etnológicos | N10: 15 IEO de la localidad en los grados de 10 y 11 beneficiadas con actividades pedagógicas encaminadas en el fortalecimiento de la comunidad estudiantil en valores históricos, culturales y etnológicos | O10: ='[2]Plan Indicativo'!CP20 -> 0.05 | P10: Servicio | R10: 15 | S10: 0 | T10: 0 | U10: 0 | V10: 0 | W10: 0 | X10: 0 | Y10: 0 | AI10: =SUM(S10:AH10) -> 0 | AN10: =AI10/R10 -> 0
A11: Bernarda Correa Angela Mendoza | B11: 1 | C11: 3 | D11: Vida Digna e Inclusión Social y Cultural | E11: Educación | G11: Tecnología y Educación en la Localidad Histórica y del Caribe Norte | I11: Número de personas con formación técnica para el trabajo | J11: Número | K11: ND | L11: 300 personas con formación técnica para el trabajo | M11: 200 personas con formación técnica para el trabajo | N11: 500 personas con formación técnica para el trabajo | O11: ='[2]Plan Indicativo'!CP21 -> 0.05 | P11: Servicio | R11: 500 | S11: 0 | T11: 0 | U11: 0 | V11: 0 | W11: 0 | X11: 0 | Y11: 0 | AI11: =SUM(S11:AH11) -> 0 | AN11: =AI11/R11 -> 0
A12: Frank Ricaurte Sossa | B12: 1 | C12: 4 | D12: Vida Digna e Inclusión Social y Cultural | E12: Educación | G12: Tecnología y Educación en la Localidad Histórica y del Caribe Norte | I12: Número de instituciones educativas con infraestructura y ambientes educativos adecuados | J12: Número | K12: ND | M12: 5 instituciones educativas oficiales de la LHCN con infraestructura y ambientes educativos adecuados | N12: 5 instituciones educativas oficiales de la LHCN con infraestructura y ambientes educativos adecuados | O12: ='[2]Plan Indicativo'!CP22 -> 0.3 | P12: Bien | R12: 5 | S12: 0 | T12: 0 | U12: 0 | V12: 0 | W12: 0 | X12: 0 | Y12: 0 | AI12: =SUM(S12:AH12) -> 0 | AN12: =AI12/R12 -> 0
A13: Frank Ricaurte Sossa | B13: 1 | C13: 5 | D13: Vida Digna e Inclusión Social y Cultural | E13: Educación | G13: Tecnología y Educación en la Localidad Histórica y del Caribe Norte | I13: Número de aulas dotadas de IEO con materiales didácticos y mobiliario, equipos, etc. | J13: Número | K13: ND | M13: 5 instituciones educativas oficiales de la LHCN dotadas con materiales didácticos, mobiliario, equipos, etc. | N13: 5 instituciones educativas oficiales de la LHCN dotadas con materiales didácticos, mobiliario, equipos, etc. | O13: ='[2]Plan Indicativo'!CP23 -> 0.1 | P13: Bien | R13: 5 | S13: 0 | T13: 0 | U13: 0 | V13: 0 | W13: 0 | X13: 0 | Y13: 0 | AI13: =SUM(S13:AH13) -> 0 | AN13: =AI13/R13 -> 0
A14: Frank Ricaurte Sossa | B14: 1 | C14: 6 | D14: Vida Digna e Inclusión Social y Cultural | E14: Educación | G14: Tecnología y Educación en la Localidad Histórica y del Caribe Norte | I14: Número de IEO adecuadas para el acceso de estudiantes en condición de discapacidad | J14: Número | K14: ND | L14: 5 instituciones educativas oficiales de la LHCN sin barreras para la accesibilidad de sus estudiantes en condición de discapacidad | M14: 5 instituciones educativas oficiales de la LHCN sin barreras para la accesibilidad de sus estudiantes en condición de discapacidad | N14: 10 instituciones educativas oficiales de la LHCN sin barreras para la accesibilidad de sus estudiantes en condición de discapacidad | O14: ='[2]Plan Indicativo'!CP24 -> 0.1 | P14: Bien | R14: 10 | S14: 0 | T14: 0 | U14: 0 | V14: 0 | W14: 0 | X14: 0 | Y14: 0 | AI14: =SUM(S14:AH14) -> 0 | AN14: =AI14/R14 -> 0
A15: Frank Ricaurte Sossa | B15: 1 | C15: 7 | D15: Vida Digna e Inclusión Social y Cultural | E15: Cultura | G15: Artes y Cultura para el Desarrollo Humano y Social | I15: Número de infraestructuras culturales construidas o habilitadas, dotadas y funcionando | J15: Número | K15: ND | L15: 1 Centro Artístico y Cultural construido o habilitado, dotado y funcionando | N15: 1 Centro Artístico y Cultural construido o habilitado, dotado y funcionando | O15: ='[2]Plan Indicativo'!CP27 -> 0.4 | P15: Bien | R15: 1 | S15: 0 | T15: 0 | U15: 0 | V15: 0 | W15: 0 | X15: 0 | Y15: 0 | AI15: =SUM(S15:AH15) -> 0 | AN15: =AI15/R15 -> 0
A16: Dona Blanquicett | B16: 1 | C16: 8 | D16: Vida Digna e Inclusión Social y Cultural | E16: Cultura | G16: Artes y Cultura para el Desarrollo Humano y Social | I16: Número de corredores culturales habilitados | J16: Número | K16: ND | L16: 7 corredores culturales habilitados | M16: 3 corredores culturales habilitados | N16: 10 corredores culturales habilitados | O16: ='[2]Plan Indicativo'!CP28 -> 0.1 | P16: Servicio | R16: 10 | S16: 0 | T16: 0 | U16: 0 | V16: 0 | W16: 0 | X16: 0 | Y16: 0 | AI16: =SUM(S16:AH16) -> 0 | AN16: =AI16/R16 -> 0
A17: Dona Blanquicett | B17: 1 | C17: 9 | D17: Vida Digna e Inclusión Social y Cultural | E17: Cultura | G17: Artes y Cultura para el Desarrollo Humano y Social | I17: Número de cinematecas implementadas en la LHCN | J17: Número | K17: ND | L17: 9 cinematecas implementadas | M17: 3 cinematecas implementadas | N17: 12 cinematecas implementadas | O17: ='[2]Plan Indicativo'!CP29 -> 0.1 | P17: Bien | R17: 12 | S17: 0 | T17: 0 | U17: 0 | V17: 0 | W17: 0 | X17: 0 | Y17: 0 | AI17: =SUM(S17:AH17) -> 0 | AN17: =AI17/R17 -> 0
A18: Dona Blanquicett | B18: 1 | C18: 10 | D18: Vida Digna e Inclusión Social y Cultural | E18: Cultura | G18: Artes y Cultura para el Desarrollo Humano y Social | I18: Número actividades culturales en torno a la práctica del teatro en sus diferentes vertientes en la LHCN | J18: Número | K18: ND | L18: 7 actos teatrales en la LHCN | M18: 3 actos teatrales en la LHCN | N18: 10 actos teatrales en la LHCN | O18: ='[2]Plan Indicativo'!CP30 -> 0.1 | P18: Servicio | R18: 10 | S18: 0 | T18: 0 | U18: 0 | V18: 0 | W18: 0 | X18: 0 | Y18: 0 | AI18: =SUM(S18:AH18) -> 0 | AN18: =AI18/R18 -> 0
A19: Dona Blanquicett | B19: 1 | C19: 11 | D19: Vida Digna e Inclusión Social y Cultural | E19: Cultura | G19: Artes y Cultura para el Desarrollo Humano y Social | I19: Número de grupos culturales de la localidad dotados | J19: Número | K19: ND | L19: 7 grupos culturales dotados | M19: 3 grupos culturales dotados | N19: 10 grupos culturales dotados | O19: ='[2]Plan Indicativo'!CP31 -> 0.1 | P19: Bien | R19: 10 | S19: 0 | T19: 0 | U19: 0 | V19: 0 | W19: 0 | X19: 0 | Y19: 0 | AI19: =SUM(S19:AH19) -> 0 | AN19: =AI19/R19 -> 0
A20: Dona Blanquicett | B20: 1 | C20: 12 | D20: Vida Digna e Inclusión Social y Cultural | E20: Cultura | G20: Artes y Cultura para el Desarrollo Humano y Social | I20: Número de festivales gastronómicos impulsados y apoyados | J20: Número | K20: ND | L20: 3 festivales gastronómicos impulsados y apoyados | M20: 3 festivales gastronómicos impulsados y apoyados | N20: 6 festivales gastronómicos impulsados y apoyados | O20: ='[2]Plan Indicativo'!CP32 -> 0.1 | P20: Bien | R20: 6 | S20: 0 | T20: 0 | U20: 0 | V20: 0 | W20: 0 | X20: 0 | Y20: 0 | AI20: =SUM(S20:AH20) -> 0 | AN20: =AI20/R20 -> 0
A21: Dona Blanquicett | B21: 1 | C21: 13 | D21: Vida Digna e Inclusión Social y Cultural | E21: Cultura | G21: Artes y Cultura para el Desarrollo Humano y Social | I21: Número de eventos académicos sobre los usos y costumbres en la LHCN | J21: Número | K21: ND | L21: Llevar a cabo 1 evento académico sobre los usos y costumbres en la LHCN | N21: Llevar a cabo 1 evento académico sobre los usos y costumbres en la LHCN | O21: ='[2]Plan Indicativo'!CP33 -> 0.1 | P21: Servicio | R21: 1 | S21: 0 | T21: 0 | U21: 0 | V21: 0 | W21: 0 | X21: 0 | Y21: 0 | AI21: =SUM(S21:AH21) -> 0 | AN21: =AI21/R21 -> 0
A22: Dona Blanquicett | B22: 1 | C22: 14 | D22: Vida Digna e Inclusión Social y Cultural | E22: Deporte y Recreación | G22: Deporte y Recreación para Todos y Todas | I22: Número de eventos deportivos y/o recreativos | J22: Número | K22: ND | L22: 1.500 eventos deportivos y/o recreativos realizados | M22: 300 eventos deportivos y/o recreativos realizados | N22: 1.800 eventos deportivos y/o recreativos realizados | O22: ='[2]Plan Indicativo'!CP36 -> 0.05 | P22: Servicio | R22: 1800 | S22: 0 | T22: 0 | U22: 0 | V22: 0 | W22: 0 | X22: 0 | AI22: =SUM(S22:AH22) -> 0 | AN22: =AI22/R22 -> 0
A23: Dona Blanquicett | B23: 1 | C23: 15 | D23: Vida Digna e Inclusión Social y Cultural | E23: Deporte y Recreación | G23: Deporte y Recreación para Todos y Todas | I23: Número de eventos y/o torneos deportivos de los Consejos Comuneros de Gobierno y/o Juntas de Acción Comunal impulsados y apoyados | J23: Número | K23: ND | L23: 3 de eventos y/o torneos deportivos de los Consejos Comuneros de Gobierno y/o Juntas de Acción Comunal impulsados y apoyados | M23: 3 de eventos y/o torneos deportivos de los Consejos Comuneros de Gobierno y/o Juntas de Acción Comunal impulsados y apoyados | N23: 6 de eventos y/o torneos deportivos de los Consejos Comuneros de Gobierno y/o Juntas de Acción Comunal impulsados y apoyados | O23: ='[2]Plan Indicativo'!CP37 -> 0.05 | P23: Servicio | R23: 6 | S23: 0 | T23: 0 | U23: 0 | V23: 0 | W23: 0 | X23: 0 | Y23: 0 | AI23: =SUM(S23:AH23) -> 0 | AN23: =AI23/R23 -> 0
A24: Frank Ricaurte Sossa | B24: 1 | C24: 16 | D24: Vida Digna e Inclusión Social y Cultural | E24: Deporte y Recreación | G24: Deporte y Recreación para Todos y Todas | I24: Número de escenarios deportivos, canchas y/o parques nuevos mantenidos, adecuados y/o mejorados en la LHCN | J24: Número | K24: ND | L24: 10 escenarios deportivos, canchas y/o parques construidos, mantenidos y/o adecuados | M24: 8 escenarios deportivos, canchas y/o parques construidos, mantenidos y/o adecuados | N24: 18 escenarios deportivos, canchas y/o parques construidos, mantenidos y/o adecuados | O24: ='[2]Plan Indicativo'!CP38 -> 0.6 | P24: Bien | Q24: 70111700 – Parques, Jardines y Huertos 53270 Instalaciones al aire libre para deportes y esparcimiento 54270 Servicios generales de construcción de instalaciones al aire libre para deportes y esparcimiento | R24: 18 | S24: 0 | T24: 0 | U24: 0 | V24: 2 | W24: 4 | X24: 0 | Y24: 0 | AI24: =SUM(S24:AH24) -> 6 | AN24: =AI24/R24 -> 0.33333333
A25: Frank Ricaurte Sossa | B25: 1 | C25: 17 | D25: Vida Digna e Inclusión Social y Cultural | E25: Deporte y Recreación | G25: Deporte y Recreación para Todos y Todas | I25: Diseño y construcción del Parque de la Alegría y de 2 parques con temáticas ecológicas en la LHCN | J25: Número | K25: ND | L25: 1 parque diseñado y construido | M25: 2 parques con temáticas ecológicas diseñados y construidos | N25: 3 parques con temáticas ecológicas diseñados y construidos | O25: ='[2]Plan Indicativo'!CP39 -> 0.3 | P25: Bien | R25: 3 | S25: 0 | T25: 0 | U25: 0 | V25: 0 | W25: 0 | X25: 0 | Y25: 0 | AI25: =SUM(S25:AH25) -> 0 | AN25: =AI25/R25 -> 0
A26: Arleth Jiménez | B26: 1 | C26: 18 | D26: Vida Digna e Inclusión Social y Cultural | E26: Niñez, Adolescencia y Juventud | G26: Nuestros Niños, Niñas y Adolescentes Disfrutando de la Lúdica y la Recreación | I26: Número de padres, madres y/o cuidadores socializados en Rutas de Atención para NNA en: Trabajo Infantil, Víctimas de Violencia Sexual, Mendicidad, Situación de Calle y Trata de Personas | J26: Número | K26: ND | L26: 350 personas con rutas de atención socializada | M26: 100 personas con rutas de atención socializada | N26: 450 personas con rutas de atención socializada | O26: ='[2]Plan Indicativo'!CP42 -> 0.15 | P26: Servicio | R26: 450 | S26: 0 | T26: 0 | U26: 0 | V26: 100 | W26: 0 | X26: 58 | Y26: 0 | AI26: =SUM(S26:AH26) -> 158 | AN26: =AI26/R26 -> 0.35111111
A27: Arleth Jiménez Irene Pérez | B27: 1 | C27: 19 | D27: Vida Digna e Inclusión Social y Cultural | E27: Niñez, Adolescencia y Juventud | G27: Nuestros Niños, Niñas y Adolescentes Disfrutando de la Lúdica y la Recreación | I27: Número de padres, madres y/o cuidadores de niños, niñas y adultos mayores con acciones que promuevan el desarrollo de entornos protectores | J27: Número | K27: ND | L27: 350 padres, madres y/o cuidadores de niños, niñas y adultos mayores con acciones que promueven el desarrollo de entornos protectores | M27: 100 padres, madres y/o cuidadores de niños, niñas y adultos mayores con acciones que promueven el desarrollo de entornos protectores | N27: 450 padres, madres y/o cuidadores de niños, niñas y adultos mayores con acciones que promueven el desarrollo de entornos protectores | O27: ='[2]Plan Indicativo'!CP43 -> 0.15 | P27: Servicio | R27: 450 | S27: 0 | T27: 0 | U27: 0 | V27: 80 | W27: 20 | X27: 57 | Y27: 0 | AI27: =SUM(S27:AH27) -> 157 | AN27: =AI27/R27 -> 0.34888889
A28: Arleth Jiménez | B28: 1 | C28: 20 | D28: Vida Digna e Inclusión Social y Cultural | E28: Niñez, Adolescencia y Juventud | G28: Nuestros Niños, Niñas y Adolescentes Disfrutando de la Lúdica y la Recreación | I28: Número de acciones afirmativas de promoción de situaciones de Riesgo Social como son: Trabajo Infantil, Violencia Sexual, Maltrato Infantil realizadas | J28: Número | K28: ND | L28: 3 acciones afirmativas realizadas para la promoción de situaciones de Riesgo Social | M28: 1 acción afirmativa realizada para la promoción de situaciones de Riesgo Social | N28: 4 acciones afirmativas realizada para la promoción de situaciones de Riesgo Social | O28: ='[2]Plan Indicativo'!CP44 -> 0.15 | P28: Servicio | R28: 4 | S28: 0 | T28: 0 | U28: 0 | V28: 1 | W28: 0 | X28: 0 | Y28: 0 | AI28: =SUM(S28:AH28) -> 1 | AN28: =AI28/R28 -> 0.25
A29: Arleth Jiménez | B29: 1 | C29: 21 | D29: Vida Digna e Inclusión Social y Cultural | E29: Niñez, Adolescencia y Juventud | G29: Nuestros Niños, Niñas y Adolescentes Disfrutando de la Lúdica y la Recreación | I29: Número de acciones formativas con NNA para la Prevención del Consumo de SPA | J29: Número | K29: ND | L29: 12 acciones formativas con NNA para la Prevención del Consumo de SPA | M29: 2 acciones formativas con NNA para la Prevención del Consumo de SPA | N29: 14 acciones formativas con NNA para la Prevención del Consumo de SPA | O29: ='[2]Plan Indicativo'!CP45 -> 0.15 | P29: Servicio | R29: 14 | S29: 0 | T29: 0 | U29: 0 | V29: 0 | W29: 0 | X29: 0 | Y29: 0 | AI29: =SUM(S29:AH29) -> 0 | AN29: =AI29/R29 -> 0
A30: Arleth Jiménez | B30: 1 | C30: 22 | D30: Vida Digna e Inclusión Social y Cultural | E30: Niñez, Adolescencia y Juventud | G30: Nuestros Niños, Niñas y Adolescentes Disfrutando de la Lúdica y la Recreación | I30: Número de Acciones formativas con NNA para la Prevención del Fomento de Hábitos Saludables en Salud Oral | J30: Número | K30: ND | L30: 11 acciones formativas con NNA para la prevención del Fomento de Hábitos Saludables en Salud Oral | M30: 1 acción formativa con NNA para la prevención del Fomento de Hábitos Saludables en Salud Oral | N30: 12 acciones formativas con NNA para la prevención del Fomento de Hábitos Saludables en Salud Oral | O30: ='[2]Plan Indicativo'!CP46 -> 0.15 | P30: Servicio | R30: 12 | S30: 0 | T30: 0 | U30: 0 | V30: 2 | W30: 5 | X30: 2 | Y30: 0 | AI30: =SUM(S30:AH30) -> 9 | AN30: =AI30/R30 -> 0.75
A31: Arleth Jiménez | B31: 1 | C31: 23 | D31: Vida Digna e Inclusión Social y Cultural | E31: Niñez, Adolescencia y Juventud | G31: Nuestros Niños, Niñas y Adolescentes Disfrutando de la Lúdica y la Recreación | I31: Número de Acciones formativas con NNA para la Prevención del Suicidio | J31: Número | K31: ND | L31: 12 acciones formativas con NNA para la Prevención del Suicidio | M31: 3 acciones formativas con NNA para la Prevención del Suicidio | N31: 15 acciones formativas con NNA para la Prevención del Suicidio | O31: ='[2]Plan Indicativo'!CP47 -> 0.1 | P31: Servicio | R31: 15 | S31: 0 | T31: 0 | U31: 0 | V31: 3 | W31: 3 | X31: 2 | Y31: 2 | AI31: =SUM(S31:AH31) -> 10 | AN31: =AI31/R31 -> 0.66666667
A32: Arleth Jiménez | B32: 1 | C32: 24 | D32: Vida Digna e Inclusión Social y Cultural | E32: Niñez, Adolescencia y Juventud | G32: Nuestros Niños, Niñas y Adolescentes Disfrutando de la Lúdica y la Recreación | I32: Número de jornadas donde niños, niñas y adolescentes que participan y disfrutan de actividades lúdicas extramurales | J32: Número | K32: ND | L32: 9 jornadas lúdicas realizadas | M32: 3 jornadas lúdicas realizadas | N32: 12 jornadas lúdicas realizadas | O32: ='[2]Plan Indicativo'!CP48 -> 0.15 | P32: Servicio | R32: 12 | S32: 0 | T32: 0 | U32: 0 | V32: 7 | W32: 0 | X32: 3 | Y32: 0 | AI32: =SUM(S32:AH32) -> 10 | AN32: =AI32/R32 -> 0.83333333
A33: Frank Ricaurte Sossa | B33: 1 | C33: 25 | D33: Vida Digna e Inclusión Social y Cultural | E33: Niñez, Adolescencia y Juventud | G33: Casa de la Juventud: Fortaleciendo el Desarrollo Integral de los Adolescentes y Jóvenes | I33: Número de casas de la juventud con atención a adolescentes y jóvenes | J33: Número | K33: ND | L33: 1 Casa de la Juventud construida o habilitada y funcionando | N33: 1 Casa de la Juventud construida o habilitada y funcionando | O33: ='[2]Plan Indicativo'!CP50 -> 0.5 | P33: Bien | R33: 1 | S33: 0 | T33: 0 | U33: 0 | V33: 0 | W33: 0 | X33: 0 | Y33: 0 | AI33: =SUM(S33:AH33) -> 0 | AN33: =AI33/R33 -> 0
A34: Arleth Jiménez | B34: 1 | C34: 26 | D34: Vida Digna e Inclusión Social y Cultural | E34: Niñez, Adolescencia y Juventud | G34: Casa de la Juventud: Fortaleciendo el Desarrollo Integral de los Adolescentes y Jóvenes | I34: Número de jornadas de capacitación a adolescentes y jóvenes de la LHCN | J34: Número | K34: ND | L34: 6 jornadas de capacitación | M34: 3 jornadas de capacitación | N34: 9 jornadas de capacitación | O34: ='[2]Plan Indicativo'!CP51 -> 0.2 | P34: Servicio | R34: 9 | S34: 0 | T34: 0 | U34: 0 | V34: 5 | W34: 0 | X34: 3 | Y34: 2 | AI34: =SUM(S34:AH34) -> 10 | AN34: =AI34/R34 -> 1.1111111
A35: Arleth Jiménez | B35: 1 | C35: 27 | D35: Vida Digna e Inclusión Social y Cultural | E35: Niñez, Adolescencia y Juventud | G35: Casa de la Juventud: Fortaleciendo el Desarrollo Integral de los Adolescentes y Jóvenes | I35: Número de jornadas de atención integral a adolescentes y jóvenes de la LHCN | J35: Número | K35: ND | L35: 6 jornadas de atención integral a adolescentes y jóvenes de la LHCN | M35: 6 jornadas de atención integral a adolescentes y jóvenes de la LHCN | N35: 12 jornadas de atención integral a adolescentes y jóvenes de la LHCN | O35: ='[2]Plan Indicativo'!CP52 -> 0.3 | P35: Servicio | R35: 12 | S35: 0 | T35: 0 | U35: 0 | V35: 2 | W35: 2 | X35: 0 | Y35: 2 | AI35: =SUM(S35:AH35) -> 6 | AN35: =AI35/R35 -> 0.5
A36: Elix Gomezcasseres | B36: 1 | C36: 28 | D36: Vida Digna e Inclusión Social y Cultural | E36: Enfoque de Género y Diversidad | G36: Mujeres Empoderadas: Camino a la Igualdad | I36: Número de mujeres formadas en mecanismos para la protección de los derechos humanos y participación comunitaria con enfoque de género | J36: Número | K36: ND | L36: 500 de mujeres formadas en mecanismos para la protección de los derechos humanos y participación comunitaria con enfoque de género | M36: 300 de mujeres formadas en mecanismos para la protección de los derechos humanos y participación comunitaria con enfoque de género | N36: 800 de mujeres formadas en mecanismos para la protección de los derechos humanos y participación comunitaria con enfoque de género | O36: ='[2]Plan Indicativo'!CP55 -> 0.2 | P36: Servicio | R36: 800 | S36: 0 | T36: 0 | U36: 0 | V36: 50 | W36: 214 | X36: 151 | Y36: 87 | AI36: =SUM(S36:AH36) -> 502 | AN36: =AI36/R36 -> 0.6275
A37: Elix Gomezcasseres | B37: 1 | C37: 29 | D37: Vida Digna e Inclusión Social y Cultural | E37: Enfoque de Género y Diversidad | G37: Mujeres Empoderadas: Camino a la Igualdad | I37: Número de mujeres participando del proyecto Territorios Libres de Violencia | J37: Número | K37: ND | L37: 20 mujeres en el proyecto Territorios Libres de Violencia | M37: 5 mujeres en el proyecto Territorios Libres de Violencia | N37: 25 mujeres en el proyecto Territorios Libres de Violencia | O37: ='[2]Plan Indicativo'!CP56 -> 0.2 | P37: Servicio | R37: 25 | S37: 0 | T37: 0 | U37: 0 | V37: 25 | W37: 0 | X37: 0 | Y37: 0 | AI37: =SUM(S37:AH37) -> 25 | AN37: =AI37/R37 -> 1
A38: Elix Gomezcasseres | B38: 1 | C38: 30 | D38: Vida Digna e Inclusión Social y Cultural | E38: Enfoque de Género y Diversidad | G38: Mujeres Empoderadas: Camino a la Igualdad | I38: Número de actividades encaminadas al Fortalecimiento de la Red Local de Local de Prevención de las Violencias contra las Mujeres y Respeto por la Diversidad | J38: Número | K38: ND | L38: 4 actividades realizadas | M38: 2 actividades realizadas | N38: 6 actividades realizadas | O38: ='[2]Plan Indicativo'!CP57 -> 0.2 | P38: Servicio | R38: 6 | S38: 0 | T38: 0 | U38: 0 | V38: 2 | W38: 2 | X38: 2 | Y38: 1 | AI38: =SUM(S38:AH38) -> 7 | AN38: =AI38/R38 -> 1.1666667
A39: Elix Gomezcasseres | B39: 1 | C39: 31 | D39: Vida Digna e Inclusión Social y Cultural | E39: Enfoque de Género y Diversidad | G39: Mujeres Empoderadas: Camino a la Igualdad | I39: Número de ferias de empleabilidad para mujeres en estado de vulnerabilidad | J39: Número | K39: ND | L39: 3 ferias de empleabilidad para mujeres en estado de vulnerabilidad | M39: 1 feria de empleabilidad para mujeres en estado de vulnerabilidad | N39: 4 ferias de empleabilidad para mujeres en estado de vulnerabilidad | O39: ='[2]Plan Indicativo'!CP58 -> 0.2 | P39: Servicio | R39: 4 | S39: 0 | T39: 0 | U39: 0 | V39: 1 | W39: 1 | X39: 0 | Y39: 0 | AI39: =SUM(S39:AH39) -> 2 | AN39: =AI39/R39 -> 0.5
A40: Elix Gomezcasseres | B40: 1 | C40: 32 | D40: Vida Digna e Inclusión Social y Cultural | E40: Enfoque de Género y Diversidad | G40: Mujeres Empoderadas: Camino a la Igualdad | I40: Número de ferias de emprendimiento que les permitan a las mujeres artesanas de la localidad vender sus productos | J40: Número | K40: ND | L40: 2 ferias de emprendimiento para mujeres artesanas de la localidad | M40: 1 feria de emprendimiento para mujeres artesanas de la localidad | N40: 3 ferias de emprendimiento para mujeres artesanas de la localidad | O40: ='[2]Plan Indicativo'!CP59 -> 0.2 | P40: Servicio | R40: 3 | S40: 0 | T40: 0 | U40: 0 | V40: 0 | W40: 0 | X40: 1 | Y40: 2 | AI40: =SUM(S40:AH40) -> 3 | AN40: =AI40/R40 -> 1
A41: Elix Gomezcasseres | B41: 1 | C41: 33 | D41: Vida Digna e Inclusión Social y Cultural | E41: Enfoque de Género y Diversidad | G41: Localidad Inclusiva | I41: Número de personas sensibilizadas frente a la inclusión social y el respeto de los derechos de las personas pertenecientes a la comunidad LGBTIQ+ | J41: Número | K41: ND | L41: 150 personas sensibilizadas frente a la inclusión social y el respeto de los derechos de las personas pertenecientes a la comunidad LGBTIQ+ | M41: 50 personas sensibilizadas frente a la inclusión social y el respeto de los derechos de las personas pertenecientes a la comunidad LGBTIQ+ | N41: 200 personas sensibilizadas frente a la inclusión social y el respeto de los derechos de las personas pertenecientes a la comunidad LGBTIQ+ | O41: ='[2]Plan Indicativo'!CP61 -> 0.4 | P41: Servicio | R41: 200 | S41: 0 | T41: 0 | U41: 0 | V41: 5 | W41: 208 | X41: 0 | Y41: 0 | AI41: =SUM(S41:AH41) -> 213 | AN41: =AI41/R41 -> 1.065
A42: Elix Gomezcasseres | B42: 1 | C42: 34 | D42: Vida Digna e Inclusión Social y Cultural | E42: Enfoque de Género y Diversidad | G42: Localidad Inclusiva | I42: Número de acciones de prevención de las diferentes formas de homofobia que fomentan la violencia contra la población diversa de la localidad | J42: Número | K42: ND | L42: 3 acciones de prevención de las diferentes formas de homofobia que fomentan la violencia contra la población diversa realizadas | M42: 2 acciones de prevención de las diferentes formas de homofobia que fomentan la violencia contra la población diversa realizadas | N42: 5 acciones de prevención de las diferentes formas de homofobia que fomentan la violencia contra la población diversa realizadas | O42: ='[2]Plan Indicativo'!CP62 -> 0.4 | P42: Servicio | R42: 5 | S42: 0 | T42: 0 | U42: 0 | V42: 4 | W42: 1 | X42: 3 | Y42: 0 | AI42: =SUM(S42:AH42) -> 8 | AN42: =AI42/R42 -> 1.6
A43: Elix Gomezcasseres | B43: 1 | C43: 35 | D43: Vida Digna e Inclusión Social y Cultural | E43: Enfoque de Género y Diversidad | G43: Localidad Inclusiva | I43: Número de funcionarios y servidores públicos de la LHCN formados en prevención y atención integral de violencias y actos de discriminación a la población LGBTIQ+ | J43: Número | K43: ND | L43: 30 funcionarios y servidores públicos de la LHCN formados en prevención y atención integral de violencias y actos de discriminación a la población LGBTIQ+ | N43: 30 funcionarios y servidores públicos de la LHCN formados en prevención y atención integral de violencias y actos de discriminación a la población LGBTIQ+ | O43: ='[2]Plan Indicativo'!CP63 -> 0.2 | P43: Servicio | R43: 30 | S43: 0 | T43: 0 | U43: 0 | V43: 0 | W43: 0 | X43: 10 | Y43: 0 | AI43: =SUM(S43:AH43) -> 10 | AN43: =AI43/R43 -> 0.33333333
A44: Angela Mendoza | B44: 1 | C44: 36 | D44: Vida Digna e Inclusión Social y Cultural | E44: Enfoque de Personas con Discapacidad | G44: Capacidades Diversas - Uniendo Fortalezas | I44: Número de Actividades lúdicas y recreativas con niños, niñas y adultos con condición de discapacidad realizadas | J44: Número | K44: ND | L44: 4 actividades Lúdicas y Recreativas con niños, niñas y adultos con condición de discapacidad realizadas | M44: 3 actividades Lúdicas y Recreativas con niños, niñas y adultos con condición de discapacidad realizadas | N44: 7 actividades Lúdicas y Recreativas con niños, niñas y adultos con condición de discapacidad realizadas | O44: ='[2]Plan Indicativo'!CP66 -> 0.2 | P44: Servicio | R44: 7 | S44: 0 | T44: 0 | U44: 0 | V44: 2 | W44: 0 | X44: 0 | Y44: 0 | AI44: =SUM(S44:AH44) -> 2 | AN44: =AI44/R44 -> 0.28571429
A45: Angela Mendoza | B45: 1 | C45: 37 | D45: Vida Digna e Inclusión Social y Cultural | E45: Enfoque de Personas con Discapacidad | G45: Capacidades Diversas - Uniendo Fortalezas | I45: Número de encuentros de madres cuidadoras y personas con discapacidad realizados | J45: Número | K45: ND | L45: 3 encuentros de madres cuidadoras y personas con discapacidad realizados | M45: 1 encuentro de madres cuidadoras y personas con discapacidad realizado | N45: 4 encuentros de madres cuidadoras y personas con discapacidad realizados | O45: ='[2]Plan Indicativo'!CP67 -> 0.2 | P45: Servicio | R45: 4 | S45: 0 | T45: 0 | U45: 0 | V45: 1 | W45: 3 | X45: 2 | Y45: 0 | AI45: =SUM(S45:AH45) -> 6 | AN45: =AI45/R45 -> 1.5
A46: Frank Ricaurte Sossa | B46: 1 | C46: 38 | D46: Vida Digna e Inclusión Social y Cultural | E46: Enfoque de Personas con Discapacidad | G46: Capacidades Diversas - Uniendo Fortalezas | I46: Número de unidades de sistemas tecnológicos y herramientas pedagógicas, materiales didácticos, mobiliario, equipo, etc. para niños, niñas y adultos con condición de discapacidad | J46: Número | K46: ND | L46: 200 unidades de sistemas tecnológicos y herramientas pedagógicas, materiales didácticos, mobiliario, equipo, etc. | M46: 150 unidades de sistemas tecnológicos y herramientas pedagógicas, materiales didácticos, mobiliario, equipo, etc. | N46: 350 unidades de sistemas tecnológicos y herramientas pedagógicas, materiales didácticos, mobiliario, equipo, etc. | O46: ='[2]Plan Indicativo'!CP68 -> 0.2 | P46: Bien | R46: 350 | S46: 0 | T46: 0 | U46: 0 | V46: 2 | W46: 0 | X46: 0 | Y46: 0 | AI46: =SUM(S46:AH46) -> 2 | AN46: =AI46/R46 -> 0.0057142857
A47: Angela Mendoza | B47: 1 | C47: 39 | D47: Vida Digna e Inclusión Social y Cultural | E47: Enfoque de Personas con Discapacidad | G47: Capacidades Diversas - Uniendo Fortalezas | I47: Caracterización de la población con discapacidad e infraestructura adecuada (vías, colegios, parques, etc.) | J47: Número | K47: ND | L47: 1 Caracterización de la población con discapacidad e infraestructura adecuada (vías, colegios, parques, etc.) realizada | M47: 1 Caracterización de la población con discapacidad e infraestructura adecuada (vías, colegios, parques, etc.) realizada | N47: 2 Caracterizaciones de la población con discapacidad e infraestructura adecuada (vías, colegios, parques, etc.) realizada | O47: ='[2]Plan Indicativo'!CP69 -> 0.2 | P47: Servicio | R47: 2 | S47: 0 | T47: 0 | U47: 0 | V47: 0 | W47: 0 | X47: 0 | Y47: 0 | AI47: =SUM(S47:AH47) -> 0 | AN47: =AI47/R47 -> 0
A48: Angela Mendoza | B48: 1 | C48: 40 | D48: Vida Digna e Inclusión Social y Cultural | E48: Enfoque de Personas con Discapacidad | G48: Capacidades Diversas - Uniendo Fortalezas | I48: Número de acciones de inclusión para la población con discapacidad auditiva | J48: Número | K48: ND | L48: 5 acciones de inclusión para la población con discapacidad auditiva | M48: 2 acciones de inclusión para la población con discapacidad auditiva | N48: 7 acciones de inclusión para la población con discapacidad auditiva | O48: ='[2]Plan Indicativo'!CP70 -> 0.2 | P48: Servicio | R48: 7 | S48: 0 | T48: 0 | U48: 0 | V48: 1 | W48: 0 | X48: 0 | Y48: 0 | AI48: =SUM(S48:AH48) -> 1 | AN48: =AI48/R48 -> 0.14285714
A49: Irene Pérez | B49: 1 | C49: 41 | D49: Vida Digna e Inclusión Social y Cultural | E49: Protección Integral de la Vejez | G49: Cuidando a Nuestros Mayores | I49: Número de actividades recreativas y/o culturales con adultos mayores realizadas | J49: Número | K49: 2882 | L49: 9 actividades recreativas y/o culturales con adultos mayores realizadas | M49: 9 actividades recreativas y/o culturales con adultos mayores realizadas | N49: 18 actividades recreativas y/o culturales con adultos mayores realizadas | O49: ='[2]Plan Indicativo'!CP73 -> 0.5 | P49: Servicio | R49: 18 | S49: 0 | T49: 0 | U49: 0 | V49: 0 | W49: 0 | X49: 3 | Y49: 6 | Z49: 2 | AI49: =SUM(S49:AH49) -> 11 | AN49: =AI49/R49 -> 0.61111111
A50: Irene Pérez | B50: 1 | C50: 42 | D50: Vida Digna e Inclusión Social y Cultural | E50: Protección Integral de la Vejez | G50: Cuidando a Nuestros Mayores | I50: Número de jornadas de atención integral para el adulto mayor realizadas | J50: Número | K50: 2882 | L50: 6 jornadas de atención integral para el adulto mayor realizadas | M50: 6 jornadas de atención integral para el adulto mayor realizadas | N50: 12 jornadas de atención integral para el adulto mayor realizadas | O50: ='[2]Plan Indicativo'!CP74 -> 0.5 | P50: Servicio | R50: 12 | S50: 0 | T50: 0 | U50: 0 | V50: 1 | W50: 3 | X50: 4 | Y50: 7 | Z50: 3 | AI50: =SUM(S50:AH50) -> 18 | AN50: =AI50/R50 -> 1.5
A51: Frank Ricaurte Sossa | B51: 2 | C51: 43 | D51: Seguridad Humana y Bienestar Social | E51: Convivencia Vecinal y Seguridad Ciudadana | G51: Localidad con Seguridad y Convivencia Ciudadana | I51: Número de Frentes de Seguridad fortalecidos | J51: Número | K51: ND | L51: 120 Frentes de Seguridad fortalecidos | M51: 30 Frentes de Seguridad fortalecidos | N51: 150 Frentes de Seguridad fortalecidos | O51: ='[2]Plan Indicativo'!CP78 -> 0.5 | P51: Bien | R51: 150 | S51: 0 | T51: 0 | U51: 0 | V51: 0 | W51: 0 | X51: 0 | Y51: 0 | AI51: =SUM(S51:AH51) -> 0 | AN51: =AI51/R51 -> 0
A52: Amaury Correa | B52: 2 | C52: 44 | D52: Seguridad Humana y Bienestar Social | E52: Convivencia Vecinal y Seguridad Ciudadana | G52: Localidad con Seguridad y Convivencia Ciudadana | I52: Número de actividades para mejorar la convivencia | J52: Número | K52: ND | L52: 6 actividades para mejorar la convivencia realizados | M52: 6 actividades para mejorar la convivencia realizados | N52: 12 actividades para mejorar la convivencia realizados | O52: ='[2]Plan Indicativo'!CP79 -> 0.5 | P52: Servicio | R52: 12 | Y52: 0 | AI52: =SUM(S52:AH52) -> 0 | AN52: =AI52/R52 -> 0
A53: Arleth Jiménez | B53: 2 | C53: 45 | D53: Seguridad Humana y Bienestar Social | E53: Salud Pública y Aseguramiento | G53: Salud Integral y Saneamiento Básico en la Localidad | I53: Número de jornadas de salud integral realizadas | J53: Número | K53: ND | L53: 6 jornadas de salud integral realizadas | M53: 2 jornadas de salud integral realizadas | N53: 8 jornadas de salud integral realizadas | O53: ='[2]Plan Indicativo'!CP82 -> 0.1 | P53: Servicio | R53: 8 | S53: 0 | T53: 0 | U53: 0 | V53: 2 | W53: 2 | X53: 6 | Y53: 6 | AI53: =SUM(S53:AH53) -> 16 | AN53: =AI53/R53 -> 2
A54: Arleth Jiménez | B54: 2 | C54: 46 | D54: Seguridad Humana y Bienestar Social | E54: Salud Pública y Aseguramiento | G54: Salud Integral y Saneamiento Básico en la Localidad | I54: Número de campañas realizadas para la promoción y prevención de las ETS | J54: Número | K54: ND | L54: 8 campañas en prevención de las ETS | M54: 8 campañas en prevención de las ETS | N54: 16 campañas en prevención de las ETS | O54: ='[2]Plan Indicativo'!CP83 -> 0.1 | P54: Servicio | R54: 16 | S54: 0 | T54: 0 | U54: 0 | V54: 2 | W54: 4 | X54: 4 | Y54: 0 | AI54: =SUM(S54:AH54) -> 10 | AN54: =AI54/R54 -> 0.625
A55: Elix Gomezcasseres | B55: 2 | C55: 47 | D55: Seguridad Humana y Bienestar Social | E55: Salud Pública y Aseguramiento | G55: Salud Integral y Saneamiento Básico en la Localidad | I55: Número de jornadas realizadas en las IEO de la localidad en SPA | J55: Número | K55: ND | L55: 30 jornadas en IEO de la localidad para el desarrollo de capacidades en el manejo integral del consumo de sustancias psicoactivas y las acciones derivabas de la política pública de salud mental | M55: 10 jornadas en IEO de la localidad para el desarrollo de capacidades en el manejo integral del consumo de sustancias psicoactivas y las acciones derivabas de la política pública de salud mental | N55: 40 jornadas en IEO de la localidad para el desarrollo de capacidades en el manejo integral del consumo de sustancias psicoactivas y las acciones derivabas de la política pública de salud mental | O55: ='[2]Plan Indicativo'!CP84 -> 0.1 | P55: Servicio | R55: 40 | S55: 0 | T55: 0 | U55: 0 | V55: 5 | W55: 6 | X55: 5 | Y55: 1 | AI55: =SUM(S55:AH55) -> 17 | AN55: =AI55/R55 -> 0.425
A56: Frank Ricaurte Sossa | B56: 2 | C56: 48 | D56: Seguridad Humana y Bienestar Social | E56: Salud Pública y Aseguramiento | G56: Salud Integral y Saneamiento Básico en la Localidad | I56: Número de unidades sanitarias instaladas | J56: Número | K56: ND | M56: 100 unidades sanitarias instaladas | N56: 100 unidades sanitarias instaladas | O56: ='[2]Plan Indicativo'!CP85 -> 0.5 | P56: Bien | R56: 100 | S56: 0 | T56: 0 | U56: 0 | V56: 0 | W56: 0 | X56: 0 | Y56: 0 | AI56: =SUM(S56:AH56) -> 0 | AN56: =AI56/R56 -> 0
A57: Frank Ricaurte Sossa | B57: 2 | C57: 49 | D57: Seguridad Humana y Bienestar Social | E57: Salud Pública y Aseguramiento | G57: Salud Integral y Saneamiento Básico en la Localidad | I57: Número de albercas comunitarias de agua potable construidas o adecuadas en funcionamiento | K57: ND | M57: 5 albercas comunitarias de agua potable construidas o adecuadas en funcionamiento | N57: 5 albercas comunitarias de agua potable construidas o adecuadas en funcionamiento | O57: ='[2]Plan Indicativo'!CP86 -> 0.2 | P57: Bien | R57: 5 | S57: 0 | T57: 0 | U57: 0 | V57: 0 | W57: 0 | X57: 0 | Y57: 0 | AI57: =SUM(S57:AH57) -> 0 | AN57: =AI57/R57 -> 0
A58: Frank Ricaurte Sossa | B58: 2 | C58: 50 | D58: Seguridad Humana y Bienestar Social | E58: Superación de la Pobreza Extrema y Seguridad Alimentaria | G58: Superación de la Pobreza | I58: Personas en pobreza extrema vinculadas al sistema financiero | J58: Número | K58: ND | L58: 2.000 personas de la LHCN vinculadas al sistema financiero | M58: 700 personas de la LHCN vinculadas al sistema financiero | N58: 2.700 personas de la LHCN vinculadas al sistema financiero | O58: ='[2]Plan Indicativo'!CP89 -> 0.2 | P58: Servicio | R58: 2700 | S58: 0 | T58: 0 | U58: 0 | V58: 0 | W58: 0 | X58: 0 | Y58: 0 | AI58: =SUM(S58:AH58) -> 0 | AN58: =AI58/R58 -> 0
A59: Frank Ricaurte Sossa | B59: 2 | C59: 51 | D59: Seguridad Humana y Bienestar Social | E59: Superación de la Pobreza Extrema y Seguridad Alimentaria | G59: Superación de la Pobreza | I59: Número de emprendimientos productivos con capacidades y capital semilla a población en pobreza extrema | J59: Número | K59: ND | L59: 350 emprendimientos en la LHCN | M59: 150 emprendimientos en la LHCN | N59: 500 emprendimientos en la LHCN | O59: ='[2]Plan Indicativo'!CP90 -> 0.6 | P59: Servicio | R59: 500 | S59: 0 | T59: 0 | U59: 0 | V59: 0 | W59: 0 | X59: 0 | Y59: 0 | AI59: =SUM(S59:AH59) -> 0 | AN59: =AI59/R59 -> 0
A60: Frank Ricaurte Sossa | B60: 2 | C60: 52 | D60: Seguridad Humana y Bienestar Social | E60: Superación de la Pobreza Extrema y Seguridad Alimentaria | G60: Superación de la Pobreza | I60: Personas en pobreza extrema atendidas en feria de empleabilidad | J60: Número | K60: ND | L60: 500 personas en pobreza extrema atendidas en feria de empleabilidad | M60: 100 personas en pobreza extrema atendidas en feria de empleabilidad | N60: 600 personas en pobreza extrema atendidas en feria de empleabilidad | O60: ='[2]Plan Indicativo'!CP91 -> 0.2 | P60: Servicio | R60: 600 | S60: 0 | T60: 0 | U60: 0 | V60: 0 | W60: 0 | X60: 0 | Y60: 0 | AI60: =SUM(S60:AH60) -> 0 | AN60: =AI60/R60 -> 0
A61: Frank Ricaurte Sossa | B61: 3 | C61: 53 | D61: Desarrollo Económico Equitativo y Sostenible | E61: Economía Popular y Turismo Responsable | G61: Economía Popular y Emprendimiento Diferencial | I61: Número de emprendimientos productivos con capacidades y capital semilla a población en condición de discapacidad | J61: Número | K61: ND | L61: 25 | M61: 20 | N61: =L61+M61 -> 45 | O61: ='[2]Plan Indicativo'!CP95 -> 0.15 | P61: Servicio | R61: 45 | S61: 0 | T61: 0 | U61: 0 | V61: 0 | W61: 0 | X61: 0 | Y61: 0 | AI61: =SUM(S61:AH61) -> 0 | AN61: =AI61/R61 -> 0
A62: Frank Ricaurte Sossa | B62: 3 | C62: 54 | D62: Desarrollo Económico Equitativo y Sostenible | E62: Economía Popular y Turismo Responsable | G62: Economía Popular y Emprendimiento Diferencial | I62: Número de emprendimientos productivos con capacidades y capital semilla a adultos mayores | J62: Número | K62: ND | L62: 25 | M62: 50 | N62: =L62+M62 -> 75 | O62: ='[2]Plan Indicativo'!CP96 -> 0.1 | P62: Servicio | R62: 75 | S62: 0 | T62: 0 | U62: 0 | V62: 0 | W62: 0 | X62: 0 | Y62: 0 | AI62: =SUM(S62:AH62) -> 0 | AN62: =AI62/R62 -> 0
A63: Frank Ricaurte Sossa | B63: 3 | C63: 55 | D63: Desarrollo Económico Equitativo y Sostenible | E63: Economía Popular y Turismo Responsable | G63: Economía Popular y Emprendimiento Diferencial | I63: Número de emprendimientos productivos con capacidades y capital semilla a mujeres cabeza de hogar | J63: Número | K63: ND | L63: 50 | M63: 100 | N63: =L63+M63 -> 150 | O63: ='[2]Plan Indicativo'!CP97 -> 0.2 | P63: Servicio | R63: 150 | S63: 0 | T63: 0 | U63: 0 | V63: 0 | W63: 0 | X63: 0 | Y63: 0 | AI63: =SUM(S63:AH63) -> 0 | AN63: =AI63/R63 -> 0
A64: Frank Ricaurte Sossa | B64: 3 | C64: 56 | D64: Desarrollo Económico Equitativo y Sostenible | E64: Economía Popular y Turismo Responsable | G64: Economía Popular y Emprendimiento Diferencial | I64: Número de emprendimientos productivos con capacidades y capital semilla a madres cuidadoras | J64: Número | K64: ND | L64: 25 | M64: 25 | N64: =L64+M64 -> 50 | O64: ='[2]Plan Indicativo'!CP98 -> 0.05 | P64: Servicio | R64: 50 | S64: 0 | T64: 0 | U64: 0 | V64: 0 | W64: 0 | X64: 0 | Y64: 0 | AI64: =SUM(S64:AH64) -> 0 | AN64: =AI64/R64 -> 0
A65: Frank Ricaurte Sossa | B65: 3 | C65: 57 | D65: Desarrollo Económico Equitativo y Sostenible | E65: Economía Popular y Turismo Responsable | G65: Economía Popular y Emprendimiento Diferencial | I65: Número de emprendimientos productivos con capacidades y capital semilla a iniciativas culturales | J65: Número | K65: ND | L65: 15 | M65: 15 | N65: =L65+M65 -> 30 | O65: ='[2]Plan Indicativo'!CP99 -> 0.05 | P65: Servicio | R65: 30 | S65: 0 | T65: 0 | U65: 0 | V65: 0 | W65: 0 | X65: 0 | Y65: 0 | AI65: =SUM(S65:AH65) -> 0 | AN65: =AI65/R65 -> 0
A66: Frank Ricaurte Sossa | B66: 3 | C66: 58 | D66: Desarrollo Económico Equitativo y Sostenible | E66: Economía Popular y Turismo Responsable | G66: Economía Popular y Emprendimiento Diferencial | I66: Número de emprendimientos productivos con capacidades y capital semilla a iniciativas deportivas | J66: Número | K66: ND | L66: 10 | M66: 10 | N66: =L66+M66 -> 20 | O66: ='[2]Plan Indicativo'!CP100 -> 0.05 | P66: Servicio | R66: 20 | S66: 0 | T66: 0 | U66: 0 | V66: 0 | W66: 0 | X66: 0 | Y66: 0 | AI66: =SUM(S66:AH66) -> 0 | AN66: =AI66/R66 -> 0
A67: Frank Ricaurte Sossa | B67: 3 | C67: 59 | D67: Desarrollo Económico Equitativo y Sostenible | E67: Economía Popular y Turismo Responsable | G67: Economía Popular y Emprendimiento Diferencial | I67: Número de emprendimientos productivos con capacidades y capital semilla a jóvenes | J67: Número | K67: ND | L67: 15 | M67: 15 | N67: =L67+M67 -> 30 | O67: ='[2]Plan Indicativo'!CP101 -> 0.05 | P67: Servicio | R67: 30 | S67: 0 | T67: 0 | U67: 0 | V67: 0 | W67: 0 | X67: 0 | Y67: 0 | AI67: =SUM(S67:AH67) -> 0 | AN67: =AI67/R67 -> 0
A68: Frank Ricaurte Sossa | B68: 3 | C68: 60 | D68: Desarrollo Económico Equitativo y Sostenible | E68: Economía Popular y Turismo Responsable | G68: Economía Popular y Emprendimiento Diferencial | I68: Número de emprendimientos productivos con capacidades y capital semilla a población LGBTIQ+ | J68: Número | K68: ND | L68: 10 | M68: 10 | N68: =L68+M68 -> 20 | O68: ='[2]Plan Indicativo'!CP102 -> 0.05 | P68: Servicio | R68: 20 | S68: 0 | T68: 0 | U68: 0 | V68: 0 | W68: 0 | X68: 0 | Y68: 0 | AI68: =SUM(S68:AH68) -> 0 | AN68: =AI68/R68 -> 0
A69: Frank Ricaurte Sossa | B69: 3 | C69: 61 | D69: Desarrollo Económico Equitativo y Sostenible | E69: Economía Popular y Turismo Responsable | G69: Economía Popular y Emprendimiento Diferencial | I69: Número de emprendimientos productivos con capacidades y capital semilla a población afrocolombiana | J69: Número | K69: ND | L69: 50 | M69: 50 | N69: =L69+M69 -> 100 | O69: ='[2]Plan Indicativo'!CP103 -> 0.1 | P69: Servicio | R69: 100 | S69: 0 | T69: 0 | U69: 0 | V69: 0 | W69: 0 | X69: 0 | Y69: 0 | AI69: =SUM(S69:AH69) -> 0 | AN69: =AI69/R69 -> 0
A70: Bernarda Correa Angela Mendoza | B70: 3 | C70: 62 | D70: Desarrollo Económico Equitativo y Sostenible | E70: Economía Popular y Turismo Responsable | G70: Economía Popular y Emprendimiento Diferencial | I70: Número de personas formadas en competencias laborales | J70: Número | K70: ND | L70: 360 personas formadas en competencias laborales | M70: 280 personas formadas en competencias laborales | N70: 640 personas formadas en competencias laborales | O70: ='[2]Plan Indicativo'!CP104 -> 0.05 | P70: Servicio | R70: 640 | S70: 0 | T70: 0 | U70: 0 | V70: 120 | W70: 60 | X70: 175 | Y70: 138 | AI70: =SUM(S70:AH70) -> 493 | AN70: =AI70/R70 -> 0.7703125
A71: Bernarda Correa Angela Mendoza | B71: 3 | C71: 63 | D71: Desarrollo Económico Equitativo y Sostenible | E71: Economía Popular y Turismo Responsable | G71: Economía Popular y Emprendimiento Diferencial | I71: Número personas capacitadas en contabilidad, mercado, atención al cliente y gestión administrativa | J71: Número | K71: ND | L71: 360 personas capacitadas en contabilidad, mercado, atención al cliente entre otros. | M71: 280 personas capacitadas en contabilidad, mercado, atención al cliente entre otros. | N71: 640 personas capacitadas en contabilidad, mercado, atención al cliente entre otros. | O71: ='[2]Plan Indicativo'!CP105 -> 0.05 | P71: Servicio | R71: 640 | S71: 0 | T71: 0 | U71: 0 | V71: 240 | W71: 40 | X71: 90 | Y71: 45 | AI71: =SUM(S71:AH71) -> 415 | AN71: =AI71/R71 -> 0.6484375
A72: SIN ASIGNAR | B72: 3 | C72: 64 | D72: Desarrollo Económico Equitativo y Sostenible | E72: Economía Popular y Turismo Responsable | G72: Economía Popular y Emprendimiento Diferencial | I72: Número de ferias de emprendimiento que les permitan a los emprendedores de la LHCN vender sus productos | J72: Número | K72: ND | L72: 2 ferias de emprendimiento | M72: 1 feria de emprendimiento | N72: 3 ferias de emprendimiento | O72: ='[2]Plan Indicativo'!CP106 -> 0.1 | P72: Servicio | R72: 3 | S72: 0 | T72: 0 | U72: 0 | V72: 0 | W72: 0 | X72: 2 | Y72: 0 | AI72: =SUM(S72:AH72) -> 2 | AN72: =AI72/R72 -> 0.66666667
A73: Hélida Díaz De Oro | B73: 3 | C73: 65 | D73: Desarrollo Económico Equitativo y Sostenible | E73: Economía Popular y Turismo Responsable | G73: Turismo Responsable y Sostenible | I73: Número de personas líderes y autoridades turísticas vinculadas a procesos de formación | J73: Número | K73: ND | L73: 100 personas líderes y autoridades turísticas vinculadas a procesos de formación de atención al cliente | M73: 320 personas líderes y autoridades turísticas vinculadas a procesos de formación de atención al cliente | N73: 420 personas líderes y autoridades turísticas vinculadas a procesos de formación de atención al cliente | O73: ='[2]Plan Indicativo'!CP108 -> 0.15 | P73: Servicio | R73: 420 | S73: 0 | T73: 0 | U73: 0 | V73: 0 | W73: 0 | X73: 0 | Y73: 109 | AI73: =SUM(S73:AH73) -> 109 | AN73: =AI73/R73 -> 0.25952381
A74: SIN ASIGNAR | B74: 3 | C74: 66 | D74: Desarrollo Económico Equitativo y Sostenible | E74: Economía Popular y Turismo Responsable | G74: Turismo Responsable y Sostenible | I74: Número de personas vinculadas a asistencia técnica para el fortalecimiento de la actividad artesanal | J74: Número | K74: ND | L74: 50 personas vinculadas a asistencia técnica para el fortalecimiento de la actividad artesanal | M74: 50 personas vinculadas a asistencia técnica para el fortalecimiento de la actividad artesanal | N74: 100 personas vinculadas a asistencia técnica para el fortalecimiento de la actividad artesanal | O74: ='[2]Plan Indicativo'!CP109 -> 0.3 | P74: Servicio | R74: 100 | S74: 0 | T74: 0 | U74: 0 | V74: 0 | W74: 0 | X74: 0 | Y74: 0 | AI74: =SUM(S74:AH74) -> 0 | AN74: =AI74/R74 -> 0
A75: SIN ASIGNAR | B75: 3 | C75: 67 | D75: Desarrollo Económico Equitativo y Sostenible | E75: Economía Popular y Turismo Responsable | G75: Turismo Responsable y Sostenible | I75: Número de eventos turísticos náuticos promovidos y desarrollados en la zona insular | J75: Número | K75: ND | L75: 1 evento náutico promovido y desarrollado | M75: 1 evento náutico promovido y desarrollado | N75: 2 eventos náuticos promovidos y desarrollados | O75: ='[2]Plan Indicativo'!CP110 -> 0.2 | P75: Servicio | R75: 2 | S75: 0 | T75: 0 | U75: 0 | V75: 0 | W75: 0 | X75: 0 | Y75: 0 | AI75: =SUM(S75:AH75) -> 0 | AN75: =AI75/R75 -> 0
A76: Hélida Díaz De Oro | B76: 3 | C76: 68 | D76: Desarrollo Económico Equitativo y Sostenible | E76: Economía Popular y Turismo Responsable | G76: Turismo Responsable y Sostenible | I76: Creación y funcionamiento del Comité Interinstitucional de Turismo | J76: Número | K76: 0 | L76: 1 Comité Interinstitucional de Turismo creado y en funcionamiento | M76: 1 Comité Interinstitucional de Turismo creado y en funcionamiento | N76: 2 Comités Interinstitucionales de Turismo creados y en funcionamiento | O76: ='[2]Plan Indicativo'!CP111 -> 0.15 | P76: Servicio | R76: 2 | S76: 0 | T76: 0 | U76: 0 | V76: 0 | W76: 0 | X76: 0 | Y76: 0 | AI76: =SUM(S76:AH76) -> 0 | AN76: =AI76/R76 -> 0
A77: Hélida Díaz De Oro | B77: 3 | C77: 69 | D77: Desarrollo Económico Equitativo y Sostenible | E77: Economía Popular y Turismo Responsable | G77: Turismo Responsable y Sostenible | I77: Número de Jornadas Pedagógicas de Sensibilización, Capacitación, Verificación, Inspección a los Operadores Formales e Informales de la Localidad | J77: Número | K77: 6 | L77: 12 Jornadas Pedagógicas de Sensibilización, Capacitación, Verificación, Inspección a los Operadores Formales e Informales de la Localidad | M77: 12 Jornadas Pedagógicas de Sensibilización, Capacitación, Verificación, Inspección a los Operadores Formales e Informales de la Localidad | N77: 24 Jornadas Pedagógicas de Sensibilización, Capacitación, Verificación, Inspección a los Operadores Formales e Informales de la Localidad | O77: ='[2]Plan Indicativo'!CP112 -> 0.2 | P77: Servicio | R77: 24 | S77: 0 | T77: 0 | U77: 0 | V77: 14 | W77: 6 | X77: 0 | Y77: 13 | AI77: =SUM(S77:AH77) -> 33 | AN77: =AI77/R77 -> 1.375
A78: Lorena Velásquez | B78: 4 | C78: 70 | D78: Localidad Conectada y Ordenada | E78: Localidad Amigable con el Ambiente | G78: Conservación Ambiental y Gestión Local | I78: Número de ciudadanos participando en actividades de educación ambiental | J78: Número | K78: ND | L78: 600 personas vinculadas en actividades de educación ambiental en la LHCN | M78: 400 personas vinculadas en actividades de educación ambiental en la LHCN | N78: 1.000 personas vinculadas en actividades de educación ambiental en la LHCN | O78: ='[2]Plan Indicativo'!CP116 -> 0.1 | P78: Servicio | R78: 1000 | S78: 0 | T78: 0 | U78: 0 | V78: 250 | W78: 150 | X78: 100 | Y78: 170 | Z78: 156 | AI78: =SUM(S78:AH78) -> 826 | AN78: =AI78/R78 -> 0.826
A79: Lorena Velásquez | B79: 4 | C79: 71 | D79: Localidad Conectada y Ordenada | E79: Localidad Amigable con el Ambiente | G79: Conservación Ambiental y Gestión Local | I79: Número de jornadas de recuperación de puntos críticos identificados | J79: Número | K79: 13 | L79: 6 jornadas de recuperación de puntos críticos identificados | M79: 6 jornadas de recuperación de puntos críticos identificados | N79: 12 jornadas de recuperación de puntos críticos identificados | O79: ='[2]Plan Indicativo'!CP117 -> 0.1 | P79: Servicio | R79: 12 | S79: 0 | T79: 0 | U79: 0 | V79: 29 | W79: 0 | X79: 0 | Y79: 6 | Z79: 1 | AI79: =SUM(S79:AH79) -> 36 | AN79: =AI79/R79 -> 3
A80: Lorena Velásquez | B80: 4 | C80: 72 | D80: Localidad Conectada y Ordenada | E80: Localidad Amigable con el Ambiente | G80: Conservación Ambiental y Gestión Local | I80: Número de instalaciones de nuevos puntos de reciclaje en zonas verdes | J80: Número | K80: ND | L80: 10 puntos verdes instalados | M80: 5 puntos verdes instalados | N80: 15 puntos verdes instalados | O80: ='[2]Plan Indicativo'!CP118 -> 0.1 | P80: Servicio | R80: 15 | S80: 0 | T80: 0 | U80: 0 | V80: 0 | W80: 0 | X80: 0 | Y80: 0 | Z80: 0 | AI80: =SUM(S80:AH80) -> 0 | AN80: =AI80/R80 -> 0
A81: Lorena Velásquez | B81: 4 | C81: 73 | D81: Localidad Conectada y Ordenada | E81: Localidad Amigable con el Ambiente | G81: Conservación Ambiental y Gestión Local | I81: Número de jornadas de siembra de árboles en la LHCN | J81: Número | K81: ND | L81: 10 jornadas de siembra de árboles | N81: 10 jornadas de siembra de árboles | O81: ='[2]Plan Indicativo'!CP119 -> 0.3 | P81: Bien | R81: 10 | S81: 0 | T81: 0 | U81: 0 | V81: 5 | W81: 0 | X81: 0 | Y81: 2 | Z81: 0 | AI81: =SUM(S81:AH81) -> 7 | AN81: =AI81/R81 -> 0.7
A82: Lorena Velásquez | B82: 4 | C82: 74 | D82: Localidad Conectada y Ordenada | E82: Localidad Amigable con el Ambiente | G82: Conservación Ambiental y Gestión Local | I82: Número de jornadas de siembra de manglares en la LHCN | J82: Número | K82: ND | L82: 1 jornada de siembra de manglares | M82: 2 jornadas de siembra de manglares | N82: 3 jornadas de siembra de manglares | O82: ='[2]Plan Indicativo'!CP120 -> 0.1 | P82: Bien | R82: 3 | S82: 0 | T82: 0 | U82: 0 | V82: 0 | W82: 0 | X82: 0 | Y82: 0 | Z82: 0 | AI82: =SUM(S82:AH82) -> 0 | AN82: =AI82/R82 -> 0
A83: Lorena Velásquez | B83: 4 | C83: 75 | D83: Localidad Conectada y Ordenada | E83: Localidad Amigable con el Ambiente | G83: Conservación Ambiental y Gestión Local | I83: Número de jornadas de siembra de corales en la LHCN | J83: Número | K83: ND | M83: 1 jornada de siembra de corales en la LHCN | N83: 1 jornada de siembra de corales en la LHCN | O83: ='[2]Plan Indicativo'!CP121 -> 0.2 | P83: Bien | R83: 1 | S83: 0 | T83: 0 | U83: 0 | V83: 0 | W83: 0 | X83: 0 | Y83: 0 | Z83: 0 | AI83: =SUM(S83:AH83) -> 0 | AN83: =AI83/R83 -> 0
A84: Lorena Velásquez | B84: 4 | C84: 76 | D84: Localidad Conectada y Ordenada | E84: Localidad Amigable con el Ambiente | G84: Conservación Ambiental y Gestión Local | I84: Número de talleres de formación en mantenimiento y cuidado de zonas verdes realizados con la comunidad | J84: Número | K84: ND | L84: 6 talleres de formación realizados | M84: 3 talleres de formación realizados | N84: 9 talleres de formación realizados | O84: ='[2]Plan Indicativo'!CP122 -> 0.1 | P84: Servicio | R84: 9 | S84: 0 | T84: 0 | U84: 0 | V84: 5 | W84: 0 | X84: 0 | Y84: 3 | Z84: 0 | AI84: =SUM(S84:AH84) -> 8 | AN84: =AI84/R84 -> 0.88888889
A85: Lorena Velásquez | B85: 4 | C85: 77 | D85: Localidad Conectada y Ordenada | E85: Localidad Amigable con el Ambiente | G85: Protección y Atención Animal en la LHCN | I85: Número de jornadas de vacunación, desparasitación y/o esterilización realizada | J85: Número | K85: ND | L85: 12 jornadas de vacunación, desparasitación y/o esterilización | M85: 6 jornadas de vacunación, desparasitación y/o esterilización | N85: 18 jornadas de vacunación, desparasitación y/o esterilización | O85: ='[2]Plan Indicativo'!CP124 -> 0.7 | P85: Servicio | R85: 18 | S85: 0 | T85: 0 | U85: 0 | V85: 11 | W85: 0 | X85: 0 | Y85: 3 | Z85: 5 | AI85: =SUM(S85:AH85) -> 19 | AN85: =AI85/R85 -> 1.0555556
A86: Lorena Velásquez | B86: 4 | C86: 78 | D86: Localidad Conectada y Ordenada | E86: Localidad Amigable con el Ambiente | G86: Protección y Atención Animal en la LHCN | I86: Número de Campañas Integrales para el Bienestar Animal: Adopción y Educación Contra el Maltrato | J86: Número | K86: ND | L86: 4 campañas Integrales para el Bienestar Animal: Adopción y Educación y Contra el Maltrato realizadas | M86: 2 campañas Integral para el Bienestar Animal: Adopción y Educación Contra el Maltrato realizadas | N86: 6 campañas Integrales para el Bienestar Animal: Adopción y Educación y Contra el Maltrato realizadas | O86: ='[2]Plan Indicativo'!CP125 -> 0.3 | P86: Servicio | R86: 6 | S86: 0 | T86: 0 | U86: 0 | V86: 10 | W86: 0 | X86: 0 | Y86: 3 | Z86: 5 | AI86: =SUM(S86:AH86) -> 18 | AN86: =AI86/R86 -> 3
A87: Frank Ricaurte Sossa | B87: 4 | C87: 79 | D87: Localidad Conectada y Ordenada | E87: Infraestructura, Movilidad Sostenible y Accesibilidad para Todos | G87: Rehabilitación, Mantenimiento, Adecuación, y Obra Nueva para el Sistema Vial y Estructuras de Paso | I87: Número de kilómetros de vías de la LHCN intervenidas | J87: Kilómetros | K87: ND | L87: 3,3 kilómetros de vías intervenidas | M87: 2 kilómetros de vías intervenidas | N87: 5,3 kilómetros de vías intervenidas | O87: ='[2]Plan Indicativo'!CP128 -> 0.7 | P87: Bien | Q87: 53211 Carreteras | R87: 5.3 | S87: 0 | T87: 0 | U87: 0 | V87: 0.265 | W87: 0 | X87: 0 | Y87: 0 | AI87: =SUM(S87:AH87) -> 0.265 | AN87: =AI87/R87 -> 0.05
A88: Frank Ricaurte Sossa | B88: 4 | C88: 80 | D88: Localidad Conectada y Ordenada | E88: Infraestructura, Movilidad Sostenible y Accesibilidad para Todos | G88: Rehabilitación, Mantenimiento, Adecuación, y Obra Nueva para el Sistema Vial y Estructuras de Paso | I88: Número de metros cúbicos limpiados de drenajes, canales, etc. | J88: Metros cúbicos | K88: ND | L88: 25.000 metros cúbicos de drenajes, canales, etc. limpiados | M88: 5.000 metros cúbicos de drenajes, canales, etc. limpiados | N88: 30.000 metros cúbicos de drenajes, canales, etc. limpiados | O88: ='[2]Plan Indicativo'!CP129 -> 0.15 | P88: Servicio | Q88: 53232 Puertos, vías navegables e instalaciones conexas 53233 Represas 53234 Sistemas de riego y obras hidráulicas de control de inundaciones 5324 Tuberías para la conducción de gas a larga distancia, líneas de comunicación y cables de poder 53241 Tuberías de larga distancia | R88: 30000 | S88: 0 | T88: 0 | U88: 0 | V88: 5330 | W88: 0 | X88: 0 | Y88: 8223 | AI88: =SUM(S88:AH88) -> 13553 | AN88: =AI88/R88 -> 0.45176667
A89: Frank Ricaurte Sossa | B89: 4 | C89: 81 | D89: Localidad Conectada y Ordenada | E89: Infraestructura, Movilidad Sostenible y Accesibilidad para Todos | G89: Rehabilitación, Mantenimiento, Adecuación, y Obra Nueva para el Sistema Vial y Estructuras de Paso | I89: Número de metros cuadrados recuperados de espacio público | J89: Metros cuadrados | K89: ND | L89: 4.361 metros cuadrados de espacio público recuperado | N89: 4.361 metros cuadrados de espacio público recuperado | O89: ='[2]Plan Indicativo'!CP130 -> 0.02 | P89: Bien | R89: 4361 | S89: 0 | T89: 0 | U89: 0 | V89: 0 | W89: 0 | X89: 0 | Y89: 0 | AI89: =SUM(S89:AH89) -> 0 | AN89: =AI89/R89 -> 0
A90: Frank Ricaurte Sossa | B90: 4 | C90: 82 | D90: Localidad Conectada y Ordenada | E90: Infraestructura, Movilidad Sostenible y Accesibilidad para Todos | G90: Rehabilitación, Mantenimiento, Adecuación, y Obra Nueva para el Sistema Vial y Estructuras de Paso | I90: Número de Centros Comunitarios construidos, mejorados y/o adecuados | J90: Número | K90: 7 | L90: 7 Centros Comunitarios construidos, mejorados y/o adecuados | N90: 7 Centros Comunitarios construidos, mejorados y/o adecuados | O90: ='[2]Plan Indicativo'!CP131 -> 0.13 | P90: Bien | R90: 7 | S90: 0 | T90: 0 | U90: 0 | V90: 0 | W90: 0 | X90: 0 | Y90: 0 | AI90: =SUM(S90:AH90) -> 0 | AN90: =AI90/R90 -> 0
A91: Frank Ricaurte Sossa | B91: 4 | C91: 83 | D91: Localidad Conectada y Ordenada | E91: Infraestructura, Movilidad Sostenible y Accesibilidad para Todos | G91: Conectividad Insular | I91: Número de zonas Wi-Fi gratuitas instaladas en las UCG rurales | J91: Número | K91: ND | M91: 8 zonas Wi-Fi gratuitas instaladas en las UCG rurales | N91: 8 zonas Wi-Fi gratuitas instaladas en las UCG rurales | O91: ='[2]Plan Indicativo'!CP133 -> 1 | P91: Servicio | R91: 8 | S91: 0 | T91: 0 | U91: 0 | V91: 0 | W91: 0 | X91: 0 | Y91: 0 | AI91: =SUM(S91:AH91) -> 0 | AN91: =AI91/R91 -> 0
A92: Nefer Riovalles | B92: 5 | C92: 84 | D92: Buen Gobierno, Gobernabilidad y Gobernanza Locales | E92: Gobernabilidad Local | G92: Fortalecimiento Institucional y Modernización del Sistema de Planeación Local | I92: Modelo Integrado de Planeación y Gestión implementado | J92: Número | K92: 0 | L92: 1 MIPG implementado | N92: 1 MIPG implementado | O92: ='[2]Plan Indicativo'!CP137 -> 0.1 | P92: Servicio | R92: 1 | S92: 0 | T92: 0 | U92: 0 | V92: 0 | W92: 0 | X92: 0 | Y92: 0 | AI92: =SUM(S92:AH92) -> 0 | AN92: =AI92/R92 -> 0
A93: Franklin Amador | B93: 5 | C93: 85 | D93: Buen Gobierno, Gobernabilidad y Gobernanza Locales | E93: Gobernabilidad Local | G93: Fortalecimiento Institucional y Modernización del Sistema de Planeación Local | I93: Proceso de formulación e implementación del seguimiento del Plan de Desarrollo Local, Plan Indicativo y Planes de Acción de la LHCN | J93: Número | K93: 0 | L93: 1 proceso de formulación e implementación del seguimiento del Plan de Desarrollo Local, Plan Indicativo y Planes de Acción de la LHCN | N93: 1 proceso de formulación e implementación del seguimiento del Plan de Desarrollo Local, Plan Indicativo y Planes de Acción de la LHCN | O93: ='[2]Plan Indicativo'!CP138 -> 0.1 | P93: Servicio | R93: 1 | S93: 0 | T93: 0 | U93: 0 | V93: 0 | W93: 0 | X93: 0 | Y93: 0 | AI93: =SUM(S93:AH93) -> 0 | AN93: =AI93/R93 -> 0
A94: Brayner Rodríguez Nélida Castellanos Liliana Meléndez | B94: 5 | C94: 86 | D94: Buen Gobierno, Gobernabilidad y Gobernanza Locales | E94: Gobernabilidad Local | G94: Fortalecimiento Institucional y Modernización del Sistema de Planeación Local | I94: Porcentaje de avance en la implementación del Plan Institucional de Archivo del Distrito (PINAR) en la LHCN | J94: Porcentaje | K94: 0.61 | L94: Implementar al 100% el Plan Institucional de Archivo del Distrito (PINAR) en la LHCN | N94: Implementar al 100% el Plan Institucional de Archivo del Distrito (PINAR) en la LHCN | O94: ='[2]Plan Indicativo'!CP139 -> 0.1 | P94: Servicio | R94: 1 | S94: 0 | T94: 0 | U94: 0 | V94: 0 | W94: 0 | X94: 0 | Y94: 0.64 | AI94: =SUM(S94:AH94) -> 0.64 | AN94: =AI94/R94 -> 0.64
A95: Frank Ricaurte Sossa | B95: 5 | C95: 87 | D95: Buen Gobierno, Gobernabilidad y Gobernanza Locales | E95: Gobernabilidad Local | G95: Fortalecimiento Institucional y Modernización del Sistema de Planeación Local | I95: Rediseño institucional de la LHCN | J95: Número | K95: 0 | L95: Elaborar una propuesta de rediseño institucional de la LHCN | N95: Elaborar una propuesta de rediseño institucional de la LHCN | O95: ='[2]Plan Indicativo'!CP140 -> 0.1 | P95: Servicio | R95: 1 | S95: 0 | T95: 0 | U95: 0 | V95: 0 | W95: 0 | X95: 0 | Y95: 0 | AI95: =SUM(S95:AH95) -> 0 | AN95: =AI95/R95 -> 0
A96: Franklin Amador | B96: 5 | C96: 88 | D96: Buen Gobierno, Gobernabilidad y Gobernanza Locales | E96: Gobernabilidad Local | G96: Fortalecimiento Institucional y Modernización del Sistema de Planeación Local | I96: Banco de Proyectos Local implementado | J96: Número | K96: 0 | L96: 1 Banco de Proyectos Local implementado | N96: 1 Banco de Proyectos Local implementado | O96: ='[2]Plan Indicativo'!CP141 -> 0.1 | P96: Servicio | R96: 1 | S96: 0 | T96: 0 | U96: 0 | V96: 0 | W96: 0 | X96: 0 | Y96: 0 | AI96: =SUM(S96:AH96) -> 0 | AN96: =AI96/R96 -> 0
A97: Franklin Amador | B97: 5 | C97: 89 | D97: Buen Gobierno, Gobernabilidad y Gobernanza Locales | E97: Gobernabilidad Local | G97: Fortalecimiento Institucional y Modernización del Sistema de Planeación Local | I97: Sistema de Información Estadística Local implementado | J97: Número | K97: 0 | L97: 1 Sistema de Información Estadística Local implementado | N97: 1 Sistema de Información Estadística Local implementado | O97: ='[2]Plan Indicativo'!CP142 -> 0.1 | P97: Servicio | R97: 1 | S97: 0 | T97: 0 | U97: 0 | V97: 0 | W97: 0 | X97: 0 | Y97: 0 | AI97: =SUM(S97:AH97) -> 0 | AN97: =AI97/R97 -> 0
A98: Frank Ricaurte Sossa | B98: 5 | C98: 90 | D98: Buen Gobierno, Gobernabilidad y Gobernanza Locales | E98: Gobernabilidad Local | G98: Fortalecimiento Institucional y Modernización del Sistema de Planeación Local | I98: Mejoramiento de las instalaciones locativas de las oficinas de la LHCN, infraestructura, mobiliario y dotación de equipos | J98: Porcentaje | K98: 0 | L98: Mejoramiento de el 100% las instalaciones locativas de las oficinas de la LHCN, infraestructura, mobiliario y dotación de equipos | N98: Mejoramiento de el 100% las instalaciones locativas de las oficinas de la LHCN, infraestructura, mobiliario y dotación de equipos | O98: ='[2]Plan Indicativo'!CP143 -> 0.1 | P98: Bien | R98: 1 | S98: 0 | T98: 0 | U98: 0 | V98: 0 | W98: 0 | X98: 0 | Y98: 0 | AI98: =SUM(S98:AH98) -> 0 | AN98: =AI98/R98 -> 0
A99: Angela Mendoza | B99: 5 | C99: 91 | D99: Buen Gobierno, Gobernabilidad y Gobernanza Locales | E99: Gobernabilidad Local | G99: Fortalecimiento Institucional y Modernización del Sistema de Planeación Local | I99: Ventanillas de atención al ciudadano optimizadas en funcionamiento | J99: Número | K99: 0 | L99: 2 Ventanillas de atención al ciudadano en funcionamiento | N99: 2 Ventanillas de atención al ciudadano en funcionamiento | O99: ='[2]Plan Indicativo'!CP144 -> 0.1 | P99: Servicio | R99: 2 | Y99: 0 | AI99: =SUM(S99:AH99) -> 0 | AN99: =AI99/R99 -> 0
A100: Frank Ricaurte Sossa | C100: 92 | D100: Buen Gobierno, Gobernabilidad y Gobernanza Locales | E100: Gobernabilidad Local | G100: Fortalecimiento Institucional y Modernización del Sistema de Planeación Local | I100: Fortalecimiento de las capacidades logísticas y de transporte de la LHCN | J100: Porcentaje | K100: 0 | L100: Fortalecimiento de las capacidades logísticas y de transporte de la LHCN | N100: Fortalecimiento de las capacidades logísticas y de transporte de la LHCN | O100: ='[2]Plan Indicativo'!CP145 -> 0.2 | P100: Bien | R100: 1 | S100: 0 | T100: 0 | U100: 0 | V100: 0 | W100: 0 | X100: 0 | Y100: 0 | AI100: =SUM(S100:AH100) -> 0 | AN100: =AI100/R100 -> 0
...

Sheet Estratégico 2026
C1: ALCALDIA DISTRITAL DE CARTAGENA DE INDIAS | AI1: Código: PTDGI01-F001
C2: MACROPROCESO: PLANEACIÓN TERRITORIAL Y DIRECCIONAMIENTO ESTRATEGICO | AI2: Versión: 1.0
C3: PROCESO / SUBPROCESO: GESTIÓN DE LA INVERSIÓN PUBLICA / GESTIÓN DEL PLAN DE DESARROLLO Y SUS INSTRUMENTOS DE EJECUCIÓN | AI3: Fecha: 16/07/2024
C4: FORMATO PLAN DE ACCIÓN INSTITUCIONAL | AI4: Página: 1 de 3
A5: DEPENDENCIA: | C5: LOCALIDAD HISTORICA Y DEL CARIBE NORTE
A6: PLANTEAMIENTO ESTRATÉGICO- PLAN DE DESARROLLO
A7: OBJETIVO DE DESARROLLO SOSTENIBLE | B7: OBJETIVO ESTRATÉGICO | C7: LÍNEA ESTRATÉGICA | D7: IMPULSOR DE AVANCE | E7: META RESULTADO | F7: PROGRAMA | G7: CÓDIGO DE PROGRAMA | H7: INDICADOR DE PRODUCTO SEGÚN PDD | I7: UNIDAD DE MEDIDA DEL INDICADOR DE PRODUCTO | J7: LÍNEA BASE SEGUN PDD | K7: DESCRIPCIÓN DE LA META PRODUCTO 2024-2027 | N7: PONDERACIÓN DE LA META PRODUCTO | O7: DENOMINACIÓN DEL PRODUCTO | P7: ENTREGABLE INDICADOR DE PRODUCTO SEGÚN CATALOGO DE PRODUCTO | Q7: VALOR DE LA META PRODUCTO 2024-2027 | R7: PROGRAMACIÓN META PRODUCTO 2024 | S7: PROGRAMACIÓN META PRODUCTO 2025 | T7: PROGRAMACIÓN META PRODUCTO 2026 | U7: PROGRAMACIÓN META PRODUCTO 2027 | V7: ACUMULADO 2024 | W7: ACUMULADO 2025 | X7: ACUMULADO 2026 | Y7: ACUMULADO 2027 | Z7: ACUMULADO CUATRIENIO | AA7: REPORTE META PRODUCTO CORTE MARZO 2026 | AB7: REPORTE META PRODUCTO CORTE JUNIO 2026 | AC7: REPORTE META PRODUCTO DE SEPTIEMBRE 2026 | AD7: REPORTE META PRODUCTO DE DICIEMBRE 2026 | AE7: AVANCE META PRODUCTO AL AÑO PONDERADO | AF7: AVANCE META PRODUCTO AL CUATRIENIO PONDERADO | AG7: AVANCE META PRODUCTO AL AÑO SIMPLE | AH7: AVANCE META PRODUCTO AL CUATRIENIO SIMPLE | AI7: OBSERVACIONES | AM7: NOMBRE DEL RESPONSABLE 2 | AZ7: NOMBRE DEL RESPONSABLE 2
K8: Componente urbano | L8: Componente rural | M8: Total
A9: 4 | B9: 1 | C9: Vida Digna e Inclusión Social y Cultural | D9: Educación | F9: Tecnología y Educación en la Localidad Histórica y del Caribe Norte | H9: Número de computadores dotados a aulas educativas de IEO | I9: Número | J9: ND | K9: 500 computadores | L9: 300 computadores | M9: 800 computadores | N9: ='[2]Plan Indicativo'!CP19 -> 0.4 | O9: Bien | Q9: 800 | S9: ='E 2024'!U16 -> 0 | T9: 400 | U9: 400 | V9: 0 | W9: 0 | X9: =SUM(AA9:AD9) -> 0 | Z9: =+V9+W9+X9+Y9 -> 0 | AA9: 0 | AB9: 0 | AE9: NP | AF9: =(Z9/Q9)*N9 -> 0 | AG9: NP | AH9: =Z9/Q9 -> 0 | AM9: Frank Ricaurte Sossa | AZ9: Frank Ricaurte Sossa
A10: 4 | B10: 1 | C10: Vida Digna e Inclusión Social y Cultural | D10: Educación | F10: Tecnología y Educación en la Localidad Histórica y del Caribe Norte | H10: Número de IEO de la localidad beneficiadas con actividades pedagógicas encaminadas al fortalecimiento de la comunidad estudiantil en los ejes de lecto - escritura | I10: Número | J10: ND | K10: 5 IEO de la localidad en los grados de 10 y 11 beneficiadas con actividades pedagógicas encaminadas en el fortalecimiento de la comunidad estudiantil | L10: 10 IEO de la localidad en los grados de 10 y 11 beneficiadas con actividades pedagógicas encaminadas en el fortalecimiento de la comunidad estudiantil en valores históricos, culturales y etnológicos | M10: 15 IEO de la localidad en los grados de 10 y 11 beneficiadas con actividades pedagógicas encaminadas en el fortalecimiento de la comunidad estudiantil en valores históricos, culturales y etnológicos | N10: ='[2]Plan Indicativo'!CP20 -> 0.05 | O10: Servicio | Q10: 15 | S10: ='E 2024'!U17 -> 5 | T10: 5 | U10: 5 | V10: 0 | W10: 0 | X10: =SUM(AA10:AD10) -> 0 | Z10: =+V10+W10+X10+Y10 -> 0 | AA10: 0 | AB10: 0 | AE10: =(X10/T10)*N10 -> 0 | AF10: =(Z10/Q10)*N10 -> 0 | AG10: =X10/T10 -> 0 | AH10: =Z10/Q10 -> 0 | AI10: La meta programada no pudo ser ejecutada durante el periodo correspondiente,debido a que no se conto con un rubro presupuestal asignado para su desarrollo. | AM10: Bernarda Correa | AZ10: Bernarda Correa
A11: 4 | B11: 1 | C11: Vida Digna e Inclusión Social y Cultural | D11: Educación | F11: Tecnología y Educación en la Localidad Histórica y del Caribe Norte | H11: Número de personas con formación técnica para el trabajo | I11: Número | J11: ND | K11: 300 personas con formación técnica para el trabajo | L11: 200 personas con formación técnica para el trabajo | M11: 500 personas con formación técnica para el trabajo | N11: ='[2]Plan Indicativo'!CP21 -> 0.05 | O11: Servicio | Q11: 500 | S11: ='E 2024'!U18 -> 100 | T11: 200 | U11: 200 | V11: 0 | W11: 0 | X11: =SUM(AA11:AD11) -> 0 | Z11: =+V11+W11+X11+Y11 -> 0 | AA11: 0 | AB11: 0 | AE11: =(X11/T11)*N11 -> 0 | AF11: =(Z11/Q11)*N11 -> 0 | AG11: =X11/T11 -> 0 | AH11: =Z11/Q11 -> 0 | AM11: Bernarda Correa | AZ11: Bernarda Correa
A12: 4 | B12: 1 | C12: Vida Digna e Inclusión Social y Cultural | D12: Educación | F12: Tecnología y Educación en la Localidad Histórica y del Caribe Norte | H12: Número de instituciones educativas con infraestructura y ambientes educativos adecuados | I12: Número | J12: ND | L12: 5 instituciones educativas oficiales de la LHCN con infraestructura y ambientes educativos adecuados | M12: 5 instituciones educativas oficiales de la LHCN con infraestructura y ambientes educativos adecuados | N12: ='[2]Plan Indicativo'!CP22 -> 0.3 | O12: Bien | Q12: 5 | S12: ='E 2024'!U19 -> 1 | T12: 2 | U12: 2 | V12: 0 | W12: 0 | X12: =SUM(AA12:AD12) -> 0 | Z12: =+V12+W12+X12+Y12 -> 0 | AA12: 0 | AB12: 0 | AE12: =(X12/T12)*N12 -> 0 | AF12: =(Z12/Q12)*N12 -> 0 | AG12: =X12/T12 -> 0 | AH12: =Z12/Q12 -> 0 | AM12: Frank Ricaurte Sossa | AZ12: Frank Ricaurte Sossa
A13: 4 | B13: 1 | C13: Vida Digna e Inclusión Social y Cultural | D13: Educación | F13: Tecnología y Educación en la Localidad Histórica y del Caribe Norte | H13: Número de aulas dotadas de IEO con materiales didácticos y mobiliario, equipos, etc. | I13: Número | J13: ND | L13: 5 instituciones educativas oficiales de la LHCN dotadas con materiales didácticos, mobiliario, equipos, etc. | M13: 5 instituciones educativas oficiales de la LHCN dotadas con materiales didácticos, mobiliario, equipos, etc. | N13: ='[2]Plan Indicativo'!CP23 -> 0.1 | O13: Bien | Q13: 5 | S13: ='E 2024'!U20 -> 0 | T13: 5 | U13: 0 | V13: 0 | W13: 0 | X13: =SUM(AA13:AD13) -> 0 | Z13: =+V13+W13+X13+Y13 -> 0 | AA13: 0 | AB13: 0 | AE13: NP | AF13: =(Z13/Q13)*N13 -> 0 | AG13: NP | AH13: =Z13/Q13 -> 0 | AM13: Frank Ricaurte Sossa | AZ13: Frank Ricaurte Sossa
A14: 4 | B14: 1 | C14: Vida Digna e Inclusión Social y Cultural | D14: Educación | F14: Tecnología y Educación en la Localidad Histórica y del Caribe Norte | H14: Número de IEO adecuadas para el acceso de estudiantes en condición de discapacidad | I14: Número | J14: ND | K14: 5 instituciones educativas oficiales de la LHCN sin barreras para la accesibilidad de sus estudiantes en condición de discapacidad | L14: 5 instituciones educativas oficiales de la LHCN sin barreras para la accesibilidad de sus estudiantes en condición de discapacidad | M14: 10 instituciones educativas oficiales de la LHCN sin barreras para la accesibilidad de sus estudiantes en condición de discapacidad | N14: ='[2]Plan Indicativo'!CP24 -> 0.1 | O14: Bien | Q14: 10 | S14: ='E 2024'!U21 -> 0 | T14: 5 | U14: 5 | V14: 0 | W14: 0 | X14: =SUM(AA14:AD14) -> 0 | Z14: =+V14+W14+X14+Y14 -> 0 | AA14: 0 | AB14: 0 | AE14: NP | AF14: =(Z14/Q14)*N14 -> 0 | AG14: NP | AH14: =Z14/Q14 -> 0 | AM14: Frank Ricaurte Sossa | AZ14: Frank Ricaurte Sossa
F15: Avance Programa Tecnología y Educación en la Localidad Histórica y del Caribe Norte | AE15: =SUM(AE10:AE12) -> 0 | AF15: =SUM(AF10:AF12) -> 0 | AG15: =AVERAGE(AG10:AG12) -> 0 | AH15: =AVERAGE(AH10:AH12) -> 0
D16: Avance Impulsor de Avance EDUCACIÓN | AE16: =AE15 -> 0 | AF16: =AF15 -> 0 | AG16: =AG15 -> 0 | AH16: =AH15 -> 0
A17: 9 | B17: 1 | C17: Vida Digna e Inclusión Social y Cultural | D17: Cultura | F17: Artes y Cultura para el Desarrollo Humano y Social | H17: Número de infraestructuras culturales construidas o habilitadas, dotadas y funcionando | I17: Número | J17: ND | K17: 1 Centro Artístico y Cultural construido o habilitado, dotado y funcionando | M17: 1 Centro Artístico y Cultural construido o habilitado, dotado y funcionando | N17: ='[2]Plan Indicativo'!CP27 -> 0.4 | O17: Bien | Q17: 1 | S17: ='E 2024'!U24 -> 0 | T17: 0 | U17: 1 | V17: 0 | W17: 0 | X17: =+AA17+AB17+AC17+AD17 -> 0 | Z17: =+V17+W17+X17+Y17 -> 0 | AA17: 0 | AB17: 0 | AE17: NP | AF17: =(Z17/Q17)*N17 -> 0 | AG17: NP | AH17: =Z17/Q17 -> 0 | AM17: Frank Ricaurte Sossa | AZ17: Frank Ricaurte Sossa
A18: 9 | B18: 1 | C18: Vida Digna e Inclusión Social y Cultural | D18: Cultura | F18: Artes y Cultura para el Desarrollo Humano y Social | H18: Número de corredores culturales habilitados | I18: Número | J18: ND | K18: 7 corredores culturales habilitados | L18: 3 corredores culturales habilitados | M18: 10 corredores culturales habilitados | N18: ='[2]Plan Indicativo'!CP28 -> 0.1 | O18: Servicio | Q18: 10 | S18: ='E 2024'!U25 -> 0 | T18: 3 | U18: 6 | V18: 0 | W18: 0 | X18: =+AA18+AB18+AC18+AD18 -> 0 | Z18: =+V18+W18+X18+Y18 -> 0 | AA18: 0 | AB18: 0 | AE18: NP | AF18: =(Z18/Q18)*N18 -> 0 | AG18: =X18/T18 -> 0 | AH18: =Z18/Q18 -> 0 | AM18: Ernesto Rueda | AZ18: Ernesto Rueda
A19: 9 | B19: 1 | C19: Vida Digna e Inclusión Social y Cultural | D19: Cultura | F19: Artes y Cultura para el Desarrollo Humano y Social | H19: Número de cinematecas implementadas en la LHCN | I19: Número | J19: ND | K19: 9 cinematecas implementadas | L19: 3 cinematecas implementadas | M19: 12 cinematecas implementadas | N19: ='[2]Plan Indicativo'!CP29 -> 0.1 | O19: Bien | Q19: 12 | S19: ='E 2024'!U26 -> 2 | T19: 4 | U19: 4 | V19: 0 | W19: 0 | X19: =+AA19+AB19+AC19+AD19 -> 0 | Z19: =+V19+W19+X19+Y19 -> 0 | AA19: 0 | AB19: 0 | AE19: =(X19/T19)*N19 -> 0 | AF19: =(Z19/Q19)*N19 -> 0 | AG19: =X19/T19 -> 0 | AH19: =Z19/Q19 -> 0 | AM19: Ernesto Rueda | AZ19: Ernesto Rueda
A20: 9 | B20: 1 | C20: Vida Digna e Inclusión Social y Cultural | D20: Cultura | F20: Artes y Cultura para el Desarrollo Humano y Social | H20: Número actividades culturales en torno a la práctica del teatro en sus diferentes vertientes en la LHCN | I20: Número | J20: ND | K20: 7 actos teatrales en la LHCN | L20: 3 actos teatrales en la LHCN | M20: 10 actos teatrales en la LHCN | N20: ='[2]Plan Indicativo'!CP30 -> 0.1 | O20: Servicio | Q20: 10 | S20: ='E 2024'!U27 -> 2 | T20: 4 | U20: 4 | V20: 0 | W20: 0 | X20: =+AA20+AB20+AC20+AD20 -> 4 | Z20: =+V20+W20+X20+Y20 -> 4 | AA20: 2 | AB20: 2 | AE20: =(X20/T20)*N20 -> 0.1 | AF20: =(Z20/Q20)*N20 -> 0.04 | AG20: =X20/T20 -> 1 | AH20: =Z20/Q20 -> 0.4 | AM20: Ernesto Rueda | AZ20: Ernesto Rueda
A21: 9 | B21: 1 | C21: Vida Digna e Inclusión Social y Cultural | D21: Cultura | F21: Artes y Cultura para el Desarrollo Humano y Social | H21: Número de grupos culturales de la localidad dotados | I21: Número | J21: ND | K21: 7 grupos culturales dotados | L21: 3 grupos culturales dotados | M21: 10 grupos culturales dotados | N21: ='[2]Plan Indicativo'!CP31 -> 0.1 | O21: Bien | Q21: 10 | S21: ='E 2024'!U28 -> 0 | T21: 5 | U21: 5 | V21: 0 | W21: 0 | X21: =+AA21+AB21+AC21+AD21 -> 0 | Z21: =+V21+W21+X21+Y21 -> 0 | AA21: 0 | AB21: 0 | AE21: NP | AF21: =(Z21/Q21)*N21 -> 0 | AG21: =X21/T21 -> 0 | AH21: =Z21/Q21 -> 0 | AM21: Ernesto Rueda | AZ21: Ernesto Rueda
A22: 9 | B22: 1 | C22: Vida Digna e Inclusión Social y Cultural | D22: Cultura | F22: Artes y Cultura para el Desarrollo Humano y Social | H22: Número de festivales gastronómicos impulsados y apoyados | I22: Número | J22: ND | K22: 3 festivales gastronómicos impulsados y apoyados | L22: 3 festivales gastronómicos impulsados y apoyados | M22: 6 festivales gastronómicos impulsados y apoyados | N22: ='[2]Plan Indicativo'!CP32 -> 0.1 | O22: Bien | Q22: 6 | S22: ='E 2024'!U29 -> 1 | T22: 2 | U22: 3 | V22: 0 | W22: 1 | X22: =+AA22+AB22+AC22+AD22 -> 1 | Z22: =+V22+W22+X22+Y22 -> 2 | AA22: 1 | AB22: 0 | AE22: =(X22/T22)*N22 -> 0.05 | AF22: 0.1 | AG22: =X22/T22 -> 0.5 | AH22: =Z22/Q22 -> 0.33333333 | AM22: Ernesto Rueda | AZ22: Ernesto Rueda
A23: 11 | B23: 1 | C23: Vida Digna e Inclusión Social y Cultural | D23: Cultura | F23: Artes y Cultura para el Desarrollo Humano y Social | H23: Número de eventos académicos sobre los usos y costumbres en la LHCN | I23: Número | J23: ND | K23: Llevar a cabo 1 evento académico sobre los usos y costumbres en la LHCN | M23: Llevar a cabo 1 evento académico sobre los usos y costumbres en la LHCN | N23: ='[2]Plan Indicativo'!CP33 -> 0.1 | O23: Servicio | Q23: 1 | S23: ='E 2024'!U30 -> 0 | T23: 1 | U23: 0 | V23: 0 | W23: 0 | X23: =+AA23+AB23+AC23+AD23 -> 6 | Z23: =+V23+W23+X23+Y23 -> 6 | AA23: 2 | AB23: 4 | AE23: NP | AF23: 0.1 | AG23: 1 | AH23: 1 | AM23: Ernesto Rueda | AZ23: Ernesto Rueda
F24: Avance Programa Artes y Cultura para el Desarrollo Humano y Social | AE24: =SUM(AE19:AE22) -> 0.15 | AF24: =SUM(AF19:AF22) -> 0.14 | AG24: =AVERAGE(AG19:AG22) -> 0.375 | AH24: =AVERAGE(AH19:AH22) -> 0.18333333
D25: Avance Impulsor de Avance CULTURA | AE25: =+AE24 -> 0.15 | AF25: =+AF24 -> 0.14 | AG25: =+AG24 -> 0.375 | AH25: =+AH24 -> 0.18333333
A26: 3 | B26: 1 | C26: Vida Digna e Inclusión Social y Cultural | D26: Deporte y Recreación | F26: Deporte y Recreación para Todos y Todas | H26: Número de eventos deportivos y/o recreativos | I26: Número | J26: ND | K26: 1.500 eventos deportivos y/o recreativos realizados | L26: 300 eventos deportivos y/o recreativos realizados | M26: 1.800 eventos deportivos y/o recreativos realizados | N26: ='[2]Plan Indicativo'!CP36 -> 0.05 | O26: Servicio | Q26: 1800 | S26: ='E 2024'!U33 -> 500 | T26: 600 | U26: 700 | V26: 0 | W26: 0 | X26: =+AA26+AB26+AC26+AD26 -> 3 | Z26: =+V26+W26+X26+Y26 -> 3 | AA26: 1 | AB26: 2 | AE26: =(X26/T26)*N26 -> 0.00025 | AF26: =(Z26/Q26)*N26 -> 8.3333333e-05 | AG26: =X26/T26 -> 0.005 | AH26: =Z26/Q26 -> 0.0016666667 | AM26: Ernesto Rueda Angel Suárez | AZ26: Ernesto Rueda Angel Suárez
A27: 3 | B27: 1 | C27: Vida Digna e Inclusión Social y Cultural | D27: Deporte y Recreación | F27: Deporte y Recreación para Todos y Todas | H27: Número de eventos y/o torneos deportivos de los Consejos Comuneros de Gobierno y/o Juntas de Acción Comunal impulsados y apoyados | I27: Número | J27: ND | K27: 3 de eventos y/o torneos deportivos de los Consejos Comuneros de Gobierno y/o Juntas de Acción Comunal impulsados y apoyados | L27: 3 de eventos y/o torneos deportivos de los Consejos Comuneros de Gobierno y/o Juntas de Acción Comunal impulsados y apoyados | M27: 6 de eventos y/o torneos deportivos de los Consejos Comuneros de Gobierno y/o Juntas de Acción Comunal impulsados y apoyados | N27: ='[2]Plan Indicativo'!CP37 -> 0.05 | O27: Servicio | Q27: 6 | S27: ='E 2024'!U34 -> 0 | T27: 2 | U27: 2 | V27: 0 | W27: 0 | X27: =+AA27+AB27+AC27+AD27 -> 0 | Z27: =+V27+W27+X27+Y27 -> 0 | AA27: 0 | AB27: 0 | AE27: NP | AF27: =(Z27/Q27)*N27 -> 0 | AG27: =X27/T27 -> 0 | AH27: =Z27/Q27 -> 0 | AM27: Ernesto Rueda | AZ27: Ernesto Rueda
A28: 3 | B28: 1 | C28: Vida Digna e Inclusión Social y Cultural | D28: Deporte y Recreación | F28: Deporte y Recreación para Todos y Todas | H28: Número de escenarios deportivos, canchas y/o parques nuevos mantenidos, adecuados y/o mejorados en la LHCN | I28: Número | J28: ND | K28: 10 escenarios deportivos, canchas y/o parques construidos, mantenidos y/o adecuados | L28: 8 escenarios deportivos, canchas y/o parques construidos, mantenidos y/o adecuados | M28: 18 escenarios deportivos, canchas y/o parques construidos, mantenidos y/o adecuados | N28: ='[2]Plan Indicativo'!CP38 -> 0.6 | O28: Bien | P28: 70111700 – Parques, Jardines y Huertos 53270 Instalaciones al aire libre para deportes y esparcimiento 54270 Servicios generales de construcción de instalaciones al aire libre para deportes y esparcimiento | Q28: 18 | S28: 8 | T28: 5 | U28: 5 | V28: 2 | W28: 4 | X28: =+AA28+AB28+AC28+AD28 -> 2 | Z28: =+V28+W28+X28+Y28 -> 8 | AA28: 2 | AB28: 0 | AE28: =(X28/T28)*N28 -> 0.24 | AF28: =(Z28/Q28)*N28 -> 0.26666667 | AG28: =X28/T28 -> 0.4 | AH28: =Z28/Q28 -> 0.44444444 | AM28: Frank Ricaurte Sossa | AZ28: Frank Ricaurte Sossa
A29: 3 | B29: 1 | C29: Vida Digna e Inclusión Social y Cultural | D29: Deporte y Recreación | F29: Deporte y Recreación para Todos y Todas | H29: Diseño y construcción del Parque de la Alegría y de 2 parques con temáticas ecológicas en la LHCN | I29: Número | J29: ND | K29: 1 parque diseñado y construido | L29: 2 parques con temáticas ecológicas diseñados y construidos | M29: 3 parques con temáticas ecológicas diseñados y construidos | N29: ='[2]Plan Indicativo'!CP39 -> 0.3 | O29: Bien | Q29: 3 | S29: ='E 2024'!U36 -> 0 | T29: 2 | U29: 1 | V29: 0 | W29: 0 | X29: =+AA29+AB29+AC29+AD29 -> 0 | Z29: =+V29+W29+X29+Y29 -> 0 | AA29: 0 | AB29: 0 | AE29: NP | AF29: =(Z29/Q29)*N29 -> 0 | AG29: =X29/T29 -> 0 | AH29: =Z29/Q29 -> 0 | AM29: Frank Ricaurte Sossa | AZ29: Frank Ricaurte Sossa
F30: Avance Programa Deporte y Recreación para Todos y Todas | AE30: =SUM(AE26:AE28) -> 0.24025 | AF30: =SUM(AF26:AF29) -> 0.26675 | AG30: =AVERAGE(AG26:AG28) -> 0.135 | AH30: =AVERAGE(AH26:AH29) -> 0.11152778
D31: Avance Impulsor de Avance DEPORTE Y RECREACIÓN | AE31: =+AE30 -> 0.24025 | AF31: =+AF30 -> 0.26675 | AG31: =+AG30 -> 0.135 | AH31: =+AH30 -> 0.11152778
A32: 5 | B32: 1 | C32: Vida Digna e Inclusión Social y Cultural | D32: Niñez, Adolescencia y Juventud | F32: Nuestros Niños, Niñas y Adolescentes Disfrutando de la Lúdica y la Recreación | H32: Número de padres, madres y/o cuidadores socializados en Rutas de Atención para NNA en: Trabajo Infantil, Víctimas de Violencia Sexual, Mendicidad, Situación de Calle y Trata de Personas | I32: Número | J32: ND | K32: 350 personas con rutas de atención socializada | L32: 100 personas con rutas de atención socializada | M32: 450 personas con rutas de atención socializada | N32: ='[2]Plan Indicativo'!CP42 -> 0.15 | O32: Servicio | Q32: 450 | S32: ='E 2024'!U39 -> 150 | T32: 100 | U32: 100 | V32: 100 | W32: 146 | X32: =+AA32+AB32+AC32+AD32 -> 0 | Z32: =+V32+W32+X32+Y32 -> 246 | AA32: 0 | AB32: 0 | AE32: =(X32/T32)*N32 -> 0 | AF32: =(Z32/Q32)*N32 -> 0.082 | AG32: =X32/T32 -> 0 | AH32: =Z32/Q32 -> 0.54666667 | AM32: Arleth Jiménez | AZ32: Arleth Jiménez
A33: 5 | B33: 1 | C33: Vida Digna e Inclusión Social y Cultural | D33: Niñez, Adolescencia y Juventud | F33: Nuestros Niños, Niñas y Adolescentes Disfrutando de la Lúdica y la Recreación | H33: Número de padres, madres y/o cuidadores de niños, niñas y adultos mayores con acciones que promuevan el desarrollo de entornos protectores | I33: Número | J33: ND | K33: 350 padres, madres y/o cuidadores de niños, niñas y adultos mayores con acciones que promueven el desarrollo de entornos protectores | L33: 100 padres, madres y/o cuidadores de niños, niñas y adultos mayores con acciones que promueven el desarrollo de entornos protectores | M33: 450 padres, madres y/o cuidadores de niños, niñas y adultos mayores con acciones que promueven el desarrollo de entornos protectores | N33: ='[2]Plan Indicativo'!CP43 -> 0.15 | O33: Servicio | Q33: 450 | S33: ='E 2024'!U40 -> 150 | T33: 110 | U33: 110 | V33: 80 | W33: 163 | X33: =+AA33+AB33+AC33+AD33 -> 110 | Z33: =+V33+W33+X33+Y33 -> 353 | AA33: 0 | AB33: 110 | AE33: =(X33/T33)*N33 -> 0.15 | AF33: =(Z33/Q33)*N33 -> 0.11766667 | AG33: =X33/T33 -> 1 | AH33: =Z33/Q33 -> 0.78444444 | AM33: Arleth Jiménez | AZ33: Arleth Jiménez
A34: 5 | B34: 1 | C34: Vida Digna e Inclusión Social y Cultural | D34: Niñez, Adolescencia y Juventud | F34: Nuestros Niños, Niñas y Adolescentes Disfrutando de la Lúdica y la Recreación | H34: Número de acciones afirmativas de promoción de situaciones de Riesgo Social como son: Trabajo Infantil, Violencia Sexual, Maltrato Infantil realizadas | I34: Número | J34: ND | K34: 3 acciones afirmativas realizadas para la promoción de situaciones de Riesgo Social | L34: 1 acción afirmativa realizada para la promoción de situaciones de Riesgo Social | M34: 4 acciones afirmativas realizada para la promoción de situaciones de Riesgo Social | N34: ='[2]Plan Indicativo'!CP44 -> 0.15 | O34: Servicio | Q34: 4 | S34: ='E 2024'!U41 -> 1 | T34: 1 | U34: 1 | V34: 1 | W34: 1 | X34: =+AA34+AB34+AC34+AD34 -> 1 | Z34: =+V34+W34+X34+Y34 -> 3 | AA34: 0 | AB34: 1 | AE34: =(X34/T34)*N34 -> 0.15 | AF34: =(Z34/Q34)*N34 -> 0.1125 | AG34: =X34/T34 -> 1 | AH34: =Z34/Q34 -> 0.75 | AM34: Arleth Jiménez | AZ34: Arleth Jiménez
A35: 3 | B35: 1 | C35: Vida Digna e Inclusión Social y Cultural | D35: Niñez, Adolescencia y Juventud | F35: Nuestros Niños, Niñas y Adolescentes Disfrutando de la Lúdica y la Recreación | H35: Número de acciones formativas con NNA para la Prevención del Consumo de SPA | I35: Número | J35: ND | K35: 12 acciones formativas con NNA para la Prevención del Consumo de SPA | L35: 2 acciones formativas con NNA para la Prevención del Consumo de SPA | M35: 14 acciones formativas con NNA para la Prevención del Consumo de SPA | N35: ='[2]Plan Indicativo'!CP45 -> 0.15 | O35: Servicio | Q35: 14 | S35: ='E 2024'!U42 -> 4 | T35: 5 | U35: 5 | V35: 0 | W35: 1 | X35: =+AA35+AB35+AC35+AD35 -> 2 | Z35: =+V35+W35+X35+Y35 -> 3 | AA35: 0 | AB35: 2 | AE35: =(X35/T35)*N35 -> 0.06 | AF35: =(Z35/Q35)*N35 -> 0.032142857 | AG35: =X35/T35 -> 0.4 | AH35: =Z35/Q35 -> 0.21428571 | AM35: Arleth Jiménez Elix Gomezcasseres | AZ35: Elix Gomezcasseres
A36: 3 | B36: 1 | C36: Vida Digna e Inclusión Social y Cultural | D36: Niñez, Adolescencia y Juventud | F36: Nuestros Niños, Niñas y Adolescentes Disfrutando de la Lúdica y la Recreación | H36: Número de Acciones formativas con NNA para la Prevención del Fomento de Hábitos Saludables en Salud Oral | I36: Número | J36: ND | K36: 11 acciones formativas con NNA para la prevención del Fomento de Hábitos Saludables en Salud Oral | L36: 1 acción formativa con NNA para la prevención del Fomento de Hábitos Saludables en Salud Oral | M36: 12 acciones formativas con NNA para la prevención del Fomento de Hábitos Saludables en Salud Oral | N36: ='[2]Plan Indicativo'!CP46 -> 0.15 | O36: Servicio | Q36: 12 | S36: ='E 2024'!U43 -> 6 | T36: 2 | U36: 2 | V36: 2 | W36: 8 | X36: =+AA36+AB36+AC36+AD36 -> 2 | Z36: =+V36+W36+X36+Y36 -> 12 | AA36: 0 | AB36: 2 | AE36: =(X36/T36)*N36 -> 0.15 | AF36: =(Z36/Q36)*N36 -> 0.15 | AG36: =X36/T36 -> 1 | AH36: =Z36/Q36 -> 1 | AM36: Arleth Jiménez Elix Gomezcasseres | AZ36: Elix Gomezcasseres
A37: 3 | B37: 1 | C37: Vida Digna e Inclusión Social y Cultural | D37: Niñez, Adolescencia y Juventud | F37: Nuestros Niños, Niñas y Adolescentes Disfrutando de la Lúdica y la Recreación | H37: Número de Acciones formativas con NNA para la Prevención del Suicidio | I37: Número | J37: ND | K37: 12 acciones formativas con NNA para la Prevención del Suicidio | L37: 3 acciones formativas con NNA para la Prevención del Suicidio | M37: 15 acciones formativas con NNA para la Prevención del Suicidio | N37: ='[2]Plan Indicativo'!CP47 -> 0.1 | O37: Servicio | Q37: 15 | S37: ='E 2024'!U44 -> 5 | T37: 5 | U37: 2 | V37: 3 | W37: 6 | X37: =+AA37+AB37+AC37+AD37 -> 0 | Z37: =+V37+W37+X37+Y37 -> 9 | AA37: 0 | AB37: 0 | AE37: =(X37/T37)*N37 -> 0 | AF37: =(Z37/Q37)*N37 -> 0.06 | AG37: =X37/T37 -> 0 | AH37: =Z37/Q37 -> 0.6 | AM37: Arleth Jiménez Elix Gomezcasseres | AZ37: Elix Gomezcasseres
A38: 5 | B38: 1 | C38: Vida Digna e Inclusión Social y Cultural | D38: Niñez, Adolescencia y Juventud | F38: Nuestros Niños, Niñas y Adolescentes Disfrutando de la Lúdica y la Recreación | H38: Número de jornadas donde niños, niñas y adolescentes que participan y disfrutan de actividades lúdicas extramurales | I38: Número | J38: ND | K38: 9 jornadas lúdicas realizadas | L38: 3 jornadas lúdicas realizadas | M38: 12 jornadas lúdicas realizadas | N38: ='[2]Plan Indicativo'!CP48 -> 0.15 | O38: Servicio | Q38: 12 | S38: ='E 2024'!U45 -> 3 | T38: 2 | U38: 0 | V38: 7 | W38: 5 | X38: =+AA38+AB38+AC38+AD38 -> 2 | Z38: =+V38+W38+X38+Y38 -> 14 | AA38: 0 | AB38: 2 | AE38: =(X38/T38)*N38 -> 0.15 | AF38: 0.15 | AG38: =X38/T38 -> 1 | AH38: 1 | AM38: Arleth Jiménez | AZ38: Arleth Jiménez
F39: Avance Programa Nuestros Niños, Niñas y Adolescentes Disfrutando de la Lúdica y la Recreación | AE39: =SUM(AE32:AE38) -> 0.66 | AF39: =SUM(AF32:AF38) -> 0.70430952 | AG39: =AVERAGE(AG32:AG38) -> 0.62857143 | AH39: =AVERAGE(AH32:AH38) -> 0.6993424
A40: 9 | B40: 1 | C40: Vida Digna e Inclusión Social y Cultural | D40: Niñez, Adolescencia y Juventud | F40: Casa de la Juventud: Fortaleciendo el Desarrollo Integral de los Adolescentes y Jóvenes | H40: Número de casas de la juventud con atención a adolescentes y jóvenes | I40: Número | J40: ND | K40: 1 Casa de la Juventud construida o habilitada y funcionando | M40: 1 Casa de la Juventud construida o habilitada y funcionando | N40: ='[2]Plan Indicativo'!CP50 -> 0.5 | O40: Bien | Q40: 1 | S40: ='E 2024'!U47 -> 0 | T40: 0 | U40: 1 | V40: 0 | W40: 0 | X40: =+AA40+AB40+AC40+AD40 -> 0 | Z40: =+V40+W40+X40+Y40 -> 0 | AA40: 0 | AB40: 0 | AE40: NP | AF40: =(Z40/Q40)*N40 -> 0 | AG40: NP | AH40: =Z40/Q40 -> 0 | AM40: Frank Ricaurte Sossa | AZ40: Frank Ricaurte Sossa
A41: 4 | B41: 1 | C41: Vida Digna e Inclusión Social y Cultural | D41: Niñez, Adolescencia y Juventud | F41: Casa de la Juventud: Fortaleciendo el Desarrollo Integral de los Adolescentes y Jóvenes | H41: Número de jornadas de capacitación a adolescentes y jóvenes de la LHCN | I41: Número | J41: ND | K41: 6 jornadas de capacitación | L41: 3 jornadas de capacitación | M41: 9 jornadas de capacitación | N41: ='[2]Plan Indicativo'!CP51 -> 0.2 | O41: Servicio | Q41: 9 | S41: ='E 2024'!U48 -> 1 | T41: 1 | U41: 2 | V41: 5 | W41: 6 | X41: =+AA41+AB41+AC41+AD41 -> 3 | Z41: =+V41+W41+X41+Y41 -> 14 | AA41: 0 | AB41: 3 | AE41: 0.2 | AF41: 0.2 | AG41: 1 | AH41: 1 | AM41: Arleth Jiménez | AZ41: Arleth Jiménez
A42: 4 | B42: 1 | C42: Vida Digna e Inclusión Social y Cultural | D42: Niñez, Adolescencia y Juventud | F42: Casa de la Juventud: Fortaleciendo el Desarrollo Integral de los Adolescentes y Jóvenes | H42: Número de jornadas de atención integral a adolescentes y jóvenes de la LHCN | I42: Número | J42: ND | K42: 6 jornadas de atención integral a adolescentes y jóvenes de la LHCN | L42: 6 jornadas de atención integral a adolescentes y jóvenes de la LHCN | M42: 12 jornadas de atención integral a adolescentes y jóvenes de la LHCN | N42: ='[2]Plan Indicativo'!CP52 -> 0.3 | O42: Servicio | Q42: 12 | S42: ='E 2024'!U49 -> 3 | T42: 3 | U42: 4 | V42: 2 | W42: 5 | X42: =+AA42+AB42+AC42+AD42 -> 1 | Z42: =+V42+W42+X42+Y42 -> 8 | AA42: 0 | AB42: 1 | AE42: =(X42/T42)*N42 -> 0.1 | AF42: =(Z42/Q42)*N42 -> 0.2 | AG42: =X42/T42 -> 0.33333333 | AH42: =Z42/Q42 -> 0.66666667 | AM42: Arleth Jiménez | AZ42: Arleth Jiménez
F43: Avance Programa Casa de la Juventud: Fortaleciendo el Desarrollo Integral de los Adolescentes y Jóvenes | AE43: =SUM(AE40:AE42) -> 0.3 | AF43: =SUM(AF40:AF42) -> 0.4 | AG43: =AVERAGE(AG40:AG42) -> 0.66666667 | AH43: =AVERAGE(AH40:AH42) -> 0.55555556
D44: Avance Impulsor de Avance NIÑEZ ADOLESCENCIA Y JUVENTUD | AE44: =AVERAGE(AE43,AE39) -> 0.48 | AF44: =AVERAGE(AF43,AF39) -> 0.55215476 | AG44: =AVERAGE(AG43,AG39) -> 0.64761905 | AH44: =AVERAGE(AH43,AH39) -> 0.62744898
A45: 10 | B45: 1 | C45: Vida Digna e Inclusión Social y Cultural | D45: Enfoque de Género y Diversidad | F45: Mujeres Empoderadas: Camino a la Igualdad | H45: Número de mujeres formadas en mecanismos para la protección de los derechos humanos y participación comunitaria con enfoque de género | I45: Número | J45: ND | K45: 500 de mujeres formadas en mecanismos para la protección de los derechos humanos y participación comunitaria con enfoque de género | L45: 300 de mujeres formadas en mecanismos para la protección de los derechos humanos y participación comunitaria con enfoque de género | M45: 800 de mujeres formadas en mecanismos para la protección de los derechos humanos y participación comunitaria con enfoque de género | N45: ='[2]Plan Indicativo'!CP55 -> 0.2 | O45: Servicio | Q45: 800 | S45: ='E 2024'!U52 -> 250 | T45: 250 | U45: 250 | V45: 50 | W45: 621 | X45: =+AA45+AB45+AC45+AD45 -> 273 | Z45: 832 | AA45: 172 | AB45: 101 | AE45: 0.2 | AF45: 0.2 | AG45: 1 | AH45: 1 | AM45: Elix Gomezcasseres | AZ45: Elix Gomezcasseres
A46: 10 | B46: 1 | C46: Vida Digna e Inclusión Social y Cultural | D46: Enfoque de Género y Diversidad | F46: Mujeres Empoderadas: Camino a la Igualdad | H46: Número de mujeres participando del proyecto Territorios Libres de Violencia | I46: Número | J46: ND | K46: 20 mujeres en el proyecto Territorios Libres de Violencia | L46: 5 mujeres en el proyecto Territorios Libres de Violencia | M46: 25 mujeres en el proyecto Territorios Libres de Violencia | N46: ='[2]Plan Indicativo'!CP56 -> 0.2 | O46: Servicio | Q46: 25 | S46: ='E 2024'!U53 -> 25 | T46: 25 | U46: 25 | V46: 25 | W46: 0 | X46: =+AA46+AB46+AC46+AD46 -> 0 | Z46: =+V46+W46+X46+Y46 -> 25 | AA46: 0 | AB46: 0 | AE46: =(X46/T46)*N46 -> 0 | AF46: =(Z46/Q46)*N46 -> 0.2 | AG46: =X46/T46 -> 0 | AH46: =Z46/Q46 -> 1 | AM46: Elix Gomezcasseres | AZ46: Elix Gomezcasseres
A47: 10 | B47: 1 | C47: Vida Digna e Inclusión Social y Cultural | D47: Enfoque de Género y Diversidad | F47: Mujeres Empoderadas: Camino a la Igualdad | H47: Número de actividades encaminadas al Fortalecimiento de la Red Local de Local de Prevención de las Violencias contra las Mujeres y Respeto por la Diversidad | I47: Número | J47: ND | K47: 4 actividades realizadas | L47: 2 actividades realizadas | M47: 6 actividades realizadas | N47: ='[2]Plan Indicativo'!CP57 -> 0.2 | O47: Servicio | Q47: 6 | S47: ='E 2024'!U54 -> 4 | T47: 1 | U47: 0 | V47: 2 | W47: 6 | X47: =+AA47+AB47+AC47+AD47 -> 4 | Z47: =+V47+W47+X47+Y47 -> 12 | AA47: 2 | AB47: 2 | AE47: 0.2 | AF47: 0.2 | AG47: 1 | AH47: 1 | AM47: Elix Gomezcasseres | AZ47: Elix Gomezcasseres
A48: 10 | B48: 1 | C48: Vida Digna e Inclusión Social y Cultural | D48: Enfoque de Género y Diversidad | F48: Mujeres Empoderadas: Camino a la Igualdad | H48: Número de ferias de empleabilidad para mujeres en estado de vulnerabilidad | I48: Número | J48: ND | K48: 3 ferias de empleabilidad para mujeres en estado de vulnerabilidad | L48: 1 feria de empleabilidad para mujeres en estado de vulnerabilidad | M48: 4 ferias de empleabilidad para mujeres en estado de vulnerabilidad | N48: ='[2]Plan Indicativo'!CP58 -> 0.2 | O48: Servicio | Q48: 4 | S48: ='E 2024'!U55 -> 1 | T48: 1 | U48: 1 | V48: 1 | W48: 1 | X48: =+AA48+AB48+AC48+AD48 -> 1 | Z48: =+V48+W48+X48+Y48 -> 3 | AA48: 1 | AB48: 0 | AE48: =(X48/T48)*N48 -> 0.2 | AF48: =(Z48/Q48)*N48 -> 0.15 | AG48: =X48/T48 -> 1 | AH48: =Z48/Q48 -> 0.75 | AM48: Elix Gomezcasseres | AZ48: Elix Gomezcasseres
A49: 8 | B49: 1 | C49: Vida Digna e Inclusión Social y Cultural | D49: Enfoque de Género y Diversidad | F49: Mujeres Empoderadas: Camino a la Igualdad | H49: Número de ferias de emprendimiento que les permitan a las mujeres artesanas de la localidad vender sus productos | I49: Número | J49: ND | K49: 2 ferias de emprendimiento para mujeres artesanas de la localidad | L49: 1 feria de emprendimiento para mujeres artesanas de la localidad | M49: 3 ferias de emprendimiento para mujeres artesanas de la localidad | N49: ='[2]Plan Indicativo'!CP59 -> 0.2 | O49: Servicio | Q49: 3 | S49: ='E 2024'!U56 -> 1 | T49: 1 | U49: 1 | V49: 0 | W49: 3 | X49: =+AA49+AB49+AC49+AD49 -> 0 | Z49: =+V49+W49+X49+Y49 -> 3 | AA49: 0 | AB49: 0 | AE49: =(X49/T49)*N49 -> 0 | AF49: =(Z49/Q49)*N49 -> 0.2 | AG49: =X49/T49 -> 0 | AH49: =Z49/Q49 -> 1 | AM49: Elix Gomezcasseres | AZ49: Elix Gomezcasseres
F50: Avance Programa Mujeres Empoderadas: Camino a la Igualdad | AE50: =SUM(AE45:AE49) -> 0.6 | AF50: =SUM(AF45:AF49) -> 0.95 | AG50: =AVERAGE(AG45:AG49) -> 0.6 | AH50: =AVERAGE(AH45:AH49) -> 0.95
A51: 5 | B51: 1 | C51: Vida Digna e Inclusión Social y Cultural | D51: Enfoque de Género y Diversidad | F51: Localidad Inclusiva | H51: Número de personas sensibilizadas frente a la inclusión social y el respeto de los derechos de las personas pertenecientes a la comunidad LGBTIQ+ | I51: Número | J51: ND | K51: 150 personas sensibilizadas frente a la inclusión social y el respeto de los derechos de las personas pertenecientes a la comunidad LGBTIQ+ | L51: 50 personas sensibilizadas frente a la inclusión social y el respeto de los derechos de las personas pertenecientes a la comunidad LGBTIQ+ | M51: 200 personas sensibilizadas frente a la inclusión social y el respeto de los derechos de las personas pertenecientes a la comunidad LGBTIQ+ | N51: ='[2]Plan Indicativo'!CP61 -> 0.4 | O51: Servicio | Q51: 200 | S51: ='E 2024'!U58 -> 195 | T51: 0 | U51: 0 | V51: 5 | W51: 292 | X51: =+AA51+AB51+AC51+AD51 -> 108 | Z51: =+V51+W51+X51+Y51 -> 405 | AA51: 54 | AB51: 54 | AE51: NP | AF51: 0.4 | AG51: NP | AH51: 1 | AM51: Elix Gomezcasseres | AZ51: Elix Gomezcasseres
A52: 5 | B52: 1 | C52: Vida Digna e Inclusión Social y Cultural | D52: Enfoque de Género y Diversidad | F52: Localidad Inclusiva | H52: Número de acciones de prevención de las diferentes formas de homofobia que fomentan la violencia contra la población diversa de la localidad | I52: Número | J52: ND | K52: 3 acciones de prevención de las diferentes formas de homofobia que fomentan la violencia contra la población diversa realizadas | L52: 2 acciones de prevención de las diferentes formas de homofobia que fomentan la violencia contra la población diversa realizadas | M52: 5 acciones de prevención de las diferentes formas de homofobia que fomentan la violencia contra la población diversa realizadas | N52: ='[2]Plan Indicativo'!CP62 -> 0.4 | O52: Servicio | Q52: 5 | S52: ='E 2024'!U59 -> 1 | T52: 0 | U52: 0 | V52: 4 | W52: 4 | X52: =+AA52+AB52+AC52+AD52 -> 2 | Z52: =+V52+W52+X52+Y52 -> 10 | AA52: 1 | AB52: 1 | AE52: NP | AF52: 0.4 | AG52: NP | AH52: 1 | AM52: Elix Gomezcasseres | AZ52: Elix Gomezcasseres
A53: 5 | B53: 1 | C53: Vida Digna e Inclusión Social y Cultural | D53: Enfoque de Género y Diversidad | F53: Localidad Inclusiva | H53: Número de funcionarios y servidores públicos de la LHCN formados en prevención y atención integral de violencias y actos de discriminación a la población LGBTIQ+ | I53: Número | J53: ND | K53: 30 funcionarios y servidores públicos de la LHCN formados en prevención y atención integral de violencias y actos de discriminación a la población LGBTIQ+ | M53: 30 funcionarios y servidores públicos de la LHCN formados en prevención y atención integral de violencias y actos de discriminación a la población LGBTIQ+ | N53: ='[2]Plan Indicativo'!CP63 -> 0.2 | O53: Servicio | Q53: 30 | S53: ='E 2024'!U60 -> 30 | T53: 0 | U53: 0 | V53: 0 | W53: 10 | X53: =+AA53+AB53+AC53+AD53 -> 37 | Z53: =+V53+W53+X53+Y53 -> 47 | AA53: 24 | AB53: 13 | AE53: NP | AF53: 0.2 | AG53: NP | AH53: 1 | AM53: Elix Gomezcasseres | AZ53: Elix Gomezcasseres
F54: Avance Programa Localidad Inclusiva | AE54: =SUM(AE51:AE53) -> 0 | AF54: =SUM(AF51:AF53) -> 1 | AG54: NP | AH54: =AVERAGE(AH51:AH53) -> 1
D55: Avance Impulsor de Avance ENFOQUE DE GÉNERO Y DIVERSIDAD | AE55: =AVERAGE(AE54,AE50) -> 0.3 | AF55: =AVERAGE(AF54,AF50) -> 0.975 | AG55: =AVERAGE(AG54,AG50) -> 0.6 | AH55: =AVERAGE(AH54,AH50) -> 0.975
A56: 10 | B56: 1 | C56: Vida Digna e Inclusión Social y Cultural | D56: Enfoque de Personas con Discapacidad | F56: Capacidades Diversas - Uniendo Fortalezas | H56: Número de Actividades lúdicas y recreativas con niños, niñas y adultos con condición de discapacidad realizadas | I56: Número | J56: ND | K56: 4 actividades Lúdicas y Recreativas con niños, niñas y adultos con condición de discapacidad realizadas | L56: 3 actividades Lúdicas y Recreativas con niños, niñas y adultos con condición de discapacidad realizadas | M56: 7 actividades Lúdicas y Recreativas con niños, niñas y adultos con condición de discapacidad realizadas | N56: ='[2]Plan Indicativo'!CP66 -> 0.2 | O56: Servicio | Q56: 7 | S56: ='E 2024'!U63 -> 5 | T56: 0 | U56: 0 | V56: 2 | W56: 2 | X56: =+AA56+AB56+AC56+AD56 -> 3 | Z56: =+V56+W56+X56+Y56 -> 7 | AA56: 0 | AB56: 3 | AE56: NP | AF56: =(Z56/Q56)*N56 -> 0.2 | AG56: NP | AH56: =Z56/Q56 -> 1 | AM56: Sin Asignar | AZ56: Sin Asignar
A57: 10 | B57: 1 | C57: Vida Digna e Inclusión Social y Cultural | D57: Enfoque de Personas con Discapacidad | F57: Capacidades Diversas - Uniendo Fortalezas | H57: Número de encuentros de madres cuidadoras y personas con discapacidad realizados | I57: Número | J57: ND | K57: 3 encuentros de madres cuidadoras y personas con discapacidad realizados | L57: 1 encuentro de madres cuidadoras y personas con discapacidad realizado | M57: 4 encuentros de madres cuidadoras y personas con discapacidad realizados | N57: ='[2]Plan Indicativo'!CP67 -> 0.2 | O57: Servicio | Q57: 4 | S57: ='E 2024'!U64 -> 1 | T57: 1 | U57: 1 | V57: 1 | W57: 7 | X57: =+AA57+AB57+AC57+AD57 -> 0 | Z57: =+V57+W57+X57+Y57 -> 8 | AA57: 0 | AB57: 0 | AE57: =(X57/T57)*N57 -> 0 | AF57: 0.2 | AG57: =X57/T57 -> 0 | AH57: 1 | AI57: Dentro del marco de las elecciones del comite de discapacidad se generaron varios encuentros con cuidadoras y personas en condicion de discapacidad capacitando y apoyando su ingreso como candidatos al comite local de discapacidad y como votantes en este mismo proceso, capacitando a todos sobre la importancia de ser participe de las elecciones para elegir representantes o para ser candidatos y de esta manera tomar parte en las decisiones y destinacion de los recursos locales destinados para este programa cumpliendo con la politica publica distrital. | AM57: Sin Asignar | AZ57: Sin Asignar
A58: 4 | B58: 1 | C58: Vida Digna e Inclusión Social y Cultural | D58: Enfoque de Personas con Discapacidad | F58: Capacidades Diversas - Uniendo Fortalezas | H58: Número de unidades de sistemas tecnológicos y herramientas pedagógicas, materiales didácticos, mobiliario, equipo, etc. para niños, niñas y adultos con condición de discapacidad | I58: Número | J58: ND | K58: 200 unidades de sistemas tecnológicos y herramientas pedagógicas, materiales didácticos, mobiliario, equipo, etc. | L58: 150 unidades de sistemas tecnológicos y herramientas pedagógicas, materiales didácticos, mobiliario, equipo, etc. | M58: 350 unidades de sistemas tecnológicos y herramientas pedagógicas, materiales didácticos, mobiliario, equipo, etc. | N58: ='[2]Plan Indicativo'!CP68 -> 0.2 | O58: Bien | Q58: 350 | S58: ='E 2024'!U65 -> 0 | T58: 148 | U58: 200 | V58: 2 | W58: 0 | X58: =+AA58+AB58+AC58+AD58 -> 0 | Z58: =+V58+W58+X58+Y58 -> 2 | AA58: 0 | AB58: 0 | AE58: =(X58/T58)*N58 -> 0 | AF58: =(Z58/Q58)*N58 -> 0.0011428571 | AG58: =X58/T58 -> 0 | AH58: =Z58/Q58 -> 0.0057142857 | AI58: La meta programada no pudo ser ejecutada durante el periodo correspondiente,debido a que no se conto con un rubro presupuestal asignado para su desarrollo. | AM58: Sin Asignar | AZ58: Sin Asignar
A59: 10 | B59: 1 | C59: Vida Digna e Inclusión Social y Cultural | D59: Enfoque de Personas con Discapacidad | F59: Capacidades Diversas - Uniendo Fortalezas | H59: Caracterización de la población con discapacidad e infraestructura adecuada (vías, colegios, parques, etc.) | I59: Número | J59: ND | K59: 1 Caracterización de la población con discapacidad e infraestructura adecuada (vías, colegios, parques, etc.) realizada | L59: 1 Caracterización de la población con discapacidad e infraestructura adecuada (vías, colegios, parques, etc.) realizada | M59: 2 Caracterizaciones de la población con discapacidad e infraestructura adecuada (vías, colegios, parques, etc.) realizada | N59: ='[2]Plan Indicativo'!CP69 -> 0.2 | O59: Servicio | Q59: 2 | S59: ='E 2024'!U66 -> 1 | T59: 1 | U59: 0 | V59: 0 | W59: 1 | X59: =+AA59+AB59+AC59+AD59 -> 1 | Z59: =+V59+W59+X59+Y59 -> 2 | AA59: 0 | AB59: 1 | AE59: =(X59/T59)*N59 -> 0.2 | AF59: =(Z59/Q59)*N59 -> 0.2 | AG59: =X59/T59 -> 1 | AH59: =Z59/Q59 -> 1 | AI59: Se adjuntaron em las evidencias diferentes tipos de matriz de caracterizacion que se esta realizando desde el mes de septiembre del 2025 con la finalidad de reportar el avance en la construccion de la caracterizacion de las personas en condicion de discapacidad , esperamos para junio de 2026 tener toda la informacion exacta consolidada en el aplicativo SIC de manera oficial. | AM59: Sin Asignar | AZ59: Sin Asignar
A60: 10 | B60: 1 | C60: Vida Digna e Inclusión Social y Cultural | D60: Enfoque de Personas con Discapacidad | F60: Capacidades Diversas - Uniendo Fortalezas | H60: Número de acciones de inclusión para la población con discapacidad auditiva | I60: Número | J60: ND | K60: 5 acciones de inclusión para la población con discapacidad auditiva | L60: 2 acciones de inclusión para la población con discapacidad auditiva | M60: 7 acciones de inclusión para la población con discapacidad auditiva | N60: ='[2]Plan Indicativo'!CP70 -> 0.2 | O60: Servicio | Q60: 7 | S60: ='E 2024'!U67 -> 2 | T60: 2 | U60: 2 | V60: 1 | W60: 1 | X60: =+AA60+AB60+AC60+AD60 -> 5 | Z60: =+V60+W60+X60+Y60 -> 7 | AA60: 0 | AB60: 5 | AE60: 0.2 | AF60: =(Z60/Q60)*N60 -> 0.2 | AG60: 1 | AH60: =Z60/Q60 -> 1 | AI60: Dentro del marco de las elecciones del comite de discapacidad local llevadas a cabo desde el mes de septiembre del 2025 se realizo el acercamiento con la asociacion Asorbol con la finalidad de apoyar las inscripciones de esta poblacion como candidatos y votantes al comite en aras de buscar la inclusion de personas con esta condicion en el comite local para la ejecucion de un futuro trabajo mancomunado | AM60: Sin Asignar | AZ60: Sin Asignar
F61: Avance Programa Capacidades Diversas - Uniendo Fortalezas | AE61: =SUM(AE56:AE60) -> 0.4 | AF61: =SUM(AF56:AF60) -> 0.80114286 | AG61: =AVERAGE(AG56:AG60) -> 0.5 | AH61: =AVERAGE(AH56:AH60) -> 0.80114286
D62: Avance Impulsor de Avance ENFOQUE DE PERSONAS CON DISCAPACIDAD | AE62: =AE61 -> 0.4 | AF62: =AF61 -> 0.80114286 | AG62: =AG61 -> 0.5 | AH62: =AH61 -> 0.80114286
A63: 3 | B63: 1 | C63: Vida Digna e Inclusión Social y Cultural | D63: Protección Integral de la Vejez | F63: Cuidando a Nuestros Mayores | H63: Número de actividades recreativas y/o culturales con adultos mayores realizadas | I63: Número | J63: 2882 | K63: 9 actividades recreativas y/o culturales con adultos mayores realizadas | L63: 9 actividades recreativas y/o culturales con adultos mayores realizadas | M63: 18 actividades recreativas y/o culturales con adultos mayores realizadas | N63: ='[2]Plan Indicativo'!CP73 -> 0.5 | O63: Servicio | Q63: 18 | S63: ='E 2024'!U70 -> 6 | T63: 6 | U63: 6 | W63: 11 | X63: =+AA63+AB63+AC63+AD63 -> 4 | Z63: =+V63+W63+X63+Y63 -> 15 | AA63: 1 | AB63: 3 | AE63: =(X63/T63)*N63 -> 0.33333333 | AF63: =(Z63/Q63)*N63 -> 0.41666667 | AG63: =X63/T63 -> 0.66666667 | AH63: =Z63/Q63 -> 0.83333333 | AM63: Irene Pérez Lorena velasquez | AZ63: Irene Pérez Lorena velasquez
A64: 3 | B64: 1 | C64: Vida Digna e Inclusión Social y Cultural | D64: Protección Integral de la Vejez | F64: Cuidando a Nuestros Mayores | H64: Número de jornadas de atención integral para el adulto mayor realizadas | I64: Número | J64: 2882 | K64: 6 jornadas de atención integral para el adulto mayor realizadas | L64: 6 jornadas de atención integral para el adulto mayor realizadas | M64: 12 jornadas de atención integral para el adulto mayor realizadas | N64: ='[2]Plan Indicativo'!CP74 -> 0.5 | O64: Servicio | Q64: 12 | S64: ='E 2024'!U71 -> 4 | T64: 4 | U64: 3 | V64: 1 | W64: 17 | X64: =+AA64+AB64+AC64+AD64 -> 2 | Z64: =+V64+W64+X64+Y64 -> 20 | AA64: 1 | AB64: 1 | AE64: =(X64/T64)*N64 -> 0.25 | AF64: 0.5 | AG64: =X64/T64 -> 0.5 | AH64: 1 | AM64: Irene Pérez Lorena velasquez | AZ64: Irene Pérez Lorena velasquez
F65: Avance Programa Cuidando a Nuestros Mayores | AE65: =SUM(AE63:AE64) -> 0.58333333 | AF65: =SUM(AF63:AF64) -> 0.91666667 | AG65: =AVERAGE(AG63:AG64) -> 0.58333333 | AH65: =AVERAGE(AH63:AH64) -> 0.91666667
D66: Avance Impulsor de Avance PROTECCIÓN INTEGRAL DE LA VEJEZ | AE66: =AE65 -> 0.58333333 | AF66: =AF65 -> 0.91666667 | AG66: =AG65 -> 0.58333333 | AH66: =AH65 -> 0.91666667
C67: Avance Línea Estratégica VIDA DIGNA E INCLUSIÓN SOCIAL Y CULTURAL | AE67: =AVERAGE(AE66,AE62,AE55,AE44,AE31,AE25,AE16,) -> 0.26919792 | AF67: =AVERAGE(AF66,AF62,AF55,AF44,AF31,AF25,AF16,) -> 0.45646429 | AG67: =AVERAGE(AG66,AG62,AG55,AG44,AG31,AG25,AG16,) -> 0.35511905 | AH67: =AVERAGE(AH66,AH62,AH55,AH44,AH31,AH25,AH16,) -> 0.45188995
A68: 16 | B68: 2 | C68: Seguridad Humana y Bienestar Social | D68: Convivencia Vecinal y Seguridad Ciudadana | F68: Localidad con Seguridad y Convivencia Ciudadana | H68: Número de Frentes de Seguridad fortalecidos | I68: Número | J68: ND | K68: 120 Frentes de Seguridad fortalecidos | L68: 30 Frentes de Seguridad fortalecidos | M68: 150 Frentes de Seguridad fortalecidos | N68: ='[2]Plan Indicativo'!CP78 -> 0.5 | O68: Bien | Q68: 150 | S68: ='E 2024'!U75 -> 0 | T68: 0 | U68: 150 | V68: 0 | W68: 0 | X68: =+AA68+AB68+AC68+AD68 -> 0 | Z68: =+V68+W68+X68+Y68 -> 0 | AA68: 0 | AB68: 0 | AE68: NP | AF68: =(Z68/Q68)*N68 -> 0 | AG68: NP | AH68: =Z68/Q68 -> 0 | AM68: Amaury Correa | AZ68: Amaury Correa
A69: 16 | B69: 2 | C69: Seguridad Humana y Bienestar Social | D69: Convivencia Vecinal y Seguridad Ciudadana | F69: Localidad con Seguridad y Convivencia Ciudadana | H69: Número de actividades para mejorar la convivencia | I69: Número | J69: ND | K69: 6 actividades para mejorar la convivencia realizados | L69: 6 actividades para mejorar la convivencia realizados | M69: 12 actividades para mejorar la convivencia realizados | N69: ='[2]Plan Indicativo'!CP79 -> 0.5 | O69: Servicio | Q69: 12 | S69: ='E 2024'!U76 -> 4 | T69: 4 | U69: 4 | V69: 0 | W69: 0 | X69: =+AA69+AB69+AC69+AD69 -> 2 | Z69: =+V69+W69+X69+Y69 -> 2 | AA69: 2 | AB69: 0 | AE69: =(X69/T69)*N69 -> 0.25 | AF69: =(Z69/Q69)*N69 -> 0.083333333 | AG69: =X69/T69 -> 0.5 | AH69: =Z69/Q69 -> 0.16666667 | AM69: Amaury Correa | AZ69: Amaury Correa
F70: Avance Programa Localidad con Seguridad y Convivencia Ciudadana | AE70: =SUM(AE68:AE69) -> 0.25 | AF70: =SUM(AF68:AF69) -> 0.083333333 | AG70: =AVERAGE(AG68:AG69) -> 0.5 | AH70: =AVERAGE(AH68:AH69) -> 0.083333333
D71: Avance Impulsor de Avance CONVIVENCIA VECINAL Y SEGURIDAD CIUDADANA | AE71: =AE70 -> 0.25 | AF71: =AF70 -> 0.083333333 | AG71: =AG70 -> 0.5 | AH71: =AH70 -> 0.083333333
A72: 3 | B72: 2 | C72: Seguridad Humana y Bienestar Social | D72: Salud Pública y Aseguramiento | F72: Salud Integral y Saneamiento Básico en la Localidad | H72: Número de jornadas de salud integral realizadas | I72: Número | J72: ND | K72: 6 jornadas de salud integral realizadas | L72: 2 jornadas de salud integral realizadas | M72: 8 jornadas de salud integral realizadas | N72: ='[2]Plan Indicativo'!CP82 -> 0.1 | O72: Servicio | Q72: 8 | S72: ='E 2024'!U79 -> 2 | T72: 2 | U72: 2 | V72: 2 | W72: 14 | X72: =+AA72+AB72+AC72+AD72 -> 3 | Z72: =+V72+W72+X72+Y72 -> 19 | AA72: 2 | AB72: 1 | AE72: 0.1 | AF72: 0.1 | AG72: 1 | AH72: 1 | AM72: Arleth Jiménez | AZ72: Arleth Jiménez
A73: 3 | B73: 2 | C73: Seguridad Humana y Bienestar Social | D73: Salud Pública y Aseguramiento | F73: Salud Integral y Saneamiento Básico en la Localidad | H73: Número de campañas realizadas para la promoción y prevención de las ETS | I73: Número | J73: ND | K73: 8 campañas en prevención de las ETS | L73: 8 campañas en prevención de las ETS | M73: 16 campañas en prevención de las ETS | N73: ='[2]Plan Indicativo'!CP83 -> 0.1 | O73: Servicio | Q73: 16 | S73: ='E 2024'!U80 -> 8 | T73: 3 | U73: 3 | V73: 2 | W73: 10 | X73: =+AA73+AB73+AC73+AD73 -> 4 | Z73: =+V73+W73+X73+Y73 -> 16 | AA73: 1 | AB73: 3 | AE73: 0.1 | AF73: =(Z73/Q73)*N73 -> 0.1 | AG73: 1 | AH73: =Z73/Q73 -> 1 | AM73: Arleth Jiménez Elix Gomezcasseres | AZ73: Elix Gomezcasseres
A74: 3 | B74: 2 | C74: Seguridad Humana y Bienestar Social | D74: Salud Pública y Aseguramiento | F74: Salud Integral y Saneamiento Básico en la Localidad | H74: Número de jornadas realizadas en las IEO de la localidad en SPA | I74: Número | J74: ND | K74: 30 jornadas en IEO de la localidad para el desarrollo de capacidades en el manejo integral del consumo de sustancias psicoactivas y las acciones derivabas de la política pública de salud mental | L74: 10 jornadas en IEO de la localidad para el desarrollo de capacidades en el manejo integral del consumo de sustancias psicoactivas y las acciones derivabas de la política pública de salud mental | M74: 40 jornadas en IEO de la localidad para el desarrollo de capacidades en el manejo integral del consumo de sustancias psicoactivas y las acciones derivabas de la política pública de salud mental | N74: ='[2]Plan Indicativo'!CP84 -> 0.1 | O74: Servicio | Q74: 40 | S74: ='E 2024'!U81 -> 20 | T74: 10 | U74: 5 | V74: 5 | W74: 23 | X74: =+AA74+AB74+AC74+AD74 -> 5 | Z74: =+V74+W74+X74+Y74 -> 33 | AA74: 2 | AB74: 3 | AE74: =(X74/T74)*N74 -> 0.05 | AF74: =(Z74/Q74)*N74 -> 0.0825 | AG74: =X74/T74 -> 0.5 | AH74: =Z74/Q74 -> 0.825 | AM74: Elix Gomezcasseres | AZ74: Elix Gomezcasseres
A75: 3 | B75: 2 | C75: Seguridad Humana y Bienestar Social | D75: Salud Pública y Aseguramiento | F75: Salud Integral y Saneamiento Básico en la Localidad | H75: Número de unidades sanitarias instaladas | I75: Número | J75: ND | L75: 100 unidades sanitarias instaladas | M75: 100 unidades sanitarias instaladas | N75: ='[2]Plan Indicativo'!CP85 -> 0.5 | O75: Bien | Q75: 100 | S75: 50 | T75: 50 | U75: 0 | V75: 0 | W75: 0 | X75: =+AA75+AB75+AC75+AD75 -> 0 | Z75: =+V75+W75+X75+Y75 -> 0 | AA75: 0 | AB75: 0 | AE75: =(X75/T75)*N75 -> 0 | AF75: =(Z75/Q75)*N75 -> 0 | AG75: =X75/T75 -> 0 | AH75: =Z75/Q75 -> 0 | AM75: Frank Ricaurte Sossa | AZ75: Frank Ricaurte Sossa
A76: 6 | B76: 2 | C76: Seguridad Humana y Bienestar Social | D76: Salud Pública y Aseguramiento | F76: Salud Integral y Saneamiento Básico en la Localidad | H76: Número de albercas comunitarias de agua potable construidas o adecuadas en funcionamiento | J76: ND | L76: 5 albercas comunitarias de agua potable construidas o adecuadas en funcionamiento | M76: 5 albercas comunitarias de agua potable construidas o adecuadas en funcionamiento | N76: ='[2]Plan Indicativo'!CP86 -> 0.2 | O76: Bien | Q76: 5 | S76: ='E 2024'!U83 -> 0 | T76: 0 | U76: 5 | V76: 0 | W76: 0 | X76: =+AA76+AB76+AC76+AD76 -> 0 | Z76: =+V76+W76+X76+Y76 -> 0 | AA76: 0 | AB76: 0 | AE76: NP | AF76: =(Z76/Q76)*N76 -> 0 | AG76: NP | AH76: =Z76/Q76 -> 0 | AM76: Frank Ricaurte Sossa | AZ76: Frank Ricaurte Sossa
F77: Avance Programa Salud Integral y Saneamiento Básico en la Localidad | AE77: =SUM(AE72:AE76) -> 0.25 | AF77: =SUM(AF72:AF76) -> 0.2825 | AG77: =AVERAGE(AG72:AG76) -> 0.625 | AH77: =AVERAGE(AH72:AH76) -> 0.565
D78: Avance Impulsor de Avance SALUD PÚBLICA Y ASEGURAMIENTO | AE78: =AE77 -> 0.25 | AF78: =AF77 -> 0.2825 | AG78: =AG77 -> 0.625 | AH78: =AH77 -> 0.565
A79: 1 | B79: 2 | C79: Seguridad Humana y Bienestar Social | D79: Superación de la Pobreza Extrema y Seguridad Alimentaria | F79: Superación de la Pobreza | H79: Personas en pobreza extrema vinculadas al sistema financiero | I79: Número | J79: ND | K79: 2.000 personas de la LHCN vinculadas al sistema financiero | L79: 700 personas de la LHCN vinculadas al sistema financiero | M79: 2.700 personas de la LHCN vinculadas al sistema financiero | N79: ='[2]Plan Indicativo'!CP89 -> 0.2 | O79: Servicio | Q79: 2700 | S79: ='E 2024'!U86 -> 0 | T79: 0 | U79: 2700 | V79: 0 | W79: 0 | X79: =+AA79+AB79+AC79+AD79 -> 0 | Z79: =+V79+W79+X79+Y79 -> 0 | AA79: 0 | AB79: 0 | AE79: NP | AF79: =(Z79/Q79)*N79 -> 0 | AG79: NP | AH79: =Z79/Q79 -> 0 | AM79: Frank Ricaurte Sossa | AZ79: Frank Ricaurte Sossa
A80: 1 | B80: 2 | C80: Seguridad Humana y Bienestar Social | D80: Superación de la Pobreza Extrema y Seguridad Alimentaria | F80: Superación de la Pobreza | H80: Número de emprendimientos productivos con capacidades y capital semilla a población en pobreza extrema | I80: Número | J80: ND | K80: 350 emprendimientos en la LHCN | L80: 150 emprendimientos en la LHCN | M80: 500 emprendimientos en la LHCN | N80: ='[2]Plan Indicativo'!CP90 -> 0.6 | O80: Servicio | Q80: 500 | S80: ='E 2024'!U87 -> 0 | T80: 0 | U80: 500 | V80: 0 | W80: 0 | X80: =+AA80+AB80+AC80+AD80 -> 0 | Z80: =+V80+W80+X80+Y80 -> 0 | AA80: 0 | AB80: 0 | AE80: NP | AF80: =(Z80/Q80)*N80 -> 0 | AG80: NP | AH80: =Z80/Q80 -> 0 | AM80: Frank Ricaurte Sossa | AZ80: Frank Ricaurte Sossa
A81: 1 | B81: 2 | C81: Seguridad Humana y Bienestar Social | D81: Superación de la Pobreza Extrema y Seguridad Alimentaria | F81: Superación de la Pobreza | H81: Personas en pobreza extrema atendidas en feria de empleabilidad | I81: Número | J81: ND | K81: 500 personas en pobreza extrema atendidas en feria de empleabilidad | L81: 100 personas en pobreza extrema atendidas en feria de empleabilidad | M81: 600 personas en pobreza extrema atendidas en feria de empleabilidad | N81: ='[2]Plan Indicativo'!CP91 -> 0.2 | O81: Servicio | Q81: 600 | S81: ='E 2024'!U88 -> 0 | T81: 0 | U81: 200 | V81: 0 | W81: 0 | X81: =+AA81+AB81+AC81+AD81 -> 0 | Z81: =+V81+W81+X81+Y81 -> 0 | AA81: 0 | AB81: 0 | AE81: NP | AF81: =(Z81/Q81)*N81 -> 0 | AG81: NP | AH81: =Z81/Q81 -> 0 | AM81: Frank Ricaurte Sossa | AZ81: Frank Ricaurte Sossa
F82: Avance Programa Superación de la Pobreza | AE82: NP | AF82: =SUM(AF79:AF81) -> 0 | AG82: NP | AH82: =AVERAGE(AH79:AH81) -> 0
D83: Avance Impulsor de Avance SUPERACIÓN DE LA POBREZA EXTREMA Y SEGURIDAD ALIMENTARIA | AE83: NP | AF83: =+AF82 -> 0 | AG83: NP | AH83: =+AH82 -> 0
C84: Avance Línea Estratégica SEGURIDAD HUMANA Y BIENESTAR SOCIAL | AE84: =AVERAGE(AE83,AE78,AE71) -> 0.25 | AF84: =AVERAGE(AF83,AF78,AF71) -> 0.12194444 | AG84: =AVERAGE(AG83,AG78,AG71) -> 0.5625 | AH84: =AVERAGE(AH83,AH78,AH71) -> 0.21611111
A85: 8 | B85: 3 | C85: Desarrollo Económico Equitativo y Sostenible | D85: Economía Popular y Turismo Responsable | F85: Economía Popular y Emprendimiento Diferencial | H85: Número de emprendimientos productivos con capacidades y capital semilla a población en condición de discapacidad | I85: Número | J85: ND | K85: 25 | L85: 20 | M85: =K85+L85 -> 45 | N85: ='[2]Plan Indicativo'!CP95 -> 0.15 | O85: Servicio | Q85: 45 | S85: ='E 2024'!U92 -> 0 | T85: 0 | U85: 45 | V85: 0 | W85: 0 | X85: =+AA85+AB85+AC85+AD85 -> 0 | Z85: =+V85+W85+X85+Y85 -> 0 | AA85: 0 | AB85: 0 | AE85: NP | AF85: =(Z85/Q85)*N85 -> 0 | AG85: NP | AH85: =Z85/Q85 -> 0 | AM85: Frank Ricaurte Sossa | AZ85: Frank Ricaurte Sossa
A86: 8 | B86: 3 | C86: Desarrollo Económico Equitativo y Sostenible | D86: Economía Popular y Turismo Responsable | F86: Economía Popular y Emprendimiento Diferencial | H86: Número de emprendimientos productivos con capacidades y capital semilla a adultos mayores | I86: Número | J86: ND | K86: 25 | L86: 50 | M86: =K86+L86 -> 75 | N86: ='[2]Plan Indicativo'!CP96 -> 0.1 | O86: Servicio | Q86: 75 | S86: ='E 2024'!U93 -> 0 | T86: 0 | U86: 75 | V86: 0 | W86: 0 | X86: =+AA86+AB86+AC86+AD86 -> 0 | Z86: =+V86+W86+X86+Y86 -> 0 | AA86: 0 | AB86: 0 | AE86: NP | AF86: =(Z86/Q86)*N86 -> 0 | AG86: NP | AH86: =Z86/Q86 -> 0 | AM86: Frank Ricaurte Sossa | AZ86: Frank Ricaurte Sossa
A87: 8 | B87: 3 | C87: Desarrollo Económico Equitativo y Sostenible | D87: Economía Popular y Turismo Responsable | F87: Economía Popular y Emprendimiento Diferencial | H87: Número de emprendimientos productivos con capacidades y capital semilla a mujeres cabeza de hogar | I87: Número | J87: ND | K87: 50 | L87: 100 | M87: =K87+L87 -> 150 | N87: ='[2]Plan Indicativo'!CP97 -> 0.2 | O87: Servicio | Q87: 150 | S87: ='E 2024'!U94 -> 0 | T87: 0 | U87: 150 | V87: 0 | W87: 0 | X87: =+AA87+AB87+AC87+AD87 -> 0 | Z87: =+V87+W87+X87+Y87 -> 0 | AA87: 0 | AB87: 0 | AE87: NP | AF87: =(Z87/Q87)*N87 -> 0 | AG87: NP | AH87: =Z87/Q87 -> 0 | AM87: Frank Ricaurte Sossa | AZ87: Frank Ricaurte Sossa
A88: 8 | B88: 3 | C88: Desarrollo Económico Equitativo y Sostenible | D88: Economía Popular y Turismo Responsable | F88: Economía Popular y Emprendimiento Diferencial | H88: Número de emprendimientos productivos con capacidades y capital semilla a madres cuidadoras | I88: Número | J88: ND | K88: 25 | L88: 25 | M88: =K88+L88 -> 50 | N88: ='[2]Plan Indicativo'!CP98 -> 0.05 | O88: Servicio | Q88: 50 | S88: ='E 2024'!U95 -> 0 | T88: 0 | U88: 50 | V88: 0 | W88: 0 | X88: =+AA88+AB88+AC88+AD88 -> 0 | Z88: =+V88+W88+X88+Y88 -> 0 | AA88: 0 | AB88: 0 | AE88: NP | AF88: =(Z88/Q88)*N88 -> 0 | AG88: NP | AH88: =Z88/Q88 -> 0 | AM88: Frank Ricaurte Sossa | AZ88: Frank Ricaurte Sossa
A89: 8 | B89: 3 | C89: Desarrollo Económico Equitativo y Sostenible | D89: Economía Popular y Turismo Responsable | F89: Economía Popular y Emprendimiento Diferencial | H89: Número de emprendimientos productivos con capacidades y capital semilla a iniciativas culturales | I89: Número | J89: ND | K89: 15 | L89: 15 | M89: =K89+L89 -> 30 | N89: ='[2]Plan Indicativo'!CP99 -> 0.05 | O89: Servicio | Q89: 30 | S89: ='E 2024'!U96 -> 0 | T89: 0 | U89: 30 | V89: 0 | W89: 0 | X89: =+AA89+AB89+AC89+AD89 -> 0 | Z89: =+V89+W89+X89+Y89 -> 0 | AA89: 0 | AB89: 0 | AE89: NP | AF89: =(Z89/Q89)*N89 -> 0 | AG89: NP | AH89: =Z89/Q89 -> 0 | AM89: Frank Ricaurte Sossa | AZ89: Frank Ricaurte Sossa
A90: 8 | B90: 3 | C90: Desarrollo Económico Equitativo y Sostenible | D90: Economía Popular y Turismo Responsable | F90: Economía Popular y Emprendimiento Diferencial | H90: Número de emprendimientos productivos con capacidades y capital semilla a iniciativas deportivas | I90: Número | J90: ND | K90: 10 | L90: 10 | M90: =K90+L90 -> 20 | N90: ='[2]Plan Indicativo'!CP100 -> 0.05 | O90: Servicio | Q90: 20 | S90: ='E 2024'!U97 -> 0 | T90: 0 | U90: 20 | V90: 0 | W90: 0 | X90: =+AA90+AB90+AC90+AD90 -> 0 | Z90: =+V90+W90+X90+Y90 -> 0 | AA90: 0 | AB90: 0 | AE90: NP | AF90: =(Z90/Q90)*N90 -> 0 | AG90: NP | AH90: =Z90/Q90 -> 0 | AM90: Frank Ricaurte Sossa | AZ90: Frank Ricaurte Sossa
A91: 8 | B91: 3 | C91: Desarrollo Económico Equitativo y Sostenible | D91: Economía Popular y Turismo Responsable | F91: Economía Popular y Emprendimiento Diferencial | H91: Número de emprendimientos productivos con capacidades y capital semilla a jóvenes | I91: Número | J91: ND | K91: 15 | L91: 15 | M91: =K91+L91 -> 30 | N91: ='[2]Plan Indicativo'!CP101 -> 0.05 | O91: Servicio | Q91: 30 | S91: ='E 2024'!U98 -> 0 | T91: 0 | U91: 30 | V91: 0 | W91: 0 | X91: =+AA91+AB91+AC91+AD91 -> 0 | Z91: =+V91+W91+X91+Y91 -> 0 | AA91: 0 | AB91: 0 | AE91: NP | AF91: =(Z91/Q91)*N91 -> 0 | AG91: NP | AH91: =Z91/Q91 -> 0 | AM91: Frank Ricaurte Sossa | AZ91: Frank Ricaurte Sossa
A92: 8 | B92: 3 | C92: Desarrollo Económico Equitativo y Sostenible | D92: Economía Popular y Turismo Responsable | F92: Economía Popular y Emprendimiento Diferencial | H92: Número de emprendimientos productivos con capacidades y capital semilla a población LGBTIQ+ | I92: Número | J92: ND | K92: 10 | L92: 10 | M92: =K92+L92 -> 20 | N92: ='[2]Plan Indicativo'!CP102 -> 0.05 | O92: Servicio | Q92: 20 | S92: ='E 2024'!U99 -> 0 | T92: 0 | U92: 20 | V92: 0 | W92: 0 | X92: =+AA92+AB92+AC92+AD92 -> 0 | Z92: =+V92+W92+X92+Y92 -> 0 | AA92: 0 | AB92: 0 | AE92: NP | AF92: =(Z92/Q92)*N92 -> 0 | AG92: NP | AH92: =Z92/Q92 -> 0 | AM92: Frank Ricaurte Sossa | AZ92: Frank Ricaurte Sossa
A93: 8 | B93: 3 | C93: Desarrollo Económico Equitativo y Sostenible | D93: Economía Popular y Turismo Responsable | F93: Economía Popular y Emprendimiento Diferencial | H93: Número de emprendimientos productivos con capacidades y capital semilla a población afrocolombiana | I93: Número | J93: ND | K93: 50 | L93: 50 | M93: =K93+L93 -> 100 | N93: ='[2]Plan Indicativo'!CP103 -> 0.1 | O93: Servicio | Q93: 100 | S93: ='E 2024'!U100 -> 0 | T93: 0 | U93: 100 | V93: 0 | W93: 0 | X93: =+AA93+AB93+AC93+AD93 -> 0 | Z93: =+V93+W93+X93+Y93 -> 0 | AA93: 0 | AB93: 0 | AE93: NP | AF93: =(Z93/Q93)*N93 -> 0 | AG93: NP | AH93: =Z93/Q93 -> 0 | AM93: Frank Ricaurte Sossa | AZ93: Frank Ricaurte Sossa
A94: 8 | B94: 3 | C94: Desarrollo Económico Equitativo y Sostenible | D94: Economía Popular y Turismo Responsable | F94: Economía Popular y Emprendimiento Diferencial | H94: Número de personas formadas en competencias laborales | I94: Número | J94: ND | K94: 360 personas formadas en competencias laborales | L94: 280 personas formadas en competencias laborales | M94: 640 personas formadas en competencias laborales | N94: ='[2]Plan Indicativo'!CP104 -> 0.05 | O94: Servicio | Q94: 640 | S94: ='E 2024'!U101 -> 150 | T94: 190 | U94: 180 | V94: 120 | W94: 373 | X94: =+AA94+AB94+AC94+AD94 -> 349 | Z94: =+V94+W94+X94+Y94 -> 842 | AA94: 0 | AB94: 349 | AE94: 0.05 | AF94: =(Z94/Q94)*N94 -> 0.06578125 | AG94: 1 | AH94: =Z94/Q94 -> 1.315625 | AM94: Bernarda Correa Amaury Correa | AZ94: Bernarda Correa
A95: 8 | B95: 3 | C95: Desarrollo Económico Equitativo y Sostenible | D95: Economía Popular y Turismo Responsable | F95: Economía Popular y Emprendimiento Diferencial | H95: Número personas capacitadas en contabilidad, mercado, atención al cliente y gestión administrativa | I95: Número | J95: ND | K95: 360 personas capacitadas en contabilidad, mercado, atención al cliente entre otros. | L95: 280 personas capacitadas en contabilidad, mercado, atención al cliente entre otros. | M95: 640 personas capacitadas en contabilidad, mercado, atención al cliente entre otros. | N95: ='[2]Plan Indicativo'!CP105 -> 0.05 | O95: Servicio | Q95: 640 | S95: ='E 2024'!U102 -> 150 | T95: 100 | U95: 100 | V95: 240 | W95: 175 | X95: =+AA95+AB95+AC95+AD95 -> 74 | Z95: =+V95+W95+X95+Y95 -> 489 | AA95: 0 | AB95: 74 | AE95: =(X95/T95)*N95 -> 0.037 | AF95: =(Z95/Q95)*N95 -> 0.038203125 | AG95: =X95/T95 -> 0.74 | AH95: =Z95/Q95 -> 0.7640625 | AM95: Bernarda Correa | AZ95: Bernarda Correa
A96: 8 | B96: 3 | C96: Desarrollo Económico Equitativo y Sostenible | D96: Economía Popular y Turismo Responsable | F96: Economía Popular y Emprendimiento Diferencial | H96: Número de ferias de emprendimiento que les permitan a los emprendedores de la LHCN vender sus productos | I96: Número | J96: ND | K96: 2 ferias de emprendimiento | L96: 1 feria de emprendimiento | M96: 3 ferias de emprendimiento | N96: ='[2]Plan Indicativo'!CP106 -> 0.1 | O96: Servicio | Q96: 3 | S96: ='E 2024'!U103 -> 0 | T96: 1 | U96: 2 | V96: 0 | W96: 2 | X96: =+AA96+AB96+AC96+AD96 -> 0 | Z96: =+V96+W96+X96+Y96 -> 2 | AA96: 0 | AB96: 0 | AE96: =(X96/T96)*N96 -> 0 | AF96: =(Z96/Q96)*N96 -> 0.066666667 | AG96: =X96/T96 -> 0 | AH96: =Z96/Q96 -> 0.66666667 | AM96: Bernarda Correa | AZ96: Bernarda Correa
F97: Avance Programa Economía Popular y Emprendimiento Diferencial | AE97: =SUM(AE93:AE96) -> 0.087 | AF97: =SUM(AF85:AF96) -> 0.17065104 | AG97: =AVERAGE(AG93:AG96) -> 0.58 | AH97: =AVERAGE(AH85:AH96) -> 0.22886285
A98: 8 | B98: 3 | C98: Desarrollo Económico Equitativo y Sostenible | D98: Economía Popular y Turismo Responsable | F98: Turismo Responsable y Sostenible | H98: Número de personas líderes y autoridades turísticas vinculadas a procesos de formación | I98: Número | J98: ND | K98: 100 personas líderes y autoridades turísticas vinculadas a procesos de formación de atención al cliente | L98: 320 personas líderes y autoridades turísticas vinculadas a procesos de formación de atención al cliente | M98: 420 personas líderes y autoridades turísticas vinculadas a procesos de formación de atención al cliente | N98: ='[2]Plan Indicativo'!CP108 -> 0.15 | O98: Servicio | Q98: 420 | S98: ='E 2024'!U105 -> 140 | T98: 140 | U98: 140 | V98: 0 | W98: 109 | X98: =+AA98+AB98+AC98+AD98 -> 73 | Z98: =+V98+W98+X98+Y98 -> 182 | AA98: 29 | AB98: 44 | AE98: =(X98/T98)*N98 -> 0.078214286 | AF98: =(Z98/Q98)*N98 -> 0.065 | AG98: =X98/T98 -> 0.52142857 | AH98: =Z98/Q98 -> 0.43333333 | AM98: Hélida Díaz De Oro Reiner Córdoba | AZ98: Hélida Díaz De Oro Reiner Córdoba
A99: 8 | B99: 3 | C99: Desarrollo Económico Equitativo y Sostenible | D99: Economía Popular y Turismo Responsable | F99: Turismo Responsable y Sostenible | H99: Número de personas vinculadas a asistencia técnica para el fortalecimiento de la actividad artesanal | I99: Número | J99: ND | K99: 50 personas vinculadas a asistencia técnica para el fortalecimiento de la actividad artesanal | L99: 50 personas vinculadas a asistencia técnica para el fortalecimiento de la actividad artesanal | M99: 100 personas vinculadas a asistencia técnica para el fortalecimiento de la actividad artesanal | N99: ='[2]Plan Indicativo'!CP109 -> 0.3 | O99: Servicio | Q99: 100 | S99: ='E 2024'!U106 -> 25 | T99: 25 | U99: 50 | V99: 0 | W99: 0 | X99: =+AA99+AB99+AC99+AD99 -> 0 | Z99: =+V99+W99+X99+Y99 -> 0 | AA99: 0 | AB99: 0 | AE99: =(X99/T99)*N99 -> 0 | AF99: =(Z99/Q99)*N99 -> 0 | AG99: =X99/T99 -> 0 | AH99: =Z99/Q99 -> 0 | AM99: Ernesto Rueda | AZ99: Ernesto Rueda
A100: 8 | B100: 3 | C100: Desarrollo Económico Equitativo y Sostenible | D100: Economía Popular y Turismo Responsable | F100: Turismo Responsable y Sostenible | H100: Número de eventos turísticos náuticos promovidos y desarrollados en la zona insular | I100: Número | J100: ND | K100: 1 evento náutico promovido y desarrollado | L100: 1 evento náutico promovido y desarrollado | M100: 2 eventos náuticos promovidos y desarrollados | N100: ='[2]Plan Indicativo'!CP110 -> 0.2 | O100: Servicio | Q100: 2 | S100: ='E 2024'!U107 -> 0 | T100: 1 | U100: 1 | V100: 0 | W100: 0 | X100: =+AA100+AB100+AC100+AD100 -> 0 | Z100: =+V100+W100+X100+Y100 -> 0 | AA100: 0 | AB100: 0 | AE100: =(X100/T100)*N100 -> 0 | AF100: =(Z100/Q100)*N100 -> 0 | AG100: =X100/T100 -> 0 | AH100: =Z100/Q100 -> 0 | AM100: Ernesto Rueda | AZ100: Ernesto Rueda
...

Sheet Inversión 2026
C1: ALCALDIA DISTRITAL DE CARTAGENA DE INDIAS | AU1: Código: PTDGI01-F001
C2: MACROPROCESO: PLANEACIÓN TERRITORIAL Y DIRECCIONAMIENTO ESTRATEGICO | AU2: Versión: 1.0
C3: PROCESO / SUBPROCESO: GESTIÓN DE LA INVERSIÓN PUBLICA / GESTIÓN DEL PLAN DE DESARROLLO Y SUS INSTRUMENTOS DE EJECUCIÓN | AU3: Fecha: 16/07/2024
C4: FORMATO PLAN DE ACCIÓN INSTITUCIONAL | AU4: Página: 3 de 3
A5: DEPENDENCIA :
A6: PROYECTO DE INVERSIÓN | AE6: PLAN ANUAL DE ADQUISICIONES | AK6: PROGRAMACIÓN PRESUPUESTAL
A7: META DE RESULTADO | B7: PROGRAMA | C7: CÓDIGO DE PROGRAMA | D7: META PRODUCTO PDD 2025 | G7: NOMBRE DEL RESPONSABLE 2 | H7: PROYECTO DE INVERSIÓN | I7: CÓDIGO DE PROYECTO BPIN | J7: OBJETIVO GENERAL DEL PROYECTO | K7: OBJETIVO ESPECIFICO DEL PROYECTO | L7: PRODUCTO DEL PROYECTO | M7: PONDERACIÓN DE PRODUCTO | N7: ACTIVIDADES DE PROYECTO DE INVERSIÓN ( HITOS ) | O7: TRAZADOR PRESUPUESTAL | P7: ENTREGABLE | Q7: PROGRAMACIÓN NUMÉRICA DE LA ACTIVIDAD PROYECTO (VIGENCIA) | R7: REPORTE ACTIVIDAD DE PROYECTO EJECUTADO CORTE MARZO 2026 | S7: REPORTE ACTIVIDAD DE PROYECTO EJECUTADO CORTE JUNIO 2026 | T7: REPORTE ACTIVIDAD DE PROYECTO EJECUTADO CORTE SEPTIEMBRE 2026 | U7: FECHA DE INICIO DE LA ACTIVIDAD | V7: FECHA DE TERMINACIÓN DE LA ACTIVIDAD | W7: TIEMPO DE EJECUCIÓN (número de días) | X7: BENEFICIARIOS PROGRAMADOS | Y7: UNIDAD COMUNERA DE GOBIERNO A IMPACTAR | Z7: NOMBRE DEL RESPONSABLE 1 | AA7: NOMBRE DEL RESPONSABLE 2 | AB7: RIESGOS DEL PROYECTO | AC7: ACCIONES DE CONTROL DE LOS RIESGOS DE LOS PROYECTOS | AD7: ¿REQUIERE CONTRATACIÓN? | AE7: DESCRIPCIÓN DE LA ADQUISICIÓN ASOCIADA AL PROYECTO | AF7: CUANTÍA ASIGNADA A LA CONTRATACIÓN | AG7: MODALIDAD DE SELECCIÓN | AH7: FUENTE DE RECURSOS | AI7: FECHA DE INICIO DE CONTRATACIÓN | AJ7: REPORTE (ENLACE DE SECOP) | AK7: APROPIACIÓN INICIAL (en pesos) | AL7: APROPACIÓN DEFINITIVA POR PROYECTO | AM7: EJECUCIÓN PRESUPUESTAL SEGÚN REGISTROS PRESUPUESTALES CORTE DICIEMBRE 2024 | AN7: EJECUCIÓN PRESUPUESTAL SEGÚN OBLIGACIONES CORTE DICIEMBRE 2024 | AO7: EJECUCIÓN PRESUPUESTAL SEGÚN REGISTROS PRESUPUESTALES CORTE MARZO 30 2026 | AP7: EJECUCIÓN PRESUPUESTAL SEGÚN OBLIGACIONES CORTE MARZO 30 2026 | AQ7: EJECUCIÓN PRESUPUESTAL SEGÚN REGISTROS PRESUPUESTALES CORTE JUNIO 30 2026 | AR7: EJECUCIÓN PRESUPUESTAL SEGÚN OBLIGACIONES CORTE JUNIO 30 2026 | AS7: FUENTE DE FINANCIACIÓN | AT7: RUBRO PRESUPUESTAL | AU7: OBSERVACIONES
D8: Componente urbano | E8: Componente rural | F8: Total
B9: Tecnología y Educación en la Localidad Histórica y del Caribe Norte | D9: ='E 2024'!L16 -> 500 computadores | E9: ='E 2024'!M16 -> 300 computadores | F9: ='E 2024'!N16 -> 800 computadores | G9: Frank Ricaurte Sossa | M9: ='E 2024'!O16 -> 0.4 | Z9: Frank Ricaurte Sossa | AA9: Frank Ricaurte Sossa
B10: Tecnología y Educación en la Localidad Histórica y del Caribe Norte | D10: ='E 2024'!L17 -> 5 IEO de la localidad en los grados de 10 y 11 beneficiadas con actividades pedagógicas encaminadas en el fortalecimiento de la comunidad estudiantil | E10: ='E 2024'!M17 -> 10 IEO de la localidad en los grados de 10 y 11 beneficiadas con actividades pedagógicas encaminadas en el fortalecimiento de la comunidad estudiantil en valores históricos, culturales y etnológicos | F10: ='E 2024'!N17 -> 15 IEO de la localidad en los grados de 10 y 11 beneficiadas con actividades pedagógicas encaminadas en el fortalecimiento de la comunidad estudiantil en valores históricos, culturales y etnológicos | G10: Bernarda Correa | M10: ='E 2024'!O17 -> 0.05 | Z10: Frank Ricaurte Sossa | AA10: Bernarda Correa
B11: Tecnología y Educación en la Localidad Histórica y del Caribe Norte | D11: ='E 2024'!L18 -> 300 personas con formación técnica para el trabajo | E11: ='E 2024'!M18 -> 200 personas con formación técnica para el trabajo | F11: ='E 2024'!N18 -> 500 personas con formación técnica para el trabajo | G11: Bernarda Correa | M11: ='E 2024'!O18 -> 0.05 | Z11: Frank Ricaurte Sossa | AA11: Bernarda Correa
B12: Tecnología y Educación en la Localidad Histórica y del Caribe Norte | E12: ='E 2024'!M19 -> 5 instituciones educativas oficiales de la LHCN con infraestructura y ambientes educativos adecuados | F12: ='E 2024'!N19 -> 5 instituciones educativas oficiales de la LHCN con infraestructura y ambientes educativos adecuados | G12: Frank Ricaurte Sossa | M12: ='E 2024'!O19 -> 0.3 | Z12: Frank Ricaurte Sossa | AA12: Frank Ricaurte Sossa
B13: Tecnología y Educación en la Localidad Histórica y del Caribe Norte | E13: ='E 2024'!M20 -> 5 instituciones educativas oficiales de la LHCN dotadas con materiales didácticos, mobiliario, equipos, etc. | F13: ='E 2024'!N20 -> 5 instituciones educativas oficiales de la LHCN dotadas con materiales didácticos, mobiliario, equipos, etc. | G13: Frank Ricaurte Sossa | M13: ='E 2024'!O20 -> 0.1 | Z13: Frank Ricaurte Sossa | AA13: Frank Ricaurte Sossa
B14: Tecnología y Educación en la Localidad Histórica y del Caribe Norte | D14: ='E 2024'!L21 -> 5 instituciones educativas oficiales de la LHCN sin barreras para la accesibilidad de sus estudiantes en condición de discapacidad | E14: ='E 2024'!M21 -> 5 instituciones educativas oficiales de la LHCN sin barreras para la accesibilidad de sus estudiantes en condición de discapacidad | F14: ='E 2024'!N21 -> 10 instituciones educativas oficiales de la LHCN sin barreras para la accesibilidad de sus estudiantes en condición de discapacidad | G14: Frank Ricaurte Sossa | H14: Mejoramiento DE LA INFRAESTRUCTURA EDUCATIVA PARA LA INCLUSIÓN Y ACCESIBILIDAD DE ESTUDIANTES CON DISCAPACIDAD EN INSTITUCIONES OFICIALES DE LA CIUDAD DE Cartagena de Indias | I14: 202500000021786 | J14: Mejorar las condiciones de la infraestructura educativa para el desarrollo de competencias de la población en edad escolar, con discapacidad. | K14: Mejorar los espacios para una formación integral. | L14: Infraestructura educativa mejorada | N14: PRELIMINARES | P14: Infraestructura educativa mejorada | Q14: 5 | U14: 45870 | V14: 46021 | W14: =5*30 -> 150 | X14: 5014 | Y14: 1, 3, 8, 9, UCG rurales (Isla Tierra Bomba, Santa Ana, Ararca y Archipiélago de San Bernardo) | Z14: Frank Ricaurte Sossa | AA14: Frank Ricaurte Sossa | AB14: 1. Demoras en el proceso de selección y contratación de los profesionales y empresas encargadas de los estudios y diseños. 2. Inestabilidad en el financiamiento del proyecto que puede comprometer la continuidad de los trabajos. 3. Dificultades en la creación de diseños que cumplan con las especificaciones técnicas y normativas vigentes. | AC14: 1. Establecer plazos claros y seguimiento riguroso en el proceso de contratación. 2. Diversificar las fuentes de financiamiento y establecer convenios claros. 3. Implementar revisiones periódicas de los diseños y contar con personal técnico calificado. | AD14: SI | AE14: Construcción, adecuación y mejoramiento de la infraestructura educativa | AF14: 400000000 | AG14: CCE-06 | AH14: Recursos propios | AI14: 45853 | AK14: 400000000 | AL14: 400000000 | AM14: 0 | AN14: 0 | AS14: Recursos propios | AT14: 2.3.2201.0700.202500000021786-1.2.1.0.00.001 MEJORAMIENTO DE LA INFRAESTRUCTURA EDUCATIVA PARA LA INCLUSIÓN Y ACCESIBILIDAD DE ESTUDIANTES CON DISCAPACIDAD EN INSTITUCIONES OFICIALES DE LA CIUDAD DE CARTAGENA DE INDIAS
B15: Tecnología y Educación en la Localidad Histórica y del Caribe Norte | D15: 5 instituciones educativas oficiales de la LHCN sin barreras para la accesibilidad de sus estudiantes en condición de discapacidad | E15: 5 instituciones educativas oficiales de la LHCN sin barreras para la accesibilidad de sus estudiantes en condición de discapacidad | F15: 10 instituciones educativas oficiales de la LHCN sin barreras para la accesibilidad de sus estudiantes en condición de discapacidad | G15: Frank Ricaurte Sossa | H15: Mejoramiento DE LA INFRAESTRUCTURA EDUCATIVA PARA LA INCLUSIÓN Y ACCESIBILIDAD DE ESTUDIANTES CON DISCAPACIDAD EN INSTITUCIONES OFICIALES DE LA CIUDAD DE Cartagena de Indias | I15: 202500000021786 | J15: Mejorar las condiciones de la infraestructura educativa para el desarrollo de competencias de la población en edad escolar, con discapacidad. | K15: Mejorar los espacios para una formación integral. | L15: Infraestructura educativa mejorada | N15: CIMENTACION Y ESTRUCTURA | P15: Infraestructura educativa mejorada | Q15: 11 | U15: 45870 | V15: 46021 | W15: =5*30 -> 150 | X15: 5014 | Y15: 1, 3, 8, 9, UCG rurales (Isla Tierra Bomba, Santa Ana, Ararca y Archipiélago de San Bernardo) | Z15: Frank Ricaurte Sossa | AB15: 1. Demoras en el proceso de selección y contratación de los profesionales y empresas encargadas de los estudios y diseños. 2. Inestabilidad en el financiamiento del proyecto que puede comprometer la continuidad de los trabajos. 3. Dificultades en la creación de diseños que cumplan con las especificaciones técnicas y normativas vigentes. | AC15: 1. Establecer plazos claros y seguimiento riguroso en el proceso de contratación. 2. Diversificar las fuentes de financiamiento y establecer convenios claros. 3. Implementar revisiones periódicas de los diseños y contar con personal técnico calificado. | AD15: SI | AE15: Construcción, adecuación y mejoramiento de la infraestructura educativa | AF15: 400000000 | AG15: CCE-06 | AH15: Recursos propios | AI15: 45853 | AK15: 400000000 | AL15: 400000000 | AM15: 0 | AN15: 0 | AS15: Recursos propios | AT15: 2.3.2201.0700.202500000021786-1.2.1.0.00.001 MEJORAMIENTO DE LA INFRAESTRUCTURA EDUCATIVA PARA LA INCLUSIÓN Y ACCESIBILIDAD DE ESTUDIANTES CON DISCAPACIDAD EN INSTITUCIONES OFICIALES DE LA CIUDAD DE CARTAGENA DE INDIAS
B16: Tecnología y Educación en la Localidad Histórica y del Caribe Norte | D16: 5 instituciones educativas oficiales de la LHCN sin barreras para la accesibilidad de sus estudiantes en condición de discapacidad | E16: 5 instituciones educativas oficiales de la LHCN sin barreras para la accesibilidad de sus estudiantes en condición de discapacidad | F16: 10 instituciones educativas oficiales de la LHCN sin barreras para la accesibilidad de sus estudiantes en condición de discapacidad | G16: Frank Ricaurte Sossa | H16: Mejoramiento DE LA INFRAESTRUCTURA EDUCATIVA PARA LA INCLUSIÓN Y ACCESIBILIDAD DE ESTUDIANTES CON DISCAPACIDAD EN INSTITUCIONES OFICIALES DE LA CIUDAD DE Cartagena de Indias | I16: 202500000021786 | J16: Mejorar las condiciones de la infraestructura educativa para el desarrollo de competencias de la población en edad escolar, con discapacidad. | K16: Mejorar los espacios para una formación integral. | L16: Infraestructura educativa mejorada | N16: CUBIERTA | P16: Infraestructura educativa mejorada | Q16: 11 | U16: 45870 | V16: 46021 | W16: =5*30 -> 150 | X16: 5014 | Y16: 1, 3, 8, 9, UCG rurales (Isla Tierra Bomba, Santa Ana, Ararca y Archipiélago de San Bernardo) | Z16: Frank Ricaurte Sossa | AB16: 1. Demoras en el proceso de selección y contratación de los profesionales y empresas encargadas de los estudios y diseños. 2. Inestabilidad en el financiamiento del proyecto que puede comprometer la continuidad de los trabajos. 3. Dificultades en la creación de diseños que cumplan con las especificaciones técnicas y normativas vigentes. | AC16: 1. Establecer plazos claros y seguimiento riguroso en el proceso de contratación. 2. Diversificar las fuentes de financiamiento y establecer convenios claros. 3. Implementar revisiones periódicas de los diseños y contar con personal técnico calificado. | AD16: SI | AE16: Construcción, adecuación y mejoramiento de la infraestructura educativa | AF16: 400000000 | AG16: CCE-06 | AH16: Recursos propios | AI16: 45853 | AK16: 400000000 | AL16: 400000000 | AM16: 0 | AN16: 0 | AS16: Recursos propios | AT16: 2.3.2201.0700.202500000021786-1.2.1.0.00.001 MEJORAMIENTO DE LA INFRAESTRUCTURA EDUCATIVA PARA LA INCLUSIÓN Y ACCESIBILIDAD DE ESTUDIANTES CON DISCAPACIDAD EN INSTITUCIONES OFICIALES DE LA CIUDAD DE CARTAGENA DE INDIAS
B17: Tecnología y Educación en la Localidad Histórica y del Caribe Norte | D17: 5 instituciones educativas oficiales de la LHCN sin barreras para la accesibilidad de sus estudiantes en condición de discapacidad | E17: 5 instituciones educativas oficiales de la LHCN sin barreras para la accesibilidad de sus estudiantes en condición de discapacidad | F17: 10 instituciones educativas oficiales de la LHCN sin barreras para la accesibilidad de sus estudiantes en condición de discapacidad | G17: Frank Ricaurte Sossa | H17: Mejoramiento DE LA INFRAESTRUCTURA EDUCATIVA PARA LA INCLUSIÓN Y ACCESIBILIDAD DE ESTUDIANTES CON DISCAPACIDAD EN INSTITUCIONES OFICIALES DE LA CIUDAD DE Cartagena de Indias | I17: 202500000021786 | J17: Mejorar las condiciones de la infraestructura educativa para el desarrollo de competencias de la población en edad escolar, con discapacidad. | K17: Mejorar los espacios para una formación integral. | L17: Infraestructura educativa mejorada | N17: MAMPOSTERIA, PAÑETES Y ACABADOS | P17: Infraestructura educativa mejorada | Q17: 11 | U17: 45870 | V17: 46021 | W17: =5*30 -> 150 | X17: 5014 | Y17: 1, 3, 8, 9, UCG rurales (Isla Tierra Bomba, Santa Ana, Ararca y Archipiélago de San Bernardo) | Z17: Frank Ricaurte Sossa | AB17: 1. Demoras en el proceso de selección y contratación de los profesionales y empresas encargadas de los estudios y diseños. 2. Inestabilidad en el financiamiento del proyecto que puede comprometer la continuidad de los trabajos. 3. Dificultades en la creación de diseños que cumplan con las especificaciones técnicas y normativas vigentes. | AC17: 1. Establecer plazos claros y seguimiento riguroso en el proceso de contratación. 2. Diversificar las fuentes de financiamiento y establecer convenios claros. 3. Implementar revisiones periódicas de los diseños y contar con personal técnico calificado. | AD17: SI | AE17: Construcción, adecuación y mejoramiento de la infraestructura educativa | AF17: 400000000 | AG17: CCE-06 | AH17: Recursos propios | AI17: 45853 | AK17: 400000000 | AL17: 400000000 | AM17: 0 | AN17: 0 | AS17: Recursos propios | AT17: 2.3.2201.0700.202500000021786-1.2.1.0.00.001 MEJORAMIENTO DE LA INFRAESTRUCTURA EDUCATIVA PARA LA INCLUSIÓN Y ACCESIBILIDAD DE ESTUDIANTES CON DISCAPACIDAD EN INSTITUCIONES OFICIALES DE LA CIUDAD DE CARTAGENA DE INDIAS
B18: Tecnología y Educación en la Localidad Histórica y del Caribe Norte | D18: 5 instituciones educativas oficiales de la LHCN sin barreras para la accesibilidad de sus estudiantes en condición de discapacidad | E18: 5 instituciones educativas oficiales de la LHCN sin barreras para la accesibilidad de sus estudiantes en condición de discapacidad | F18: 10 instituciones educativas oficiales de la LHCN sin barreras para la accesibilidad de sus estudiantes en condición de discapacidad | G18: Frank Ricaurte Sossa | H18: Mejoramiento DE LA INFRAESTRUCTURA EDUCATIVA PARA LA INCLUSIÓN Y ACCESIBILIDAD DE ESTUDIANTES CON DISCAPACIDAD EN INSTITUCIONES OFICIALES DE LA CIUDAD DE Cartagena de Indias | I18: 202500000021786 | J18: Mejorar las condiciones de la infraestructura educativa para el desarrollo de competencias de la población en edad escolar, con discapacidad. | K18: Mejorar los espacios para una formación integral. | L18: Infraestructura educativa mejorada | N18: PISOS Y ZOCALOS | P18: Infraestructura educativa mejorada | Q18: 11 | U18: 45870 | V18: 46021 | W18: =5*30 -> 150 | X18: 5014 | Y18: 1, 3, 8, 9, UCG rurales (Isla Tierra Bomba, Santa Ana, Ararca y Archipiélago de San Bernardo) | Z18: Frank Ricaurte Sossa | AB18: 1. Demoras en el proceso de selección y contratación de los profesionales y empresas encargadas de los estudios y diseños. 2. Inestabilidad en el financiamiento del proyecto que puede comprometer la continuidad de los trabajos. 3. Dificultades en la creación de diseños que cumplan con las especificaciones técnicas y normativas vigentes. | AC18: 1. Establecer plazos claros y seguimiento riguroso en el proceso de contratación. 2. Diversificar las fuentes de financiamiento y establecer convenios claros. 3. Implementar revisiones periódicas de los diseños y contar con personal técnico calificado. | AD18: SI | AE18: Construcción, adecuación y mejoramiento de la infraestructura educativa | AF18: 400000000 | AG18: CCE-06 | AH18: Recursos propios | AI18: 45853 | AK18: 400000000 | AL18: 400000000 | AM18: 0 | AN18: 0 | AS18: Recursos propios | AT18: 2.3.2201.0700.202500000021786-1.2.1.0.00.001 MEJORAMIENTO DE LA INFRAESTRUCTURA EDUCATIVA PARA LA INCLUSIÓN Y ACCESIBILIDAD DE ESTUDIANTES CON DISCAPACIDAD EN INSTITUCIONES OFICIALES DE LA CIUDAD DE CARTAGENA DE INDIAS
B19: Tecnología y Educación en la Localidad Histórica y del Caribe Norte | D19: 5 instituciones educativas oficiales de la LHCN sin barreras para la accesibilidad de sus estudiantes en condición de discapacidad | E19: 5 instituciones educativas oficiales de la LHCN sin barreras para la accesibilidad de sus estudiantes en condición de discapacidad | F19: 10 instituciones educativas oficiales de la LHCN sin barreras para la accesibilidad de sus estudiantes en condición de discapacidad | G19: Frank Ricaurte Sossa | H19: Mejoramiento DE LA INFRAESTRUCTURA EDUCATIVA PARA LA INCLUSIÓN Y ACCESIBILIDAD DE ESTUDIANTES CON DISCAPACIDAD EN INSTITUCIONES OFICIALES DE LA CIUDAD DE Cartagena de Indias | I19: 202500000021786 | J19: Mejorar las condiciones de la infraestructura educativa para el desarrollo de competencias de la población en edad escolar, con discapacidad. | K19: Mejorar los espacios para una formación integral. | L19: Infraestructura educativa mejorada | N19: PINTURAS | P19: Infraestructura educativa mejorada | Q19: 11 | U19: 45870 | V19: 46021 | W19: =5*30 -> 150 | X19: 5014 | Y19: 1, 3, 8, 9, UCG rurales (Isla Tierra Bomba, Santa Ana, Ararca y Archipiélago de San Bernardo) | Z19: Frank Ricaurte Sossa | AB19: 1. Demoras en el proceso de selección y contratación de los profesionales y empresas encargadas de los estudios y diseños. 2. Inestabilidad en el financiamiento del proyecto que puede comprometer la continuidad de los trabajos. 3. Dificultades en la creación de diseños que cumplan con las especificaciones técnicas y normativas vigentes. | AC19: 1. Establecer plazos claros y seguimiento riguroso en el proceso de contratación. 2. Diversificar las fuentes de financiamiento y establecer convenios claros. 3. Implementar revisiones periódicas de los diseños y contar con personal técnico calificado. | AD19: SI | AE19: Construcción, adecuación y mejoramiento de la infraestructura educativa | AF19: 400000000 | AG19: CCE-06 | AH19: Recursos propios | AI19: 45853 | AK19: 400000000 | AL19: 400000000 | AM19: 0 | AN19: 0 | AS19: Recursos propios | AT19: 2.3.2201.0700.202500000021786-1.2.1.0.00.001 MEJORAMIENTO DE LA INFRAESTRUCTURA EDUCATIVA PARA LA INCLUSIÓN Y ACCESIBILIDAD DE ESTUDIANTES CON DISCAPACIDAD EN INSTITUCIONES OFICIALES DE LA CIUDAD DE CARTAGENA DE INDIAS
B20: Tecnología y Educación en la Localidad Histórica y del Caribe Norte | D20: 5 instituciones educativas oficiales de la LHCN sin barreras para la accesibilidad de sus estudiantes en condición de discapacidad | E20: 5 instituciones educativas oficiales de la LHCN sin barreras para la accesibilidad de sus estudiantes en condición de discapacidad | F20: 10 instituciones educativas oficiales de la LHCN sin barreras para la accesibilidad de sus estudiantes en condición de discapacidad | G20: Frank Ricaurte Sossa | H20: Mejoramiento DE LA INFRAESTRUCTURA EDUCATIVA PARA LA INCLUSIÓN Y ACCESIBILIDAD DE ESTUDIANTES CON DISCAPACIDAD EN INSTITUCIONES OFICIALES DE LA CIUDAD DE Cartagena de Indias | I20: 202500000021786 | J20: Mejorar las condiciones de la infraestructura educativa para el desarrollo de competencias de la población en edad escolar, con discapacidad. | K20: Mejorar los espacios para una formación integral. | L20: Infraestructura educativa mejorada | N20: INSTALACIONES ELECTRICAS | P20: Infraestructura educativa mejorada | Q20: 11 | U20: 45870 | V20: 46021 | W20: =5*30 -> 150 | X20: 5014 | Y20: 1, 3, 8, 9, UCG rurales (Isla Tierra Bomba, Santa Ana, Ararca y Archipiélago de San Bernardo) | Z20: Frank Ricaurte Sossa | AB20: 1. Demoras en el proceso de selección y contratación de los profesionales y empresas encargadas de los estudios y diseños. 2. Inestabilidad en el financiamiento del proyecto que puede comprometer la continuidad de los trabajos. 3. Dificultades en la creación de diseños que cumplan con las especificaciones técnicas y normativas vigentes. | AC20: 1. Establecer plazos claros y seguimiento riguroso en el proceso de contratación. 2. Diversificar las fuentes de financiamiento y establecer convenios claros. 3. Implementar revisiones periódicas de los diseños y contar con personal técnico calificado. | AD20: SI | AE20: Construcción, adecuación y mejoramiento de la infraestructura educativa | AF20: 400000000 | AG20: CCE-06 | AH20: Recursos propios | AI20: 45853 | AK20: 400000000 | AL20: 400000000 | AM20: 0 | AN20: 0 | AS20: Recursos propios | AT20: 2.3.2201.0700.202500000021786-1.2.1.0.00.001 MEJORAMIENTO DE LA INFRAESTRUCTURA EDUCATIVA PARA LA INCLUSIÓN Y ACCESIBILIDAD DE ESTUDIANTES CON DISCAPACIDAD EN INSTITUCIONES OFICIALES DE LA CIUDAD DE CARTAGENA DE INDIAS
B21: Tecnología y Educación en la Localidad Histórica y del Caribe Norte | D21: 5 instituciones educativas oficiales de la LHCN sin barreras para la accesibilidad de sus estudiantes en condición de discapacidad | E21: 5 instituciones educativas oficiales de la LHCN sin barreras para la accesibilidad de sus estudiantes en condición de discapacidad | F21: 10 instituciones educativas oficiales de la LHCN sin barreras para la accesibilidad de sus estudiantes en condición de discapacidad | G21: Frank Ricaurte Sossa | H21: Mejoramiento DE LA INFRAESTRUCTURA EDUCATIVA PARA LA INCLUSIÓN Y ACCESIBILIDAD DE ESTUDIANTES CON DISCAPACIDAD EN INSTITUCIONES OFICIALES DE LA CIUDAD DE Cartagena de Indias | I21: 202500000021786 | J21: Mejorar las condiciones de la infraestructura educativa para el desarrollo de competencias de la población en edad escolar, con discapacidad. | K21: Mejorar los espacios para una formación integral. | L21: Infraestructura educativa mejorada | N21: CARPINTERIA METALICA Y EN MADERA | P21: Infraestructura educativa mejorada | Q21: 11 | U21: 45870 | V21: 46021 | W21: =5*30 -> 150 | X21: 5014 | Y21: 1, 3, 8, 9, UCG rurales (Isla Tierra Bomba, Santa Ana, Ararca y Archipiélago de San Bernardo) | Z21: Frank Ricaurte Sossa | AB21: 1. Demoras en el proceso de selección y contratación de los profesionales y empresas encargadas de los estudios y diseños. 2. Inestabilidad en el financiamiento del proyecto que puede comprometer la continuidad de los trabajos. 3. Dificultades en la creación de diseños que cumplan con las especificaciones técnicas y normativas vigentes. | AC21: 1. Establecer plazos claros y seguimiento riguroso en el proceso de contratación. 2. Diversificar las fuentes de financiamiento y establecer convenios claros. 3. Implementar revisiones periódicas de los diseños y contar con personal técnico calificado. | AD21: SI | AE21: Construcción, adecuación y mejoramiento de la infraestructura educativa | AF21: 400000000 | AG21: CCE-06 | AH21: Recursos propios | AI21: 45853 | AK21: 400000000 | AL21: 400000000 | AM21: 0 | AN21: 0 | AS21: Recursos propios | AT21: 2.3.2201.0700.202500000021786-1.2.1.0.00.001 MEJORAMIENTO DE LA INFRAESTRUCTURA EDUCATIVA PARA LA INCLUSIÓN Y ACCESIBILIDAD DE ESTUDIANTES CON DISCAPACIDAD EN INSTITUCIONES OFICIALES DE LA CIUDAD DE CARTAGENA DE INDIAS
B22: Tecnología y Educación en la Localidad Histórica y del Caribe Norte | D22: 5 instituciones educativas oficiales de la LHCN sin barreras para la accesibilidad de sus estudiantes en condición de discapacidad | E22: 5 instituciones educativas oficiales de la LHCN sin barreras para la accesibilidad de sus estudiantes en condición de discapacidad | F22: 10 instituciones educativas oficiales de la LHCN sin barreras para la accesibilidad de sus estudiantes en condición de discapacidad | G22: Frank Ricaurte Sossa | H22: Mejoramiento DE LA INFRAESTRUCTURA EDUCATIVA PARA LA INCLUSIÓN Y ACCESIBILIDAD DE ESTUDIANTES CON DISCAPACIDAD EN INSTITUCIONES OFICIALES DE LA CIUDAD DE Cartagena de Indias | I22: 202500000021786 | J22: Mejorar las condiciones de la infraestructura educativa para el desarrollo de competencias de la población en edad escolar, con discapacidad. | K22: Mejorar los espacios para una formación integral. | L22: Infraestructura educativa mejorada | N22: INTERVENTORIA | P22: Infraestructura educativa mejorada | Q22: 11 | U22: 45870 | V22: 46021 | W22: =5*30 -> 150 | X22: 5014 | Y22: 1, 3, 8, 9, UCG rurales (Isla Tierra Bomba, Santa Ana, Ararca y Archipiélago de San Bernardo) | Z22: Frank Ricaurte Sossa | AB22: 1. Demoras en el proceso de selección y contratación de los profesionales y empresas encargadas de los estudios y diseños. 2. Inestabilidad en el financiamiento del proyecto que puede comprometer la continuidad de los trabajos. 3. Dificultades en la creación de diseños que cumplan con las especificaciones técnicas y normativas vigentes. | AC22: 1. Establecer plazos claros y seguimiento riguroso en el proceso de contratación. 2. Diversificar las fuentes de financiamiento y establecer convenios claros. 3. Implementar revisiones periódicas de los diseños y contar con personal técnico calificado. | AD22: SI | AE22: Construcción, adecuación y mejoramiento de la infraestructura educativa | AF22: 400000000 | AG22: CCE-06 | AH22: Recursos propios | AI22: 45853 | AK22: 400000000 | AL22: 400000000 | AM22: 0 | AN22: 0 | AS22: Recursos propios | AT22: 2.3.2201.0700.202500000021786-1.2.1.0.00.001 MEJORAMIENTO DE LA INFRAESTRUCTURA EDUCATIVA PARA LA INCLUSIÓN Y ACCESIBILIDAD DE ESTUDIANTES CON DISCAPACIDAD EN INSTITUCIONES OFICIALES DE LA CIUDAD DE CARTAGENA DE INDIAS
B23: Artes y Cultura para el Desarrollo Humano y Social | D23: ='E 2024'!L24 -> 1 Centro Artístico y Cultural construido o habilitado, dotado y funcionando | F23: ='E 2024'!N24 -> 1 Centro Artístico y Cultural construido o habilitado, dotado y funcionando | G23: Frank Ricaurte Sossa | M23: ='E 2024'!O24 -> 0.4 | Z23: Frank Ricaurte Sossa | AA23: Frank Ricaurte Sossa
B24: Artes y Cultura para el Desarrollo Humano y Social | D24: ='E 2024'!L25 -> 7 corredores culturales habilitados | E24: ='E 2024'!M25 -> 3 corredores culturales habilitados | F24: ='E 2024'!N25 -> 10 corredores culturales habilitados | G24: Ernesto Rueda | M24: ='E 2024'!O25 -> 0.1 | Z24: Frank Ricaurte Sossa | AA24: Ernesto Rueda
B25: Artes y Cultura para el Desarrollo Humano y Social | D25: ='E 2024'!L26 -> 9 cinematecas implementadas | E25: ='E 2024'!M26 -> 3 cinematecas implementadas | F25: ='E 2024'!N26 -> 12 cinematecas implementadas | G25: Ernesto Rueda | M25: ='E 2024'!O26 -> 0.1 | Z25: Frank Ricaurte Sossa | AA25: Ernesto Rueda
B26: Artes y Cultura para el Desarrollo Humano y Social | D26: ='E 2024'!L27 -> 7 actos teatrales en la LHCN | E26: ='E 2024'!M27 -> 3 actos teatrales en la LHCN | F26: ='E 2024'!N27 -> 10 actos teatrales en la LHCN | G26: Ernesto Rueda | M26: ='E 2024'!O27 -> 0.1 | Z26: Frank Ricaurte Sossa | AA26: Ernesto Rueda
B27: Artes y Cultura para el Desarrollo Humano y Social | D27: ='E 2024'!L28 -> 7 grupos culturales dotados | E27: ='E 2024'!M28 -> 3 grupos culturales dotados | F27: ='E 2024'!N28 -> 10 grupos culturales dotados | G27: Ernesto Rueda | M27: ='E 2024'!O28 -> 0.1 | Z27: Frank Ricaurte Sossa | AA27: Ernesto Rueda
B28: Artes y Cultura para el Desarrollo Humano y Social | D28: ='E 2024'!L29 -> 3 festivales gastronómicos impulsados y apoyados | E28: ='E 2024'!M29 -> 3 festivales gastronómicos impulsados y apoyados | F28: ='E 2024'!N29 -> 6 festivales gastronómicos impulsados y apoyados | G28: Ernesto Rueda | M28: ='E 2024'!O29 -> 0.1 | Z28: Frank Ricaurte Sossa | AA28: Ernesto Rueda
B29: Artes y Cultura para el Desarrollo Humano y Social | D29: ='E 2024'!L30 -> Llevar a cabo 1 evento académico sobre los usos y costumbres en la LHCN | F29: ='E 2024'!N30 -> Llevar a cabo 1 evento académico sobre los usos y costumbres en la LHCN | G29: Ernesto Rueda | M29: ='E 2024'!O30 -> 0.1 | Z29: Frank Ricaurte Sossa | AA29: Ernesto Rueda
B30: Deporte y Recreación para Todos y Todas | D30: ='E 2024'!L33 -> 1.500 eventos deportivos y/o recreativos realizados | E30: ='E 2024'!M33 -> 300 eventos deportivos y/o recreativos realizados | F30: ='E 2024'!N33 -> 1.800 eventos deportivos y/o recreativos realizados | G30: Ernesto Rueda Angel Suárez | M30: ='E 2024'!O33 -> 0.05 | Z30: Frank Ricaurte Sossa | AA30: Ernesto Rueda Angel Suárez
B31: Deporte y Recreación para Todos y Todas | D31: ='E 2024'!L34 -> 3 de eventos y/o torneos deportivos de los Consejos Comuneros de Gobierno y/o Juntas de Acción Comunal impulsados y apoyados | E31: ='E 2024'!M34 -> 3 de eventos y/o torneos deportivos de los Consejos Comuneros de Gobierno y/o Juntas de Acción Comunal impulsados y apoyados | F31: ='E 2024'!N34 -> 6 de eventos y/o torneos deportivos de los Consejos Comuneros de Gobierno y/o Juntas de Acción Comunal impulsados y apoyados | G31: Ernesto Rueda | M31: ='E 2024'!O34 -> 0.05 | Z31: Frank Ricaurte Sossa | AA31: Ernesto Rueda
B32: Deporte y Recreación para Todos y Todas | D32: ='E 2024'!L35 -> 10 escenarios deportivos, canchas y/o parques construidos, mantenidos y/o adecuados | E32: ='E 2024'!M35 -> 8 escenarios deportivos, canchas y/o parques construidos, mantenidos y/o adecuados | F32: ='E 2024'!N35 -> 18 escenarios deportivos, canchas y/o parques construidos, mantenidos y/o adecuados | G32: Frank Ricaurte Sossa | H32: MEJORAMIENTO Y ADECUACIÓN DE LA INFRAESTRUCTURA RECREATIVA Y DEPORTIVA DE LA LOCALIDAD HISTÓRICA Y DEL CARIBE NORTE, CARTAGENA DE INDIAS | I32: 202500000023113 | J32: Mejorar las condiciones para el desarrollo de la actividad física, la recreación, el deporte y la promoción de expresiones culturales e integración comunitaria en la Localidad No. 1 en Cartagena de Indas | K32: Recuperar y mantener la infraestructura recreativa existente. | L32: Parques recreativos adecuados | N32: REALIZAR ACTIVIDADES PRELIMINARES | P32: REALIZAR ACTIVIDADES PRELIMINARES | Q32: 2 | U32: 45870 | V32: 45991 | W32: =30*4 -> 120 | X32: 242548 | Y32: 8 y 10 | Z32: Frank Ricaurte Sossa | AA32: Frank Ricaurte Sossa | AB32: 1. Conflictos con la comunidad por inconformidad con el proyecto. 2. Falta de licencias o permisos para la ejecución de las obras. 3. Accidentes laborales. | AC32: 1. Socialización previa del proyecto y participación comunitaria. 2. Gestión anticipada con las autoridades competentes. 3. EPP obligatorio y protocolos de seguridad en obra. Vinculación de profesional de HSEQ para la gestión integral de riesgos laborales. | AD32: SI | AE32: Construcción, mantenimiento, adecuaciones y reparaciones de canchas deportivas y parques en la zona rural e insular de la Localidad Histórica y del Caribe Norte de la ciudad de Cartagena | AF32: 1011018421 | AG32: CCE-17 | AH32: Recursos propios | AI32: 45853 | AK32: 1011018421 | AL32: 1011018421 | AS32: Recursos propios | AT32: 2.3.4301.1604.202500000023113-1.2.1.0.00.001MEJORAMIENTO Y ADECUACIÓN DE LA INFRAESTRUCTURA RECREATIVA Y DEPORTIVA DE LA LOCALIDAD HISTÓRICA Y DEL CARIBE NORTE DE CARTAGENA DE INDIAS
B33: Deporte y Recreación para Todos y Todas | D33: 10 escenarios deportivos, canchas y/o parques construidos, mantenidos y/o adecuados | E33: 8 escenarios deportivos, canchas y/o parques construidos, mantenidos y/o adecuados | F33: 18 escenarios deportivos, canchas y/o parques construidos, mantenidos y/o adecuados | G33: Frank Ricaurte Sossa | H33: MEJORAMIENTO Y ADECUACIÓN DE LA INFRAESTRUCTURA RECREATIVA Y DEPORTIVA DE LA LOCALIDAD HISTÓRICA Y DEL CARIBE NORTE, CARTAGENA DE INDIAS | I33: 202500000023113 | J33: Mejorar las condiciones para el desarrollo de la actividad física, la recreación, el deporte y la promoción de expresiones culturales e integración comunitaria en la Localidad No. 1 en Cartagena de Indas | K33: Recuperar y mantener la infraestructura recreativa existente. | L33: Parques recreativos adecuados | N33: REALIZAR MOVIMIENTOS DE TIERRA | P33: REALIZAR ACTIVIDADES PRELIMINARES | Q33: 2 | U33: 45870 | V33: 45991 | W33: =30*4 -> 120 | X33: 242548 | Y33: 8 y 10 | Z33: Frank Ricaurte Sossa | AA33: Frank Ricaurte Sossa | AB33: 1. Conflictos con la comunidad por inconformidad con el proyecto. 2. Falta de licencias o permisos para la ejecución de las obras. 3. Accidentes laborales. | AC33: 1. Socialización previa del proyecto y participación comunitaria. 2. Gestión anticipada con las autoridades competentes. 3. EPP obligatorio y protocolos de seguridad en obra. Vinculación de profesional de HSEQ para la gestión integral de riesgos laborales. | AD33: SI | AE33: Construcción, mantenimiento, adecuaciones y reparaciones de canchas deportivas y parques en la zona rural e insular de la Localidad Histórica y del Caribe Norte de la ciudad de Cartagena | AF33: 1011018421 | AG33: CCE-17 | AH33: Recursos propios | AI33: 45853 | AK33: 1011018421 | AL33: 1011018421 | AS33: Recursos propios | AT33: 2.3.4301.1604.202500000023113-1.2.1.0.00.001MEJORAMIENTO Y ADECUACIÓN DE LA INFRAESTRUCTURA RECREATIVA Y DEPORTIVA DE LA LOCALIDAD HISTÓRICA Y DEL CARIBE NORTE DE CARTAGENA DE INDIAS
B34: Deporte y Recreación para Todos y Todas | D34: 10 escenarios deportivos, canchas y/o parques construidos, mantenidos y/o adecuados | E34: 8 escenarios deportivos, canchas y/o parques construidos, mantenidos y/o adecuados | F34: 18 escenarios deportivos, canchas y/o parques construidos, mantenidos y/o adecuados | G34: Frank Ricaurte Sossa | H34: MEJORAMIENTO Y ADECUACIÓN DE LA INFRAESTRUCTURA RECREATIVA Y DEPORTIVA DE LA LOCALIDAD HISTÓRICA Y DEL CARIBE NORTE, CARTAGENA DE INDIAS | I34: 202500000023113 | J34: Mejorar las condiciones para el desarrollo de la actividad física, la recreación, el deporte y la promoción de expresiones culturales e integración comunitaria en la Localidad No. 1 en Cartagena de Indas | K34: Recuperar y mantener la infraestructura recreativa existente. | L34: Parques recreativos adecuados | N34: EJECUTAR CONCRETOS Y ASFALTO | P34: REALIZAR ACTIVIDADES PRELIMINARES | Q34: 2 | U34: 45870 | V34: 45991 | W34: =30*4 -> 120 | X34: 242548 | Y34: 8 y 10 | Z34: Frank Ricaurte Sossa | AA34: Frank Ricaurte Sossa | AB34: 1. Conflictos con la comunidad por inconformidad con el proyecto. 2. Falta de licencias o permisos para la ejecución de las obras. 3. Accidentes laborales. | AC34: 1. Socialización previa del proyecto y participación comunitaria. 2. Gestión anticipada con las autoridades competentes. 3. EPP obligatorio y protocolos de seguridad en obra. Vinculación de profesional de HSEQ para la gestión integral de riesgos laborales. | AD34: SI | AE34: Construcción, mantenimiento, adecuaciones y reparaciones de canchas deportivas y parques en la zona rural e insular de la Localidad Histórica y del Caribe Norte de la ciudad de Cartagena | AF34: 1011018421 | AG34: CCE-17 | AH34: Recursos propios | AI34: 45853 | AK34: 1011018421 | AL34: 1011018421 | AS34: Recursos propios | AT34: 2.3.4301.1604.202500000023113-1.2.1.0.00.001MEJORAMIENTO Y ADECUACIÓN DE LA INFRAESTRUCTURA RECREATIVA Y DEPORTIVA DE LA LOCALIDAD HISTÓRICA Y DEL CARIBE NORTE DE CARTAGENA DE INDIAS
B35: Deporte y Recreación para Todos y Todas | D35: 10 escenarios deportivos, canchas y/o parques construidos, mantenidos y/o adecuados | E35: 8 escenarios deportivos, canchas y/o parques construidos, mantenidos y/o adecuados | F35: 18 escenarios deportivos, canchas y/o parques construidos, mantenidos y/o adecuados | G35: Frank Ricaurte Sossa | H35: MEJORAMIENTO Y ADECUACIÓN DE LA INFRAESTRUCTURA RECREATIVA Y DEPORTIVA DE LA LOCALIDAD HISTÓRICA Y DEL CARIBE NORTE, CARTAGENA DE INDIAS | I35: 202500000023113 | J35: Mejorar las condiciones para el desarrollo de la actividad física, la recreación, el deporte y la promoción de expresiones culturales e integración comunitaria en la Localidad No. 1 en Cartagena de Indas | K35: Recuperar y mantener la infraestructura recreativa existente. | L35: Parques recreativos adecuados | N35: SISTEMA DE ILUMINACION | P35: REALIZAR ACTIVIDADES PRELIMINARES | Q35: 2 | U35: 45870 | V35: 45991 | W35: =30*4 -> 120 | X35: 242548 | Y35: 8 y 10 | Z35: Frank Ricaurte Sossa | AA35: Frank Ricaurte Sossa | AB35: 1. Conflictos con la comunidad por inconformidad con el proyecto. 2. Falta de licencias o permisos para la ejecución de las obras. 3. Accidentes laborales. | AC35: 1. Socialización previa del proyecto y participación comunitaria. 2. Gestión anticipada con las autoridades competentes. 3. EPP obligatorio y protocolos de seguridad en obra. Vinculación de profesional de HSEQ para la gestión integral de riesgos laborales. | AD35: SI | AE35: Construcción, mantenimiento, adecuaciones y reparaciones de canchas deportivas y parques en la zona rural e insular de la Localidad Histórica y del Caribe Norte de la ciudad de Cartagena | AF35: 1011018421 | AG35: CCE-17 | AH35: Recursos propios | AI35: 45853 | AK35: 1011018421 | AL35: 1011018421 | AS35: Recursos propios | AT35: 2.3.4301.1604.202500000023113-1.2.1.0.00.001MEJORAMIENTO Y ADECUACIÓN DE LA INFRAESTRUCTURA RECREATIVA Y DEPORTIVA DE LA LOCALIDAD HISTÓRICA Y DEL CARIBE NORTE DE CARTAGENA DE INDIAS
B36: Deporte y Recreación para Todos y Todas | D36: 10 escenarios deportivos, canchas y/o parques construidos, mantenidos y/o adecuados | E36: 8 escenarios deportivos, canchas y/o parques construidos, mantenidos y/o adecuados | F36: 18 escenarios deportivos, canchas y/o parques construidos, mantenidos y/o adecuados | G36: Frank Ricaurte Sossa | H36: MEJORAMIENTO Y ADECUACIÓN DE LA INFRAESTRUCTURA RECREATIVA Y DEPORTIVA DE LA LOCALIDAD HISTÓRICA Y DEL CARIBE NORTE, CARTAGENA DE INDIAS | I36: 202500000023113 | J36: Mejorar las condiciones para el desarrollo de la actividad física, la recreación, el deporte y la promoción de expresiones culturales e integración comunitaria en la Localidad No. 1 en Cartagena de Indas | K36: Recuperar y mantener la infraestructura recreativa existente. | L36: Parques recreativos adecuados | N36: EJECUTAR OBRAS COMPLEMENTARIAS | P36: REALIZAR ACTIVIDADES PRELIMINARES | Q36: 2 | U36: 45870 | V36: 45991 | W36: =30*4 -> 120 | X36: 242548 | Y36: 8 y 10 | Z36: Frank Ricaurte Sossa | AA36: Frank Ricaurte Sossa | AB36: 1. Conflictos con la comunidad por inconformidad con el proyecto. 2. Falta de licencias o permisos para la ejecución de las obras. 3. Accidentes laborales. | AC36: 1. Socialización previa del proyecto y participación comunitaria. 2. Gestión anticipada con las autoridades competentes. 3. EPP obligatorio y protocolos de seguridad en obra. Vinculación de profesional de HSEQ para la gestión integral de riesgos laborales. | AD36: SI | AE36: Construcción, mantenimiento, adecuaciones y reparaciones de canchas deportivas y parques en la zona rural e insular de la Localidad Histórica y del Caribe Norte de la ciudad de Cartagena | AF36: 1011018421 | AG36: CCE-17 | AH36: Recursos propios | AI36: 45853 | AK36: 1011018421 | AL36: 1011018421 | AS36: Recursos propios | AT36: 2.3.4301.1604.202500000023113-1.2.1.0.00.001MEJORAMIENTO Y ADECUACIÓN DE LA INFRAESTRUCTURA RECREATIVA Y DEPORTIVA DE LA LOCALIDAD HISTÓRICA Y DEL CARIBE NORTE DE CARTAGENA DE INDIAS
B37: Deporte y Recreación para Todos y Todas | D37: 10 escenarios deportivos, canchas y/o parques construidos, mantenidos y/o adecuados | E37: 8 escenarios deportivos, canchas y/o parques construidos, mantenidos y/o adecuados | F37: 18 escenarios deportivos, canchas y/o parques construidos, mantenidos y/o adecuados | G37: Frank Ricaurte Sossa | H37: MEJORAMIENTO Y ADECUACIÓN DE LA INFRAESTRUCTURA RECREATIVA Y DEPORTIVA DE LA LOCALIDAD HISTÓRICA Y DEL CARIBE NORTE, CARTAGENA DE INDIAS | I37: 202500000023113 | J37: Mejorar las condiciones para el desarrollo de la actividad física, la recreación, el deporte y la promoción de expresiones culturales e integración comunitaria en la Localidad No. 1 en Cartagena de Indas | K37: Mejorar el acceso a espacios adecuados para el desarrollo de actividades lúdicas, deportivas, culturales y de integración comunitarias. | L37: Canchas multifuncionales adecuadas | N37: ADECUAR CANCHA MULTIFUNCIONAL | P37: REALIZAR ACTIVIDADES PRELIMINARES | Q37: 2 | U37: 45870 | V37: 45991 | W37: =30*4 -> 120 | X37: 242548 | Y37: 8 y 10 | Z37: Frank Ricaurte Sossa | AA37: Frank Ricaurte Sossa | AB37: 1. Conflictos con la comunidad por inconformidad con el proyecto. 2. Falta de licencias o permisos para la ejecución de las obras. 3. Accidentes laborales. | AC37: 1. Socialización previa del proyecto y participación comunitaria. 2. Gestión anticipada con las autoridades competentes. 3. EPP obligatorio y protocolos de seguridad en obra. Vinculación de profesional de HSEQ para la gestión integral de riesgos laborales. | AD37: SI | AE37: Construcción, mantenimiento, adecuaciones y reparaciones de canchas deportivas y parques en la zona rural e insular de la Localidad Histórica y del Caribe Norte de la ciudad de Cartagena | AF37: 1011018421 | AG37: CCE-17 | AH37: Recursos propios | AI37: 45853 | AK37: 1011018421 | AL37: 1011018421 | AS37: Recursos propios | AT37: 2.3.4301.1604.202500000023113-1.2.1.0.00.001MEJORAMIENTO Y ADECUACIÓN DE LA INFRAESTRUCTURA RECREATIVA Y DEPORTIVA DE LA LOCALIDAD HISTÓRICA Y DEL CARIBE NORTE DE CARTAGENA DE INDIAS
B38: Deporte y Recreación para Todos y Todas | D38: 10 escenarios deportivos, canchas y/o parques construidos, mantenidos y/o adecuados | E38: 8 escenarios deportivos, canchas y/o parques construidos, mantenidos y/o adecuados | F38: 18 escenarios deportivos, canchas y/o parques construidos, mantenidos y/o adecuados | G38: Frank Ricaurte Sossa | H38: MEJORAMIENTO Y ADECUACIÓN DE LA INFRAESTRUCTURA RECREATIVA Y DEPORTIVA DE LA LOCALIDAD HISTÓRICA Y DEL CARIBE NORTE, CARTAGENA DE INDIAS | I38: 202500000023113 | J38: Mejorar las condiciones para el desarrollo de la actividad física, la recreación, el deporte y la promoción de expresiones culturales e integración comunitaria en la Localidad No. 1 en Cartagena de Indas | K38: Mejorar el acceso a espacios adecuados para el desarrollo de actividades lúdicas, deportivas, culturales y de integración comunitarias. | L38: Canchas multifuncionales adecuadas | N38: APLICAR LA PINTURA DE CANCHA Y DEMARCACIÓN | P38: REALIZAR ACTIVIDADES PRELIMINARES | Q38: 2 | U38: 45870 | V38: 45991 | W38: =30*4 -> 120 | X38: 242548 | Y38: 8 y 10 | Z38: Frank Ricaurte Sossa | AA38: Frank Ricaurte Sossa | AB38: 1. Conflictos con la comunidad por inconformidad con el proyecto. 2. Falta de licencias o permisos para la ejecución de las obras. 3. Accidentes laborales. | AC38: 1. Socialización previa del proyecto y participación comunitaria. 2. Gestión anticipada con las autoridades competentes. 3. EPP obligatorio y protocolos de seguridad en obra. Vinculación de profesional de HSEQ para la gestión integral de riesgos laborales. | AD38: SI | AE38: Construcción, mantenimiento, adecuaciones y reparaciones de canchas deportivas y parques en la zona rural e insular de la Localidad Histórica y del Caribe Norte de la ciudad de Cartagena | AF38: 1011018421 | AG38: CCE-17 | AH38: Recursos propios | AI38: 45853 | AK38: 1011018421 | AL38: 1011018421 | AS38: Recursos propios | AT38: 2.3.4301.1604.202500000023113-1.2.1.0.00.001MEJORAMIENTO Y ADECUACIÓN DE LA INFRAESTRUCTURA RECREATIVA Y DEPORTIVA DE LA LOCALIDAD HISTÓRICA Y DEL CARIBE NORTE DE CARTAGENA DE INDIAS
B39: Deporte y Recreación para Todos y Todas | D39: 10 escenarios deportivos, canchas y/o parques construidos, mantenidos y/o adecuados | E39: 8 escenarios deportivos, canchas y/o parques construidos, mantenidos y/o adecuados | F39: 18 escenarios deportivos, canchas y/o parques construidos, mantenidos y/o adecuados | H39: ADECUACIÓN DE LA INFRAESTRUCTURA RECREATIVA Y DEPORTIVA DEL BARRIO TORICES EN LA LOCALIDAD HISTÓRICA Y DEL CARIBE NORTE, CARTAGENA DE INDIAS | I39: 202500000023184 | J39: Mejorar las condiciones para el desarrollo de la actividad física, la recreación, el deporte y la promoción de expresiones culturales e integración comunitaria, en el barrio Torices, de la Localidad No. 1 del Distrito de Cartagena de Indas | K39: Recuperar y mantener la infraestructura recreativa existente | L39: Parques recreativos adecuados | N39: REALIZAR ACTIVIDADES PRELIMINARES
B40: Deporte y Recreación para Todos y Todas | D40: 10 escenarios deportivos, canchas y/o parques construidos, mantenidos y/o adecuados | E40: 8 escenarios deportivos, canchas y/o parques construidos, mantenidos y/o adecuados | F40: 18 escenarios deportivos, canchas y/o parques construidos, mantenidos y/o adecuados | H40: ADECUACIÓN DE LA INFRAESTRUCTURA RECREATIVA Y DEPORTIVA DEL BARRIO TORICES EN LA LOCALIDAD HISTÓRICA Y DEL CARIBE NORTE, CARTAGENA DE INDIAS | I40: 202500000023184 | J40: Mejorar las condiciones para el desarrollo de la actividad física, la recreación, el deporte y la promoción de expresiones culturales e integración comunitaria, en el barrio Torices, de la Localidad No. 1 del Distrito de Cartagena de Indas | K40: Recuperar y mantener la infraestructura recreativa existente | L40: Parques recreativos adecuados | N40: REALIZAR MOVIMIENTOS DE TIERRA
B41: Deporte y Recreación para Todos y Todas | D41: 10 escenarios deportivos, canchas y/o parques construidos, mantenidos y/o adecuados | E41: 8 escenarios deportivos, canchas y/o parques construidos, mantenidos y/o adecuados | F41: 18 escenarios deportivos, canchas y/o parques construidos, mantenidos y/o adecuados | H41: ADECUACIÓN DE LA INFRAESTRUCTURA RECREATIVA Y DEPORTIVA DEL BARRIO TORICES EN LA LOCALIDAD HISTÓRICA Y DEL CARIBE NORTE, CARTAGENA DE INDIAS | I41: 202500000023184 | J41: Mejorar las condiciones para el desarrollo de la actividad física, la recreación, el deporte y la promoción de expresiones culturales e integración comunitaria, en el barrio Torices, de la Localidad No. 1 del Distrito de Cartagena de Indas | K41: Recuperar y mantener la infraestructura recreativa existente | L41: Parques recreativos adecuados | N41: REALIZAR ACTIVIDADES DE CONCRETOS
B42: Deporte y Recreación para Todos y Todas | D42: 10 escenarios deportivos, canchas y/o parques construidos, mantenidos y/o adecuados | E42: 8 escenarios deportivos, canchas y/o parques construidos, mantenidos y/o adecuados | F42: 18 escenarios deportivos, canchas y/o parques construidos, mantenidos y/o adecuados | H42: ADECUACIÓN DE LA INFRAESTRUCTURA RECREATIVA Y DEPORTIVA DEL BARRIO TORICES EN LA LOCALIDAD HISTÓRICA Y DEL CARIBE NORTE, CARTAGENA DE INDIAS | I42: 202500000023184 | J42: Mejorar las condiciones para el desarrollo de la actividad física, la recreación, el deporte y la promoción de expresiones culturales e integración comunitaria, en el barrio Torices, de la Localidad No. 1 del Distrito de Cartagena de Indas | K42: Recuperar y mantener la infraestructura recreativa existente | L42: Parques recreativos adecuados | N42: SISTEMA DE ILUMINACIÓN
B43: Deporte y Recreación para Todos y Todas | D43: 10 escenarios deportivos, canchas y/o parques construidos, mantenidos y/o adecuados | E43: 8 escenarios deportivos, canchas y/o parques construidos, mantenidos y/o adecuados | F43: 18 escenarios deportivos, canchas y/o parques construidos, mantenidos y/o adecuados | H43: ADECUACIÓN DE LA INFRAESTRUCTURA RECREATIVA Y DEPORTIVA DEL BARRIO TORICES EN LA LOCALIDAD HISTÓRICA Y DEL CARIBE NORTE, CARTAGENA DE INDIAS | I43: 202500000023184 | J43: Mejorar las condiciones para el desarrollo de la actividad física, la recreación, el deporte y la promoción de expresiones culturales e integración comunitaria, en el barrio Torices, de la Localidad No. 1 del Distrito de Cartagena de Indas | K43: Recuperar y mantener la infraestructura recreativa existente | L43: Parques recreativos adecuados | N43: REALIZAR OBRAS COMPLEMENTARIAS
B44: Deporte y Recreación para Todos y Todas | D44: 10 escenarios deportivos, canchas y/o parques construidos, mantenidos y/o adecuados | E44: 8 escenarios deportivos, canchas y/o parques construidos, mantenidos y/o adecuados | F44: 18 escenarios deportivos, canchas y/o parques construidos, mantenidos y/o adecuados | H44: ADECUACIÓN DE LA INFRAESTRUCTURA RECREATIVA Y DEPORTIVA DEL BARRIO TORICES EN LA LOCALIDAD HISTÓRICA Y DEL CARIBE NORTE, CARTAGENA DE INDIAS | I44: 202500000023184 | J44: Mejorar las condiciones para el desarrollo de la actividad física, la recreación, el deporte y la promoción de expresiones culturales e integración comunitaria, en el barrio Torices, de la Localidad No. 1 del Distrito de Cartagena de Indas | K44: Mejorar el acceso a espacios adecuados para el desarrollo de actividades lúdicas, deportivas, culturales y de integración comunitarias. | L44: Canchas multifuncionales adecuadas | N44: REALIZAR ADECUACIÓN DE CANCHA MULTIFUNCIONAL
B45: Deporte y Recreación para Todos y Todas | D45: 10 escenarios deportivos, canchas y/o parques construidos, mantenidos y/o adecuados | E45: 8 escenarios deportivos, canchas y/o parques construidos, mantenidos y/o adecuados | F45: 18 escenarios deportivos, canchas y/o parques construidos, mantenidos y/o adecuados | H45: ADECUACIÓN DE LA INFRAESTRUCTURA RECREATIVA Y DEPORTIVA DEL BARRIO TORICES EN LA LOCALIDAD HISTÓRICA Y DEL CARIBE NORTE, CARTAGENA DE INDIAS | I45: 202500000023184 | J45: Mejorar las condiciones para el desarrollo de la actividad física, la recreación, el deporte y la promoción de expresiones culturales e integración comunitaria, en el barrio Torices, de la Localidad No. 1 del Distrito de Cartagena de Indas | K45: Mejorar el acceso a espacios adecuados para el desarrollo de actividades lúdicas, deportivas, culturales y de integración comunitarias. | L45: Canchas multifuncionales adecuadas | N45: REALIZAR PINTURA DE CANCHA Y DEMARCACION (INCLUYE REPARACION DE JUNTAS CON MORTERO ACRILICO PRIMER-INTERMEDIO Y ACABADO)
B46: Deporte y Recreación para Todos y Todas | D46: 10 escenarios deportivos, canchas y/o parques construidos, mantenidos y/o adecuados | E46: 8 escenarios deportivos, canchas y/o parques construidos, mantenidos y/o adecuados | F46: 18 escenarios deportivos, canchas y/o parques construidos, mantenidos y/o adecuados | G46: Frank Ricaurte Sossa | H46: CONSTRUCCIÓN MEJORAMIENTO Y ADECUACIÓN DE INFRAESTRUCTURA RECREATIVA Y DEPORTIVA DE LA ZONA INSULAR EN LA LOCALIDAD HISTÓRICA Y DEL CARIBE NORTE, CARTAGENA DE INDIAS | I46: 202500000023208 | J46: Mejorar las condiciones para el desarrollo de la actividad física, la recreación, el deporte y la promoción de expresiones culturales e integración comunitaria en la zona insular de la Localidad No. 1 en Cartagena de Indas. | K46: Recuperar y mantener la infraestructura recreativa existente. | L46: Parques recreativos adecuados | N46: REALIZAR PRELIMINARES | P46: REALIZAR PRELIMINARES | Q46: 3 | U46: 45870 | V46: 45991 | W46: =30*4 -> 120 | X46: 6270 | Y46: UCG rurales (Punta Arena, Caño de Oro y Bocachica) | Z46: Frank Ricaurte Sossa | AB46: 1. Conflictos con la comunidad por inconformidad con el proyecto. 2. Falta de licencias o permisos para la ejecución de las obras. 3. Accidentes laborales. | AC46: 1. Socialización previa del proyecto y participación comunitaria. 2. Gestión anticipada con las autoridades competentes. 3. EPP obligatorio y protocolos de seguridad en obra. Vinculación de profesional de HSEQ para la gestión integral de riesgos laborales. | AD46: SI | AE46: Construcción, mantenimiento, adecuaciones y reparaciones de canchas deportivas y parques en la zona rural e insular de la Localidad Histórica y del Caribe Norte de la ciudad de Cartagena | AF46: 1400000000 | AG46: CCE-17 | AH46: Recursos propios | AI46: 45853 | AK46: 1400000000 | AL46: 1400000000 | AS46: Recursos propios | AT46: 2.3.4301.1604.202500000023208-1.2.1.0.00.001 CONSTRUCCIÓN MEJORAMIENTO Y ADECUACIÓN DE INFRAESTRUCTURA RECREATIVA Y DEPORTIVA DE LA ZONA INSULAR EN LA LOCALIDAD HISTÓRICA Y DEL CARIBE NORTE, CARTAGENA DE INDIAS
B47: Deporte y Recreación para Todos y Todas | D47: 10 escenarios deportivos, canchas y/o parques construidos, mantenidos y/o adecuados | E47: 8 escenarios deportivos, canchas y/o parques construidos, mantenidos y/o adecuados | F47: 18 escenarios deportivos, canchas y/o parques construidos, mantenidos y/o adecuados | G47: Frank Ricaurte Sossa | H47: CONSTRUCCIÓN MEJORAMIENTO Y ADECUACIÓN DE INFRAESTRUCTURA RECREATIVA Y DEPORTIVA DE LA ZONA INSULAR EN LA LOCALIDAD HISTÓRICA Y DEL CARIBE NORTE, CARTAGENA DE INDIAS | I47: 202500000023208 | J47: Mejorar las condiciones para el desarrollo de la actividad física, la recreación, el deporte y la promoción de expresiones culturales e integración comunitaria en la zona insular de la Localidad No. 1 en Cartagena de Indas. | K47: Recuperar y mantener la infraestructura recreativa existente. | L47: Parques recreativos adecuados | N47: REALIZAR CONCRETOS | P47: REALIZAR CONCRETOS | Q47: 3 | U47: 45870 | V47: 45991 | W47: =30*4 -> 120 | X47: 6270 | Y47: UCG rurales (Punta Arena, Caño de Oro y Bocachica) | Z47: Frank Ricaurte Sossa | AB47: 1. Conflictos con la comunidad por inconformidad con el proyecto. 2. Falta de licencias o permisos para la ejecución de las obras. 3. Accidentes laborales. | AC47: 1. Socialización previa del proyecto y participación comunitaria. 2. Gestión anticipada con las autoridades competentes. 3. EPP obligatorio y protocolos de seguridad en obra. Vinculación de profesional de HSEQ para la gestión integral de riesgos laborales. | AD47: SI | AE47: Construcción, mantenimiento, adecuaciones y reparaciones de canchas deportivas y parques en la zona rural e insular de la Localidad Histórica y del Caribe Norte de la ciudad de Cartagena | AF47: 1400000000 | AG47: CCE-17 | AH47: Recursos propios | AI47: 45853 | AK47: 1400000000 | AL47: 1400000000 | AS47: Recursos propios | AT47: 2.3.4301.1604.202500000023208-1.2.1.0.00.001 CONSTRUCCIÓN MEJORAMIENTO Y ADECUACIÓN DE INFRAESTRUCTURA RECREATIVA Y DEPORTIVA DE LA ZONA INSULAR EN LA LOCALIDAD HISTÓRICA Y DEL CARIBE NORTE, CARTAGENA DE INDIAS
B48: Deporte y Recreación para Todos y Todas | D48: 10 escenarios deportivos, canchas y/o parques construidos, mantenidos y/o adecuados | E48: 8 escenarios deportivos, canchas y/o parques construidos, mantenidos y/o adecuados | F48: 18 escenarios deportivos, canchas y/o parques construidos, mantenidos y/o adecuados | G48: Frank Ricaurte Sossa | H48: CONSTRUCCIÓN MEJORAMIENTO Y ADECUACIÓN DE INFRAESTRUCTURA RECREATIVA Y DEPORTIVA DE LA ZONA INSULAR EN LA LOCALIDAD HISTÓRICA Y DEL CARIBE NORTE, CARTAGENA DE INDIAS | I48: 202500000023208 | J48: Mejorar las condiciones para el desarrollo de la actividad física, la recreación, el deporte y la promoción de expresiones culturales e integración comunitaria en la zona insular de la Localidad No. 1 en Cartagena de Indas. | K48: Recuperar y mantener la infraestructura recreativa existente. | L48: Parques recreativos adecuados | N48: REALIZAR MAMPOSTERÍA | P48: REALIZAR MAMPOSTERÍA | Q48: 3 | U48: 45870 | V48: 45991 | W48: =30*4 -> 120 | X48: 6270 | Y48: UCG rurales (Punta Arena, Caño de Oro y Bocachica) | Z48: Frank Ricaurte Sossa | AB48: 1. Conflictos con la comunidad por inconformidad con el proyecto. 2. Falta de licencias o permisos para la ejecución de las obras. 3. Accidentes laborales. | AC48: 1. Socialización previa del proyecto y participación comunitaria. 2. Gestión anticipada con las autoridades competentes. 3. EPP obligatorio y protocolos de seguridad en obra. Vinculación de profesional de HSEQ para la gestión integral de riesgos laborales. | AD48: SI | AE48: Construcción, mantenimiento, adecuaciones y reparaciones de canchas deportivas y parques en la zona rural e insular de la Localidad Histórica y del Caribe Norte de la ciudad de Cartagena | AF48: 1400000000 | AG48: CCE-17 | AH48: Recursos propios | AI48: 45853 | AK48: 1400000000 | AL48: 1400000000 | AS48: Recursos propios | AT48: 2.3.4301.1604.202500000023208-1.2.1.0.00.001 CONSTRUCCIÓN MEJORAMIENTO Y ADECUACIÓN DE INFRAESTRUCTURA RECREATIVA Y DEPORTIVA DE LA ZONA INSULAR EN LA LOCALIDAD HISTÓRICA Y DEL CARIBE NORTE, CARTAGENA DE INDIAS
